Workbook
Name _ftn1: 'App.2-B_Acctg Instructions'!#REF!
Name _ftnref1: 'App.2-B_Acctg Instructions'!#REF!
Name BI_LDCLIST: '[1]3. Rate Class Selection'!$B$19:$B$21
Name BridgeYear: 'LDC Info'!$E$26
Name BridgeYear: '[2]LDC Info'!$E$26
Name BridgeYear: 'LDC Info'!$E$26
Name contactf: #REF!
Name contactf: #REF!
Name contactf: #REF!
Name contactf: #REF!
Name contactf: #REF!
Name contactf: #REF!
Name contactf: #REF!
Name contactf: #REF!
Name contactf: #REF!
Name CustomerAdministration: [3]lists!$Z$1:$Z$36
Name CustomerAdministration: [2]lists!$Z$1:$Z$36
Name CustomerAdministration: [3]lists!$Z$1:$Z$36
Name EBNUMBER: 'LDC Info'!$E$16
Name EBNUMBER: '[2]LDC Info'!$E$16
Name EBNUMBER: 'LDC Info'!$E$16
Name Fixed_Charges: [3]lists!$I$1:$I$212
Name Fixed_Charges: [2]lists!$I$1:$I$185
Name Fixed_Charges: [3]lists!$I$1:$I$212
Name histdate: [4]Financials!$E$76
Name Incr2000: #REF!
Name Incr2000: #REF!
Name Incr2000: #REF!
Name Incr2000: #REF!
Name Incr2000: #REF!
Name Incr2000: #REF!
Name Incr2000: #REF!
Name Incr2000: #REF!
Name Incr2000: #REF!
Name infra: 'List of Key References'!$B$41
Name IRMWG: 'App.2-B_Acctg Instructions'!#REF!
Name LDC_LIST: [5]lists!$AM$1:$AM$80
Name LDC_LIST: [6]lists!$AM$1:$AM$80
Name LDCLIST: #REF!
Name LDCLIST: #REF!
Name LDCLIST: #REF!
Name LDCLIST: '[7]LDC Info'!$AA$3:$AA$79
Name LDCLIST: 'LDC Info'!$AA$3:$AA$77
Name LDCNAMES: [3]lists!$AL$1:$AL$78
Name LIMIT: #REF!
Name LIMIT: #REF!
Name LIMIT: #REF!
Name LIMIT: #REF!
Name LIMIT: #REF!
Name LIMIT: #REF!
Name LIMIT: #REF!
Name LIMIT: #REF!
Name LIMIT: #REF!
Name LossFactors: [3]lists!$L$2:$L$15
Name LossFactors: [2]lists!$L$2:$L$15
Name LossFactors: [3]lists!$L$2:$L$15
Name man_beg_bud: #REF!
Name man_beg_bud: #REF!
Name man_beg_bud: #REF!
Name man_beg_bud: #REF!

Sheet LDC Info
Z3: 1 | AA3: Algoma Power Inc.
Z4: 2 | AA4: Atikokan Hydro Inc.
Z5: 3 | AA5: Attawapiskat Power Corporation
Z6: 4 | AA6: Bluewater Power Distribution Corporation
Z7: 5 | AA7: Brantford Power Inc.
Z8: 6 | AA8: Burlington Hydro Inc.
Z9: 7 | AA9: Canadian Niagara Power Inc.
Z10: 8 | AA10: Centre Wellington Hydro Ltd.
Z11: 9 | AA11: Chapleau Public Utilities Corporation
Z12: 10 | AA12: COLLUS PowerStream Corp.
Z13: 11 | AA13: Cooperative Hydro Embrun Inc.
D14: Utility Name | E14: E.L.K. Energy Inc. | Z14: 12 | AA14: E.L.K. Energy Inc.
Z15: 13 | AA15: Energy + Inc.
D16: Assigned EB Number | E16: EB-2016-0066 | Z16: 14 | AA16: Enersource Hydro Mississauga Inc.
Z17: 15 | AA17: Entegrus Powerlines Inc.
D18: Name of Contact and Title | E18: Mark Danelon, Director, Finance & Regulatory Affairs | Z18: 16 | AA18: ENWIN Utilities Ltd.
Z19: 17 | AA19: Erie Thames Powerlines Corporation
D20: Phone Number | E20: 519-776-5291 ext 204 | Z20: 18 | AA20: Espanola Regional Hydro Distribution Corporation
Z21: 19 | AA21: Essex Powerlines Corporation
D22: Email Address | E22: mdanelon@elkenergy.com | Z22: 20 | AA22: Festival Hydro Inc.
Z23: 21 | AA23: Fort Albany Power Corporation
D24: Test Year | E24: 2017 | Z24: 22 | AA24: Fort Frances Power Corporation
Z25: 23 | AA25: Greater Sudbury Hydro Inc.
D26: Bridge Year | E26: =IF(ISBLANK(E24), "", E24-1) -> 2016 | Z26: 24 | AA26: Grimsby Power Inc.
Z27: 25 | AA27: Guelph Hydro Electric Systems Inc.
D28: Last Rebasing Year | E28: 2012 | Z28: 26 | AA28: Haldimand County Hydro Inc.
Z29: 27 | AA29: Halton Hills Hydro Inc.
A30: Identify the accounting standard used for the test year | Z30: 28 | AA30: Hearst Power Distribution Company Limited
E31: MIFRS | Z31: 29 | AA31: Horizon Utilities Corporation
Z32: 30 | AA32: Hydro 2000 Inc.
A33: Did you update your depreciation and capitalization policies and reflect the changes in policies in a prior rebasing application? | Z33: 31 | AA33: Hydro Hawkesbury Inc.
E34: Yes | Z34: 32 | AA34: Hydro One Brampton Networks Inc.
Z35: 33 | AA35: Hydro One Networks Inc.
A36: When did you update your actual depreciation and capitalization policies? | Z36: 34 | AA36: Hydro One Networks Inc. - Norfolk
E37: 36892 | F37: 2013 | Z37: 35 | AA37: Hydro One Remote Communities Inc.
Z38: 36 | AA38: Hydro Ottawa Limited
A39: Identify the year the applicant adopted IFRS for financial reporting purposes | Z39: 37 | AA39: Innpower Corporation
E40: 2015 | Z40: 38 | AA40: Kashechewan Power Corporation
Z41: 39 | AA41: Kenora Hydro Electric Corporation Ltd.
Z42: 40 | AA42: Kingston Hydro Corporation
A43: Are you applying for cost recovery for the test and/or future year(s) for Green Energy initiatives? | Z43: 41 | AA43: Kitchener-Wilmot Hydro Inc.
E44: Yes | Z44: 42 | AA44: Lakefront Utilities Inc.
Z45: 43 | AA45: Lakeland Power Distribution Ltd.
A46: ="Is " & E14 & " an embedded distributor?" -> Is E.L.K. Energy Inc. an embedded distributor? | E46: Yes | Z46: 44 | AA46: London Hydro Inc.
Z47: 45 | AA47: Midland Power Utility Corporation
Z48: 46 | AA48: Milton Hydro Distribution Inc.
B49: Notes | Z49: 47 | AA49: Newmarket-Tay Power Distribution Ltd.
Z50: 48 | AA50: Niagara Peninsula Energy Inc.
C51: Pale green cells represent input cells. | Z51: 49 | AA51: Niagara-on-the-Lake Hydro Inc.
Z52: 50 | AA52: North Bay Hydro Distribution Limited
C53: Pale blue cells represent drop-down lists. The applicant should select the appropriate item from the drop-down list. | Z53: 51 | AA53: Northern Ontario Wires Inc.
Z54: 52 | AA54: Oakville Hydro Electricity Distribution Inc.
C55: White cells contain fixed values, automatically generated values or formulae. | N55: =IF(LEN($G55)>1, (SUMPRODUCT(--($C$78:$C$1000=$C55),--($A$78:$A$1000=$D55), --($B$78:$B$1000=$B55&"_TOTAL"), $L$78:$L$1000)), "") | O55: =IF(LEN($G55)>1, (SUMPRODUCT(--($C$78:$C$1000=$C55),--($A$78:$A$1000=$D55), --($B$78:$B$1000=$B55&"_TOTAL"), $M$78:$M$1000)), "") | Z55: 53 | AA55: Orangeville Hydro Limited
N56: =IF(LEN($G56)>1, (SUMPRODUCT(--($C$78:$C$1000=$C56),--($A$78:$A$1000=$D56), --($B$78:$B$1000=$B56&"_TOTAL"), $L$78:$L$1000)), "") | O56: =IF(LEN($G56)>1, (SUMPRODUCT(--($C$78:$C$1000=$C56),--($A$78:$A$1000=$D56), --($B$78:$B$1000=$B56&"_TOTAL"), $M$78:$M$1000)), "") | Z56: 54 | AA56: Orillia Power Distribution Corporation
N57: =IF(LEN($G57)>1, (SUMPRODUCT(--($C$78:$C$1000=$C57),--($A$78:$A$1000=$D57), --($B$78:$B$1000=$B57&"_TOTAL"), $L$78:$L$1000)), "") | O57: =IF(LEN($G57)>1, (SUMPRODUCT(--($C$78:$C$1000=$C57),--($A$78:$A$1000=$D57), --($B$78:$B$1000=$B57&"_TOTAL"), $M$78:$M$1000)), "") | Z57: 55 | AA57: Oshawa PUC Networks Inc.
N58: =IF(LEN($G58)>1, (SUMPRODUCT(--($C$78:$C$1000=$C58),--($A$78:$A$1000=$D58), --($B$78:$B$1000=$B58&"_TOTAL"), $L$78:$L$1000)), "") | O58: =IF(LEN($G58)>1, (SUMPRODUCT(--($C$78:$C$1000=$C58),--($A$78:$A$1000=$D58), --($B$78:$B$1000=$B58&"_TOTAL"), $M$78:$M$1000)), "") | Z58: 56 | AA58: Ottawa River Power Corporation
N59: =IF(LEN($G59)>1, (SUMPRODUCT(--($C$78:$C$1000=$C59),--($A$78:$A$1000=$D59), --($B$78:$B$1000=$B59&"_TOTAL"), $L$78:$L$1000)), "") | O59: =IF(LEN($G59)>1, (SUMPRODUCT(--($C$78:$C$1000=$C59),--($A$78:$A$1000=$D59), --($B$78:$B$1000=$B59&"_TOTAL"), $M$78:$M$1000)), "") | Z59: 57 | AA59: Peterborough Distribution Inc.
N60: =IF(LEN($G60)>1, (SUMPRODUCT(--($C$78:$C$1000=$C60),--($A$78:$A$1000=$D60), --($B$78:$B$1000=$B60&"_TOTAL"), $L$78:$L$1000)), "") | O60: =IF(LEN($G60)>1, (SUMPRODUCT(--($C$78:$C$1000=$C60),--($A$78:$A$1000=$D60), --($B$78:$B$1000=$B60&"_TOTAL"), $M$78:$M$1000)), "") | Z60: 58 | AA60: PowerStream Inc.
N61: =IF(LEN($G61)>1, (SUMPRODUCT(--($C$78:$C$1000=$C61),--($A$78:$A$1000=$D61), --($B$78:$B$1000=$B61&"_TOTAL"), $L$78:$L$1000)), "") | O61: =IF(LEN($G61)>1, (SUMPRODUCT(--($C$78:$C$1000=$C61),--($A$78:$A$1000=$D61), --($B$78:$B$1000=$B61&"_TOTAL"), $M$78:$M$1000)), "") | Z61: 59 | AA61: PUC Distribution Inc.
N62: =IF(LEN($G62)>1, (SUMPRODUCT(--($C$78:$C$1000=$C62),--($A$78:$A$1000=$D62), --($B$78:$B$1000=$B62&"_TOTAL"), $L$78:$L$1000)), "") | O62: =IF(LEN($G62)>1, (SUMPRODUCT(--($C$78:$C$1000=$C62),--($A$78:$A$1000=$D62), --($B$78:$B$1000=$B62&"_TOTAL"), $M$78:$M$1000)), "") | Z62: 60 | AA62: Renfrew Hydro Inc.
N63: =IF(LEN($G63)>1, (SUMPRODUCT(--($C$78:$C$1000=$C63),--($A$78:$A$1000=$D63), --($B$78:$B$1000=$B63&"_TOTAL"), $L$78:$L$1000)), "") | O63: =IF(LEN($G63)>1, (SUMPRODUCT(--($C$78:$C$1000=$C63),--($A$78:$A$1000=$D63), --($B$78:$B$1000=$B63&"_TOTAL"), $M$78:$M$1000)), "") | Z63: 61 | AA63: Rideau St. Lawrence Distribution Inc.
N64: =IF(LEN($G64)>1, (SUMPRODUCT(--($C$78:$C$1000=$C64),--($A$78:$A$1000=$D64), --($B$78:$B$1000=$B64&"_TOTAL"), $L$78:$L$1000)), "") | O64: =IF(LEN($G64)>1, (SUMPRODUCT(--($C$78:$C$1000=$C64),--($A$78:$A$1000=$D64), --($B$78:$B$1000=$B64&"_TOTAL"), $M$78:$M$1000)), "") | Z64: 62 | AA64: Sioux Lookout Hydro Inc.
N65: =IF(LEN($G65)>1, (SUMPRODUCT(--($C$78:$C$1000=$C65),--($A$78:$A$1000=$D65), --($B$78:$B$1000=$B65&"_TOTAL"), $L$78:$L$1000)), "") | O65: =IF(LEN($G65)>1, (SUMPRODUCT(--($C$78:$C$1000=$C65),--($A$78:$A$1000=$D65), --($B$78:$B$1000=$B65&"_TOTAL"), $M$78:$M$1000)), "") | Z65: 63 | AA65: St. Thomas Energy Inc.
N66: =IF(LEN($G66)>1, (SUMPRODUCT(--($C$78:$C$1000=$C66),--($A$78:$A$1000=$D66), --($B$78:$B$1000=$B66&"_TOTAL"), $L$78:$L$1000)), "") | O66: =IF(LEN($G66)>1, (SUMPRODUCT(--($C$78:$C$1000=$C66),--($A$78:$A$1000=$D66), --($B$78:$B$1000=$B66&"_TOTAL"), $M$78:$M$1000)), "") | Z66: 64 | AA66: Thunder Bay Hydro Electricity Distribution Inc.
N67: =IF(LEN($G67)>1, (SUMPRODUCT(--($C$78:$C$1000=$C67),--($A$78:$A$1000=$D67), --($B$78:$B$1000=$B67&"_TOTAL"), $L$78:$L$1000)), "") | O67: =IF(LEN($G67)>1, (SUMPRODUCT(--($C$78:$C$1000=$C67),--($A$78:$A$1000=$D67), --($B$78:$B$1000=$B67&"_TOTAL"), $M$78:$M$1000)), "") | Z67: 65 | AA67: Tillsonburg Hydro Inc.
... N74: =IF(LEN($G74)>1, (SUMPRODUCT(--($C$78:$C$1000=$C74),--($A$78:$A$1000=$D74), --($B$78:$B$1000=$B74&"_TOTAL"), $L$78:$L$1000)), "") | O74: =IF(LEN($G74)>1, (SUMPRODUCT(--($C$78:$C$1000=$C74),--($A$78:$A$1000=$D74), --($B$78:$B$1000=$B74&"_TOTAL"), $M$78:$M$1000)), "") | Z74: 72 | AA74: West Coast Huron Energy Inc.
Z75: 73 | AA75: Westario Power Inc.
Z76: 74 | AA76: Whitby Hydro Electric Corporation
Z77: 75 | AA77: Woodstock Hydro Services Inc.

Sheet Index
A15: 1 | B15: LDC Information Sheet | E15: 27 | F15: App.2-G: Service Reliability Indicators
A16: 2 | B16: Index | E16: 28 | F16: App.2-H: Other Operating Revenue
A17: 3 | B17: Cost of Service Application Flowchart | E17: 29 | F17: App.2-I: Load Forecast CDM Adjustment Workform
A18: 4 | B18: List of Key References | E18: 30 | F18: App.2-IA: Load Forecast Data Instructions
A19: 5 | B19: App.2-A: List of Requested Approvals | E19: 31 | F19: App.2-IB: Actual and Forecast Load and Customer Data
A20: 6 | B20: App.2-AA: Capital Projects Table | E20: 32 | F20: App.2-JA: OM&A Summary Analysis
A21: 7 | B21: App.2-AB: Capital Expenditures | E21: 33 | F21: App.2-JB: Recoverable OM&A Cost Driver Table
A22: 8 | B22: App. 2-AC: Customer Engagement Worksheet | E22: 34 | F22: App.2-JC: OM&A Programs Table
A23: 9 | B23: App.2-B: General Accounting Instructions | E23: 35 | F23: App.2-K: Employee Costs
A24: 10 | B24: App.2-BA: Fixed Asset Continuity Schedule | E24: 36 | F24: App.2-KA: OPEBs (Other Post-Employment Benefits) Costs
A25: 11 | B25: Appendix 2-BB: Service Life Comparison | E25: 37 | F25: App.2-L: Recoverable OM&A Cost per Customer and per FTE
A26: 12 | B26: App.2-CA: Year 1 Depreciation and Amortization Expense (Old CGAAP) | E26: 38 | F26: App.2-M: Regulatory Costs Schedule
... A34: 20 | B34: App.2-D: Overhead Expenses | E34: 46 | F34: App.2-YA: One-Time Incremental IFRS Transition Costs
A35: 21 | B35: App.2-EA: Account 1575 PP&E Deferral Account (2015 IFRS Adopters)
A36: 22 | B36: App.2-EB: Account 1576 - Accounting Changes Under CGAAP (2012 Changes)
A37: 23 | B37: App.2-EC: Account 1576 - Accounting Changes Under CGAAP (2013 Changes)
A38: 24 | B38: App.2-FA: Renewable Generation Connection Investment Summary
A39: 25 | B39: App.2-FB: Calculation of Renewable Generation Connection Direct Benefits/Provincial Amount: Renewable Enabling Improvement Investments
A40: 26 | B40: App.2-FC: Calculation of Renewable Generation Connection Direct Benefits/Provincial Amount: Renewable Expansion Investments
A42: Note: | B42: Appendices for the Tariff of Rates and Charges at Current and Proposed Rates, and for the Bill Impacts are now in a separate spreadsheet model. These appendices were formerly 2-Z and 2-W.

Sheet COS Flowchart
B4: Cost of Service Rate Application Schematic
B6: The Cost of Service Rate Application Schematic is a flowchart that is included as a guide for the components of an application. The schematic demonstrates how demand and costs interrelate to derive the revenue requirement and how the revenue requirement is allocated between classes and through fixed/variable splits to derive rates that will be compensatory for the annual revenue requirement, based on the the forecasted demand. There is no form to be filled out; therefore, this Schedule is not required to be filed.

Sheet List of Key References
B3: List of Key References
A5: A list of key references for understanding the Filing Requirements has been embedded in the document below. To access the list of references and associated hyperlinks double-click the icon below.

Sheet App.2-A_Requested_Approvals
G1: File Number: | H1: =EBNUMBER -> EB-2016-0066
G2: Exhibit:
G3: Tab:
G4: Schedule:
G5: Page:
G7: Date:
B9: Appendix 2-A
B10: List of Requested Approvals
B12: The distributor must fill out the following sheet with the complete list of specific approvals requested and relevant section(s) of the legislation must be provided. All approvals, including accounting orders (deferral and variance accounts) new rate classes, revised specific service charges or retail service charges which the applicant is seeking, must be separately identified, as well being clearly documented in the appropriate sections of the application.
B14: Additional requests may be added by copying and pasting blank input rows, as needed.
B16: If additional requests arise, or requested approvals are removed, during the processing of the application, the distributor should update this list.
B18: =CONCATENATE('LDC Info'!E14," is seeking the following approvals in this application:") -> E.L.K. Energy Inc. is seeking the following approvals in this application:
B20: 1 | F20: Approval under Section 78 of the Ontario Energy Board Act, 1998 to charge distribution rates effective May 1, 2017 to recover a service revenue requirement of $4,513,093 which includes a revenue deficiency of $627,952 as detailed in Exhibit 6. The schedule of proposed rates is set out in Exhibit 8.
B22: 2 | F22: Approval of the Distribution System Plan as outlined in Exhibit 2.
B24: 3 | F24: Approval of revised low voltage rates as proposed and described in Exhibit 8.
B26: 4 | F26: Approval to adjust the Retail Transmission Rates - Network and Connection as detailed in Exhibit 8.
B28: 5 | F28: Approval to continue to charge Wholesale Market and Rural Rate Protection Charges approved in the Board Decision and Order in the matter of E.L.K.`s 2016 Distribution Rates (EB-2015-0064).
B30: 6 | F30: Approval to continue the Specific Service Charges and Transformer Allowance approved in the Board Decision and Order in the matter of E.L.K.`s 2016 Distribution Rates (EB-2015-0064).
B32: 7 | F32: Approval of the proposed loss factors as detailed in Exhibit 8.
B34: 8 | F34: Approval of the rate riders for a one year disposition of the Group 1 and Other Deferral and Variance Accounts as detailed in Exhibit 9.
B36: 9 | F36: Approval of the rate riders for a one year disposition of the Lost Revenue Adjustment Mechanism Variance Account (`LRAMVA``) for lost revenue from 2011 to 2015 resulting from 2011 to 2015 IESO (formally OPA) programs as detailed in Exhibit 4.
B38: 10 | F38: Approval to continue to charge Hydro One Networks Inc. (‘HONI’), the Embedded Distributor Rate class. HONI has been consulted. And Hydro One has stated that “it has reviewed the 2017 cost allocation model with respect to ELK’s proposed Embedded Distributor rate class and has no concerns with the determination of costs allocated to the embedded distributor class.”
B40: 11 | F40: To change the wording under specific service charges from Returned Cheque (plus bank charges) to Returned Item (plus bank charges).
B42: 12 | F42: To change the wording under Specific charge for access to the power poles - $/pole/year (with the exception of wireless attachments). E.L.K. is not proposing a change to the dollar value, simply the wording as a general housekeeping item to make it more specific, and all inclusive. E.L.K.’s proposal is to rename this specific charge to Specific charge for all attachments to the power poles (including streetlighting attachments) $/pole/year (with the exception of wireless attachments).
B44: 13 | F44: 13. E.L.K. is applying to increase the specific service charge for service call – customer owned equipment and service call – after regular hours to a more reasonable and actual cost amount for the work performed

Sheet App.2-AA_Capital Projects
H1: File Number: | I1: =EBNUMBER -> EB-2016-0066
H2: Exhibit:
H3: Tab:
H4: Schedule:
H5: Page:
H7: Date:
A9: Appendix 2-AA
A10: Capital Projects Table
A13: Projects | B13: 2012 OEB Approved | C13: =D13-1 -> 2012 | D13: =E13-1 -> 2013 | E13: =F13-1 -> 2014 | F13: =BridgeYear - 1 -> 2015 | G13: =BridgeYear & " Bridge Year" -> 2016 Bridge Year | H13: =TestYear & " Test Year" -> 2017 Test Year
A14: Reporting Basis
A15: Project Name #1
A16: Underground Asset Renewal | B16: 165527 | C16: 206859 | D16: 109702 | E16: 133322 | F16: 494469 | G16: 261632 | H16: 261793
A19: Sub-Total | B19: =SUM(B16:B18) -> 165527 | C19: =SUM(C16:C18) -> 206859 | D19: =SUM(D16:D18) -> 109702 | E19: =SUM(E16:E18) -> 133322 | F19: =SUM(F16:F18) -> 494469 | G19: =SUM(G16:G18) -> 261632 | H19: =SUM(H16:H18) -> 261793
A20: Project Name #2
A21: FIT Contributions | B21: 0 | C21: 60300 | D21: 45000 | E21: 28893 | F21: 42300 | G21: 63900
A23: Sub-Total | B23: =SUM(B21:B22) -> 0 | C23: =SUM(C21:C22) -> 60300 | D23: =SUM(D21:D22) -> 45000 | E23: =SUM(E21:E22) -> 28893 | F23: =SUM(F21:F22) -> 42300 | G23: =SUM(G21:G22) -> 63900 | H23: =SUM(H21:H22) -> 0
A24: Project Name #3
A25: Fleet - UG Truck Replacement | E25: 70712
A27: Sub-Total | B27: =SUM(B25:B26) -> 0 | C27: =SUM(C25:C26) -> 0 | D27: =SUM(D25:D26) -> 0 | E27: =SUM(E25:E26) -> 70712 | F27: =SUM(F25:F26) -> 0 | G27: =SUM(G25:G26) -> 0 | H27: =SUM(H25:H26) -> 0
A28: Project Name #4
A29: Smart Meters | B29: 0 | C29: 57319
A31: Sub-Total | B31: =SUM(B29:B30) -> 0 | C31: =SUM(C29:C30) -> 57319 | D31: =SUM(D29:D30) -> 0 | E31: =SUM(E29:E30) -> 0 | F31: =SUM(F29:F30) -> 0 | G31: =SUM(G29:G30) -> 0 | H31: =SUM(H29:H30) -> 0
A32: Project Name #5
A33: Comber Solar | B33: 36800 | C33: 67810
A35: Sub-Total | B35: =SUM(B33:B34) -> 36800 | C35: =SUM(C33:C34) -> 67810 | D35: =SUM(D33:D34) -> 0 | E35: =SUM(E33:E34) -> 0 | F35: =SUM(F33:F34) -> 0 | G35: =SUM(G33:G34) -> 0 | H35: =SUM(H33:H34) -> 0
A36: Project Name #6
A37: Cooper Estates Ph 4B | B37: 77500 | C37: 66701
A39: Sub-Total | B39: =SUM(B37:B38) -> 77500 | C39: =SUM(C37:C38) -> 66701 | D39: =SUM(D37:D38) -> 0 | E39: =SUM(E37:E38) -> 0 | F39: =SUM(F37:F38) -> 0 | G39: =SUM(G37:G38) -> 0 | H39: =SUM(H37:H38) -> 0
A40: Project Name #7
A41: Cottam Woods Solar | C41: 125965
A43: Sub-Total | B43: =SUM(B41:B42) -> 0 | C43: =SUM(C41:C42) -> 125965 | D43: =SUM(D41:D42) -> 0 | E43: =SUM(E41:E42) -> 0 | F43: =SUM(F41:F42) -> 0 | G43: =SUM(G41:G42) -> 0 | H43: =SUM(H41:H42) -> 0
A44: Project Name #8
A45: Townsview Ph 3 | B45: 67701 | C45: 52865
A47: Sub-Total | B47: =SUM(B45:B46) -> 67701 | C47: =SUM(C45:C46) -> 52865 | D47: =SUM(D45:D46) -> 0 | E47: =SUM(E45:E46) -> 0 | F47: =SUM(F45:F46) -> 0 | G47: =SUM(G45:G46) -> 0 | H47: =SUM(H45:H46) -> 0
A48: Project Name #9
A49: Timbercreek Estates Ph 1 | D49: 122068 | E49: 37754
A50: 3 Phase Pump Feed | D50: 25252
A51: Sub-Total | B51: =SUM(B49:B50) -> 0 | C51: =SUM(C49:C50) -> 0 | D51: =SUM(D49:D50) -> 147320 | E51: =SUM(E49:E50) -> 37754 | F51: =SUM(F49:F50) -> 0 | G51: =SUM(G49:G50) -> 0 | H51: =SUM(H49:H50) -> 0
A52: Project Name #10
A53: Jakana Phase 4 | D53: 161193
A55: Sub-Total | B55: =SUM(B53:B54) -> 0 | C55: =SUM(C53:C54) -> 0 | D55: =SUM(D53:D54) -> 161193 | E55: =SUM(E53:E54) -> 0 | F55: =SUM(F53:F54) -> 0 | G55: =SUM(G53:G54) -> 0 | H55: =SUM(H53:H54) -> 0
A56: Project Name #11
A57: ROATC Phase 7 | D57: 80885
A59: Sub-Total | B59: =SUM(B57:B58) -> 0 | C59: =SUM(C57:C58) -> 0 | D59: =SUM(D57:D58) -> 80885 | E59: =SUM(E57:E58) -> 0 | F59: =SUM(F57:F58) -> 0 | G59: =SUM(G57:G58) -> 0 | H59: =SUM(H57:H58) -> 0
A60: Project Name #12
A61: Tim Horton's Harrow | D61: 51328
A63: Sub-Total | B63: =SUM(B61:B62) -> 0 | C63: =SUM(C61:C62) -> 0 | D63: =SUM(D61:D62) -> 51328 | E63: =SUM(E61:E62) -> 0 | F63: =SUM(F61:F62) -> 0 | G63: =SUM(G61:G62) -> 0 | H63: =SUM(H61:H62) -> 0
A64: Project Name #13
A65: FIT 200 Clark Street | D65: 65634
A67: Sub-Total | B67: =SUM(B65:B66) -> 0 | C67: =SUM(C65:C66) -> 0 | D67: =SUM(D65:D66) -> 65634 | E67: =SUM(E65:E66) -> 0 | F67: =SUM(F65:F66) -> 0 | G67: =SUM(G65:G66) -> 0 | H67: =SUM(H65:H66) -> 0
A68: Project Name #14
A69: Kingsville Commercial Development | B69: 102000 | C69: 62729
A71: Sub-Total | B71: =SUM(B69:B70) -> 102000 | C71: =SUM(C69:C70) -> 62729 | D71: =SUM(D69:D70) -> 0 | E71: =SUM(E69:E70) -> 0 | F71: =SUM(F69:F70) -> 0 | G71: =SUM(G69:G70) -> 0 | H71: =SUM(H69:H70) -> 0
A72: Project Name #15
A73: Notre Dame Street Project Phase 2 | B73: 400000 | D73: 620528
A75: Sub-Total | B75: =SUM(B73:B74) -> 400000 | C75: =SUM(C73:C74) -> 0 | D75: =SUM(D73:D74) -> 620528 | E75: =SUM(E73:E74) -> 0 | F75: =SUM(F73:F74) -> 0 | G75: =SUM(G73:G74) -> 0 | H75: =SUM(H73:H74) -> 0
A76: Project Name #16
A77: Kimball Estates Phase 4 | E77: 39500 | G77: 67015
A79: Sub-Total | B79: =SUM(B77:B78) -> 0 | C79: =SUM(C77:C78) -> 0 | D79: =SUM(D77:D78) -> 0 | E79: =SUM(E77:E78) -> 39500 | F79: =SUM(F77:F78) -> 0 | G79: =SUM(G77:G78) -> 67015 | H79: =SUM(H77:H78) -> 0
A80: Project Name #17
A81: Woodview Phase 2 | E81: 103369
A83: Sub-Total | B83: =SUM(B81:B82) -> 0 | C83: =SUM(C81:C82) -> 0 | D83: =SUM(D81:D82) -> 0 | E83: =SUM(E81:E82) -> 103369 | F83: =SUM(F81:F82) -> 0 | G83: =SUM(G81:G82) -> 0 | H83: =SUM(H81:H82) -> 0
A84: Project Name #18
A85: Bacon Development Phase 4E | E85: 92733
A87: Sub-Total | B87: =SUM(B85:B86) -> 0 | C87: =SUM(C85:C86) -> 0 | D87: =SUM(D85:D86) -> 0 | E87: =SUM(E85:E86) -> 92733 | F87: =SUM(F85:F86) -> 0 | G87: =SUM(G85:G86) -> 0 | H87: =SUM(H85:H86) -> 0
A88: Project Name #19
A89: Woodslee Solar Garden | E89: 69148 | F89: 56870
A91: Sub-Total | B91: =SUM(B89:B90) -> 0 | C91: =SUM(C89:C90) -> 0 | D91: =SUM(D89:D90) -> 0 | E91: =SUM(E89:E90) -> 69148 | F91: =SUM(F89:F90) -> 56870 | G91: =SUM(G89:G90) -> 0 | H91: =SUM(H89:H90) -> 0
A92: Project Name #20
A93: JV Energy | E93: 57145
A95: Sub-Total | B95: =SUM(B93:B94) -> 0 | C95: =SUM(C93:C94) -> 0 | D95: =SUM(D93:D94) -> 0 | E95: =SUM(E93:E94) -> 57145 | F95: =SUM(F93:F94) -> 0 | G95: =SUM(G93:G94) -> 0 | H95: =SUM(H93:H94) -> 0
A96: Project Name #21
A97: Notre Dame Street Phase 3 | E97: 89944
A99: Sub-Total | B99: =SUM(B97:B98) -> 0 | C99: =SUM(C97:C98) -> 0 | D99: =SUM(D97:D98) -> 0 | E99: =SUM(E97:E98) -> 89944 | F99: =SUM(F97:F98) -> 0 | G99: =SUM(G97:G98) -> 0 | H99: =SUM(H97:H98) -> 0
A100: Project Name #22
A101: ROATC Phase 8A | E101: 102047
A103: Sub-Total | B103: =SUM(B101:B102) -> 0 | C103: =SUM(C101:C102) -> 0 | D103: =SUM(D101:D102) -> 0 | E103: =SUM(E101:E102) -> 102047 | F103: =SUM(F101:F102) -> 0 | G103: =SUM(G101:G102) -> 0 | H103: =SUM(H101:H102) -> 0
A104: Project Name #23
A105: Truax FIT | D105: 53027
A107: Sub-Total | B107: =SUM(B105:B106) -> 0 | C107: =SUM(C105:C106) -> 0 | D107: =SUM(D105:D106) -> 53027 | E107: =SUM(E105:E106) -> 0 | F107: =SUM(F105:F106) -> 0 | G107: =SUM(G105:G106) -> 0 | H107: =SUM(H105:H106) -> 0
A108: Project Name #24
A109: Shoppers Harrow | F109: 72206
A111: Sub-Total | B111: =SUM(B109:B110) -> 0 | C111: =SUM(C109:C110) -> 0 | D111: =SUM(D109:D110) -> 0 | E111: =SUM(E109:E110) -> 0 | F111: =SUM(F109:F110) -> 72206 | G111: =SUM(G109:G110) -> 0 | H111: =SUM(H109:H110) -> 0
A112: Project Name #25
A113: Agris | F113: 84647
A115: Sub-Total | B115: =SUM(B113:B114) -> 0 | C115: =SUM(C113:C114) -> 0 | D115: =SUM(D113:D114) -> 0 | E115: =SUM(E113:E114) -> 0 | F115: =SUM(F113:F114) -> 84647 | G115: =SUM(G113:G114) -> 0 | H115: =SUM(H113:H114) -> 0
A116: Project Name #26
A117: Tesla | F117: 72916
A119: Sub-Total | B119: =SUM(B117:B118) -> 0 | C119: =SUM(C117:C118) -> 0 | D119: =SUM(D117:D118) -> 0 | E119: =SUM(E117:E118) -> 0 | F119: =SUM(F117:F118) -> 72916 | G119: =SUM(G117:G118) -> 0 | H119: =SUM(H117:H118) -> 0
A120: Project Name #27
A121: 225 Prince Albert | G121: 50972
A123: Sub-Total | B123: =SUM(B121:B122) -> 0 | C123: =SUM(C121:C122) -> 0 | D123: =SUM(D121:D122) -> 0 | E123: =SUM(E121:E122) -> 0 | F123: =SUM(F121:F122) -> 0 | G123: =SUM(G121:G122) -> 50972 | H123: =SUM(H121:H122) -> 0
A124: Project Name #28
A125: 319 Talbot | G125: 51816
A127: Sub-Total | B127: =SUM(B125:B126) -> 0 | C127: =SUM(C125:C126) -> 0 | D127: =SUM(D125:D126) -> 0 | E127: =SUM(E125:E126) -> 0 | F127: =SUM(F125:F126) -> 0 | G127: =SUM(G125:G126) -> 51816 | H127: =SUM(H125:H126) -> 0
A128: Project Name #29
A129: Bernath | G129: 169043
A131: Sub-Total | B131: =SUM(B129:B130) -> 0 | C131: =SUM(C129:C130) -> 0 | D131: =SUM(D129:D130) -> 0 | E131: =SUM(E129:E130) -> 0 | F131: =SUM(F129:F130) -> 0 | G131: =SUM(G129:G130) -> 169043 | H131: =SUM(H129:H130) -> 0
A132: Project Name #30
A133: Cottam Woods Phase 3A | G133: 84853
...

Sheet App.2-AB_Capital Expenditures
S1: File Number: | U1: =EBNUMBER -> EB-2016-0066
S2: Exhibit:
S3: Tab:
S4: Schedule:
S5: Page:
S7: Date:
A9: Appendix 2-AB
A10: Table 2 - Capital Expenditure Summary from Chapter 5 Consolidated Distribution System Plan Filing Requirements
A12: First year of Forecast Period: | B12: =TestYear -> 2017
A13: CATEGORY | B13: Historical Period (previous plan1 & actual) | Q13: Forecast Period (planned)
B14: =E14-1 -> 2012 | E14: =H14-1 -> 2013 | H14: =K14-1 -> 2014 | K14: =N14-1 -> 2015 | N14: =Q14-1 -> 2016 | Q14: =B12 -> 2017 | R14: =Q14+1 -> 2018 | S14: =R14+1 -> 2019 | T14: =S14+1 -> 2020 | U14: =T14+1 -> 2021
B15: Plan | C15: Actual | D15: Var | E15: Plan | F15: Actual | G15: Var | H15: Plan | I15: Actual | J15: Var | K15: Plan | L15: Actual | M15: Var | N15: Plan | O15: Actual2 | P15: Var
B16: $ '000 | D16: % | E16: $ '000 | G16: % | H16: $ '000 | J16: % | K16: $ '000 | M16: % | N16: $ '000 | P16: % | Q16: $ '000
A17: System Access | C17: 566654 | D17: =IF(ISERROR((C17-B17)/B17),"--",(C17-B17)/B17) -> -- | F17: 1316405 | G17: =IF(ISERROR((F17-E17)/E17),"--",(F17-E17)/E17) -> -- | I17: 734364 | J17: =IF(ISERROR((I17-H17)/H17),"--",(I17-H17)/H17) -> -- | L17: 793896 | M17: =IF(ISERROR((L17-K17)/K17),"--",(L17-K17)/K17) -> -- | O17: 1068807 | P17: =IF(ISERROR((O17-N17)/N17),"--",(O17-N17)/N17) -> -- | Q17: 560210 | R17: 677053 | S17: 693979 | T17: 711329 | U17: 729112
A18: System Renewal | C18: 206859 | D18: =IF(ISERROR((C18-B18)/B18),"--",(C18-B18)/B18) -> -- | F18: 109702 | G18: =IF(ISERROR((F18-E18)/E18),"--",(F18-E18)/E18) -> -- | I18: 133322 | J18: =IF(ISERROR((I18-H18)/H18),"--",(I18-H18)/H18) -> -- | L18: 494469 | M18: =IF(ISERROR((L18-K18)/K18),"--",(L18-K18)/K18) -> -- | O18: 262193 | P18: =IF(ISERROR((O18-N18)/N18),"--",(O18-N18)/N18) -> -- | Q18: 261793 | R18: 295149 | S18: 459279 | T18: 476214 | U18: 301272
A19: System Service | D19: =IF(ISERROR((C19-B19)/B19),"--",(C19-B19)/B19) -> -- | G19: =IF(ISERROR((F19-E19)/E19),"--",(F19-E19)/E19) -> -- | J19: =IF(ISERROR((I19-H19)/H19),"--",(I19-H19)/H19) -> -- | M19: =IF(ISERROR((L19-K19)/K19),"--",(L19-K19)/K19) -> -- | P19: =IF(ISERROR((O19-N19)/N19),"--",(O19-N19)/N19) -> --
A20: General Plant | C20: 11101 | D20: =IF(ISERROR((C20-B20)/B20),"--",(C20-B20)/B20) -> -- | F20: 52779 | G20: =IF(ISERROR((F20-E20)/E20),"--",(F20-E20)/E20) -> -- | I20: 118492 | J20: =IF(ISERROR((I20-H20)/H20),"--",(I20-H20)/H20) -> -- | L20: 39655 | M20: =IF(ISERROR((L20-K20)/K20),"--",(L20-K20)/K20) -> -- | O20: 148500 | P20: =IF(ISERROR((O20-N20)/N20),"--",(O20-N20)/N20) -> -- | Q20: 491500 | R20: 457000 | S20: 202000 | T20: 177000 | U20: 337000
A21: TOTAL EXPENDITURE | B21: 1187103 | C21: =SUM(C17:C20) -> 784614 | D21: =IF(ISERROR((C21-B21)/B21),"--",(C21-B21)/B21) -> -0.33905146 | E21: 1197250 | F21: =SUM(F17:F20) -> 1478886 | G21: =IF(ISERROR((F21-E21)/E21),"--",(F21-E21)/E21) -> 0.23523575 | H21: 1650000 | I21: =SUM(I17:I20) -> 986178 | J21: =IF(ISERROR((I21-H21)/H21),"--",(I21-H21)/H21) -> -0.40231636 | K21: 1412500 | L21: =SUM(L17:L20) -> 1328020 | M21: =IF(ISERROR((L21-K21)/K21),"--",(L21-K21)/K21) -> -0.05980885 | N21: 1479500 | O21: =SUM(O17:O20) -> 1479500 | P21: =IF(ISERROR((O21-N21)/N21),"--",(O21-N21)/N21) -> 0 | Q21: =SUM(Q17:Q20) -> 1313503 | R21: =SUM(R17:R20) -> 1429202 | S21: =SUM(S17:S20) -> 1355258 | T21: =SUM(T17:T20) -> 1364543 | U21: =SUM(U17:U20) -> 1367384
A22: System O&M | C22: =272543+604288 -> 876831 | D22: =IF(ISERROR((C22-B22)/B22),"--",(C22-B22)/B22) -> -- | F22: =233391+491922 -> 725313 | G22: =IF(ISERROR((F22-E22)/E22),"--",(F22-E22)/E22) -> -- | I22: =260055+546411 -> 806466 | J22: =IF(ISERROR((I22-H22)/H22),"--",(I22-H22)/H22) -> -- | L22: =263090+939207 -> 1202297 | M22: =IF(ISERROR((L22-K22)/K22),"--",(L22-K22)/K22) -> -- | O22: =365280+918809 -> 1284089 | P22: =IF(ISERROR((O22-N22)/N22),"--",(O22-N22)/N22) -> -- | Q22: =642274+900026 -> 1542300 | R22: 1413195 | S22: 1477747 | T22: 1445471 | U22: 1461609
A24: Notes to the Table:
A25: 1. Historical “previous plan” data is not required unless a plan has previously been filed. However, use the last Board-approved, at least on a Total (Capital) Expenditure basis for the last cost of service rebasing year, and the applicant should include their planned budget in each subsequent historical year up to and including the Bridge Year.
A26: 2. Indicate the number of months of 'actual' data included in the last year of the Historical Period (normally a 'bridge' year):
A28: Explanatory Notes on Variances (complete only if applicable)
A29: Notes on shifts in forecast vs. historical budgets by category
A32: Notes on year over year Plan vs. Actual variances for Total Expenditures
A35: Notes on Plan vs. Actual variance trends for individual expenditure categories

Sheet App.2-AC_Customer Engagement
B1: File Number: | C1: =EBNUMBER -> EB-2016-0066
B2: Exhibit:
B3: Tab:
B4: Schedule:
B5: Page:
B7: Date:
A9: Appendix 2-AC
A10: Customer Engagement Activities Summary
A12: Provide a list of customer engagement activities | B12: Provide a list of customer needs and preferences identified through each engagement activity | C12: Actions taken to respond to identified needs and preferences. If no action was taken, explain why.
A13: Customer Letters, E-Blast, Bill Inserts | B13: Conservation and Usage Reduction for Small Business and Residential and Low Income. Programs available to manage peak demand. | C13: General Awareness is being promoted. Increase awareness, reduce consumption and cost.
A14: Outreach to Essex Chamber of Commerce, Local B.I.A. | B14: Conservation and Usage Reduction for Small Business and Residential and Low Income. Programs available to manage peak demand. | C14: General Awareness is being promoted. Increase awareness, reduce consumption and cost.
A15: Outreach to Local Area Foodbanks, Local Social Service Agency | B15: Conservation and Usage Reduction for Small Business and Residential and Low Income | C15: General Awareness is being promoted. Increase awareness, reduce consumption and cost.
A16: Complete Re-design of E.L.K. Energy Website | B16: Rate changes and impacts, great ability to reseach and gain greater understanding and awareness of industry and bill. | C16: e-Services portal enables future enhancement
A17: Customer Education Literature | B17: Rate changes and impacts, great ability to reseach and gain greater understanding and awareness of industry and bill. | C17: E.L.K. has created a Customer Education Section at the front of the office that has brochures, bill inserts, TOU info , Conservation info etc and staff are always willing and ready to answer questions.
A18: E-Billing/Customer Connect - Online Account Services | B18: E.L.K. provides access to customer bills and consumption data | C18: E.L.K. has offering to customers based on input received from customers. This also reduces E.L.K.'s carbon footprint.
A19: Financial Assistance Program | B19: E.L.K. provides support through partnerships with the provinces Low Income Energy Assistance Program. This emergency financial assistance program are designed to help low income customers who have difficulty making their electricity bill payments | C19: E.L.K. promotes and continues to promote verbally and in writing on a monthly basis about the financial assistance programs available.
A20: Regional Planning Engagements | B20: E.L.K. has partipated in all Regional Planning Initiatives with Government and Municipalities.
A21: Increased Functionality with Phone System | B21: Greater communication ability | C21: Notification of rate changes, new e billing features
A22: Oraclepoll Research Group Telephone Survey | B22: Communication | C22: E.L.K. has since engaged Greensaver to assist in the development of an entire Social Media Stream to allow for further option for customers to connect with E.L.K.
A23: Oraclepoll Research Group Telephone Survey | B23: Affordability | C23: E.L.K. has since engaged Greensaver to assist in the development of an entire Social Media Stream to allow for further option for customers to connect with E.L.K.
A24: Oraclepoll Research Group Telephone Survey | B24: Power quality and reliability | C24: Line Capacitors, Automatic Reclose Switches
A25: Oraclepoll Research Group Telephone Survey | B25: Customer service quality | C25: Satisfaction surveys
A26: Oraclepoll Research Group Telephone Survey | B26: Value and affordability of service
A27: Oraclepoll Research Group Telephone Survey | B27: Technological and self-service enhancements | C27: E-Service Ontario's Green Button Policy
A28: Oraclepoll Research Group Telephone Survey | B28: Communicate unplanned outage information | C28: Initial stages of a possible outage management system
A29: Oraclepoll Research Group Telephone Survey | B29: Consumption information | C29: E-Services portal enables future enhancement
A30: OEL meetings and Channel Partner/Contractor events/Geospatial analysis | B30: Educate re: CDM programs and incentives
A31: Oraclepoll Research Group Telephone Survey | B31: Spend what is needed to maintain the current level of outages | C31: Line Capacitors, Automatic Reclose Switches
A32: Oraclepoll Research Group Telephone Survey | B32: Spend what is needed to maintain the current length of unexpected outages | C32: Line Capacitors, Automatic Reclose Switches
A33: Oraclepoll Research Group Telephone Survey | B33: Invest what it takes to replace the system’s aging infrastructure to maintain system reliability | C33: Rebuilds - Pole Replacements, Transformer Replacements, Vault Replacements and General Rebuilds
A38: Note: Use "ALT-ENTER" to go to the next line within a cell

Sheet App.2-B_Acctg Instructions
A1: General Instructions to MIFRS Appendices
A2: Types of Schedules to File
A4: The purpose of this tab is to provide general instructions. The specific instructions to each appendix are listed in footnotes of each appendix.
A6: The typical applicant is expected to have made capitalization and depreciation policy changes under CGAAP as permitted by the Board on January 1, 2012 or mandated by the Board by January 1, 2013, and adopted IFRS for reporting purposes on January 1, 2015 (transition date January 1, 2014). Some distributors filing for 2017 rates have rebased with these accounting changes reflected in a prior rebasing application. If that is the case, information relating to pre-accounting policy changes is not generally required. The information to be provided by applicants will depend on when the accounting policy changes were made and when they last rebased. In general, applicants should provide the following information in the appendices:
E9: Reflecting Accounting Policy Changes in Current Application | G9: Reflected Accounting Policy Changes in Prior Application3
E10: Accounting Policy Changes in 2012 and Adopted IFRS in 2015 | F10: Accounting Policy Changes in 2013 and Adopted IFRS in 2015 | G10: Adopted IFRS in 2015
A11: Information to be filed in 2017 CoS Application | B11: 2017 | C11: Test | E11: MIFRS | F11: MIFRS | G11: MIFRS
B12: 2016 | C12: Bridge | E12: MIFRS | F12: MIFRS | G12: MIFRS
B13: 2015 | C13: Historical | E13: MIFRS | F13: MIFRS | G13: MIFRS
B14: 2014 | C14: Historical | E14: MIFRS and Revised CGAAP1 | F14: MIFRS and Revised CGAAP1 | G14: MIFRS and Revised CGAAP1
B15: 2013 | C15: Historical | E15: Revised CGAAP | F15: CGAAP and Revised CGAAP2 | G15: Rebased under Revised CGAAP
B16: 2012 | C16: Historical | E16: CGAAP and Revised CGAAP2 | F16: CGAAP | G16: Rebased under Revised CGAAP
B17: Prior | C17: Historicals | E17: Rebased under CGAAP | F17: Rebased under CGAAP | G17: N/A
A19: 1) For the transition year (2014), the applicant may file two appendices, one under Revised CGAAP and one under MIFRS, depending on the materiality of impacts. See the specific instructions under each appendix below for further details.
A20: 2) For applicants that are reflecting accounting policy changes for the first time in a rebasing application, the applicant must file two appendices in the year that the applicant implemented changes to its capitalization and depreciation policies (2012 or 2013), one before and one after the policy changes.
A21: 3) Applicants should provide CGGAP and Revised CGAAP schedules (i.e. as indicated in the first two columns of the above table) to support balances in Account 1576 if the account has yet to be disposed of.
A23: Appendix 2-BA - Fixed Asset Schedule
A25: Applicants are to provide Appendix 2-BA in accordance with the years and corresponding accounting standards noted in the above table to provide a year over year continuity in fixed assets.
A26: For the transition year (2014), the applicant should file two appendices, one under Revised CGAAP and one under MIFRS if the change between Revised CGAAP and MIFRS is material. If the change from the accounting standards is not material, the applicant may choose to only provide one appendix under MIFRS. However, the applicant must also indicate the fixed asset net book value balance under Revised CGAAP, the total dollar value of the change and explain why it is not material.
A30: Regulatory Gross Assets of Property, Plant and Equipment
A32: For an applicant that adopted IFRS on January 1, 2015 for financial reporting purposes, the applicant must establish the continuity of historic cost by using the December 31, 2013 regulatory gross assets of property, plant and equipment as the opening January 1, 2014 regulatory gross assets. The applicant must provide schedules (including Appendix 2-BA, Fixed Asset Continuity Schedule) which must identify the following details to substantiate the continuity of historic cost for regulatory purposes:
A35: · December 31, 2013 regulatory gross assets of property, plant and equipment, by asset class; and
A36: · January 1, 2014 regulatory gross assets of property, plant and equipment, by asset class.
A38: Accumulated Depreciation
A40: For an applicant that adopted IFRS on January 1, 2015 for financial reporting purposes, the applicant must establish the continuity of historic cost by using the December 31, 2013 regulatory accumulated depreciation as the opening January 1, 2014 regulatory accumulated depreciation. The applicant must provide schedules (including Appendix 2-BA, Fixed Asset Continuity Schedule) which must identify the following details to substantiate the continuity of historic cost for regulatory purposes:
... A48: Applicants are to provide Appendix 2-Cx in accordance with the years and corresponding accounting standards listed in the above table.
A49: · | B49: If an applicant is reflecting changes to its depreciation policies for the first time in a rebasing application, the applicant should complete Appendix 2-CA to 2-CG (changes made in 2012) or Appendix 2-CA to 2-CF (changes made in 2013). In this set of appendices, the applicant will need to indicate the year it made the accounting policy changes. The applicant must provide data starting from the year it made changes to its capitalization and depreciation policies.
B52: *Depreciation accounting policy changes were mandated by the Board by January 1, 2013. In general, no further changes to an applicant's depreciation policy (i.e. assets' service lives) are expected after the Board mandated changes by January 1, 2013. The set of Appendix 2-CA to 2-CG assumes this to be the case. If the applicant has made any changes to its depreciation policy subsequent to the Board mandated changes, applicants must identify the change, explain the nature of the change, the reason for the change, quantify the impact of the change, and quantify the depreciation expense before and after the change.
A53: · | B53: If an applicant changed depreciation policies and reflected these changes in a prior rebasing application, the applicant should complete Appendix 2-CH. The applicant must provide data starting from the earlier of 1) all historical years back to its last rebasing; or 2) at least three years of historical actuals, in addition to Bridge Year and Test Year forecasts.
A56: Appendix 2-E - Account 1575, IFRS-CGAAP Transitional PP&E Amounts (2-EA), Account 1576, Accounting Changes Under CGAAP (2-EB, 2-EC)
A58: 1) For an applicant that has a balance in Account 1576 to dispose:
A59: · | B59: If an applicant changed capitalization and depreciation policies effective January 1, 2012, the applicant must complete Appendix 2-EB
A60: · | B60: If an applicant changed capitalization and depreciation policies effective January 1, 2013, the applicant must complete Appendix 2-EC
A62: 2) For an applicant that has a balance in Account 1575 to dispose:
A63: · | B63: The applicant must complete 2-EA
A64: If the applicant did not make any further PP&E accounting policy changes beyond the capitalization and depreciation policy changes as mandated by the Board by January 1, 2013 (i.e. no further changes made on transition to IFRS), the applicant must indicate this and does not need to complete Appendix 2-EA.
A69: Please refer to section 2.12.4 and 2.12.5 of the Filing Requirements for further details.
A71: Appendix 2-Y - Summary of Impacts to Revenue Requirement from Transition to MIFRS
A73: An applicant must provide a summary of the dollar impacts of MIFRS to each component of the revenue requirement (e.g. rate base, operating costs, etc.), including the overall impact on the proposed revenue requirement. Accordingly, the applicant must identify financial differences and resulting revenue requirement impacts arising from the adoption of MIFRS as compared to CGAAP. If the applicant is reflecting the changes in capitalization and depreciation policies for the first time in a rebasing application, then a comparison between MIFRS and CGAAP before the change in accounting policies should be completed. If the applicant changed capitalization and depreciation policies and reflected these changes in a prior rebasing application, then a comparison between MIFRS and CGAAP after the change in accounting policies should be completed.

Sheet App.2-BA_Fixed Asset Cont
L1: File Number: | M1: =EBNUMBER -> EB-2016-0066
L2: Exhibit:
L3: Tab:
L4: Schedule:
L5: Page:
L7: Date:
A9: Appendix 2-BA
A10: Fixed Asset Continuity Schedule 1
E12: Accounting Standard | F12: CGAAP
E13: Year | F13: 2012
D15: Cost | J15: Accumulated Depreciation
A16: CCA Class 2 | B16: OEB Account 3 | C16: Description 3 | D16: Opening Balance | E16: Additions 4 | F16: Disposals 6 | G16: Closing Balance | I16: Opening Balance | J16: Additions | K16: Disposals 6 | L16: Closing Balance | M16: Net Book Value
A17: 12 | B17: 1611 | C17: Computer Software (Formally known as Account 1925) | D17: 239727 | E17: 1294 | G17: =D17+E17+F17 -> 241021 | I17: 194362 | J17: 36535 | L17: =I17+J17+K17 -> 230897 | M17: =G17-L17 -> 10124
A18: CEC | B18: 1612 | C18: Land Rights (Formally known as Account 1906) | D18: 2945 | G18: =D18+E18+F18 -> 2945 | I18: 2725 | L18: =I18+J18+K18 -> 2725 | M18: =G18-L18 -> 220
A19: N/A | B19: 1805 | C19: Land | D19: 2112 | G19: =D19+E19+F19 -> 2112 | L19: =I19+J19+K19 -> 0 | M19: =G19-L19 -> 2112
A20: 47 | B20: 1808 | C20: Buildings | G20: =D20+E20+F20 -> 0 | L20: =I20+J20+K20 -> 0 | M20: =G20-L20 -> 0
A21: 13 | B21: 1810 | C21: Leasehold Improvements | G21: =D21+E21+F21 -> 0 | L21: =I21+J21+K21 -> 0 | M21: =G21-L21 -> 0
A22: 47 | B22: 1815 | C22: Transformer Station Equipment >50 kV | G22: =D22+E22+F22 -> 0 | L22: =I22+J22+K22 -> 0 | M22: =G22-L22 -> 0
A23: 47 | B23: 1820 | C23: Distribution Station Equipment <50 kV | D23: 142098 | G23: =D23+E23+F23 -> 142098 | I23: 140952 | J23: 62 | L23: =I23+J23+K23 -> 141014 | M23: =G23-L23 -> 1084
A24: 47 | B24: 1825 | C24: Storage Battery Equipment | G24: =D24+E24+F24 -> 0 | L24: =I24+J24+K24 -> 0 | M24: =G24-L24 -> 0
A25: 47 | B25: 1830 | C25: Poles, Towers & Fixtures | D25: 888856 | E25: 23732 | G25: =D25+E25+F25 -> 912588 | I25: 197610 | J25: 36039 | L25: =I25+J25+K25 -> 233649 | M25: =G25-L25 -> 678939
A26: 47 | B26: 1835 | C26: Overhead Conductors & Devices | D26: 6275033 | E26: 106131 | G26: =D26+E26+F26 -> 6381164 | I26: 4306416 | J26: 248008 | L26: =I26+J26+K26 -> 4554424 | M26: =G26-L26 -> 1826740
A27: 47 | B27: 1840 | C27: Underground Conduit | D27: 1251542 | E27: 124331 | G27: =D27+E27+F27 -> 1375873 | I27: 243930 | J27: 52553 | L27: =I27+J27+K27 -> 296483 | M27: =G27-L27 -> 1079390
A28: 47 | B28: 1845 | C28: Underground Conductors & Devices | D28: 7246993 | E28: 229404 | G28: =D28+E28+F28 -> 7476397 | I28: 4537673 | J28: 277280 | L28: =I28+J28+K28 -> 4814953 | M28: =G28-L28 -> 2661444
A29: 47 | B29: 1850 | C29: Line Transformers | D29: 5511324 | E29: 216442 | G29: =D29+E29+F29 -> 5727766 | I29: 3331320 | J29: 200371 | L29: =I29+J29+K29 -> 3531691 | M29: =G29-L29 -> 2196075
A30: 47 | B30: 1855 | C30: Services (Overhead & Underground) | D30: 699827 | E30: 72965 | G30: =D30+E30+F30 -> 772792 | I30: 137902 | J30: 29462 | L30: =I30+J30+K30 -> 167364 | M30: =G30-L30 -> 605428
A31: 47 | B31: 1860 | C31: Meters | D31: 514262 | E31: 2402 | G31: =D31+E31+F31 -> 516664 | I31: 70591 | J31: 12642 | L31: =I31+J31+K31 -> 83233 | M31: =G31-L31 -> 433431
A32: 47 | B32: 1860 | C32: Meters (Smart Meters) | G32: =D32+E32+F32 -> 0 | L32: =I32+J32+K32 -> 0 | M32: =G32-L32 -> 0
A33: N/A | B33: 1905 | C33: Land | D33: 171765 | G33: =D33+E33+F33 -> 171765 | L33: =I33+J33+K33 -> 0 | M33: =G33-L33 -> 171765
A34: 47 | B34: 1908 | C34: Buildings & Fixtures | D34: 661840 | E34: 3031 | G34: =D34+E34+F34 -> 664871 | I34: 429951 | J34: 14459 | L34: =I34+J34+K34 -> 444410 | M34: =G34-L34 -> 220461
A35: 13 | B35: 1910 | C35: Leasehold Improvements | G35: =D35+E35+F35 -> 0 | L35: =I35+J35+K35 -> 0 | M35: =G35-L35 -> 0
A36: 8 | B36: 1915 | C36: Office Furniture & Equipment (10 years) | D36: 242909 | E36: 45 | G36: =D36+E36+F36 -> 242954 | I36: 204575 | J36: 6979 | L36: =I36+J36+K36 -> 211554 | M36: =G36-L36 -> 31400
A37: 8 | B37: 1915 | C37: Office Furniture & Equipment (5 years) | G37: =D37+E37+F37 -> 0 | L37: =I37+J37+K37 -> 0 | M37: =G37-L37 -> 0
A38: 10 | B38: 1920 | C38: Computer Equipment - Hardware | D38: 360969 | E38: 4643 | G38: =D38+E38+F38 -> 365612 | I38: 347322 | J38: 11652 | L38: =I38+J38+K38 -> 358974 | M38: =G38-L38 -> 6638
A39: 45 | B39: 1920 | C39: Computer Equip.-Hardware(Post Mar. 22/04) | G39: =D39+E39+F39 -> 0 | L39: =I39+J39+K39 -> 0 | M39: =G39-L39 -> 0
A40: 45.1 | B40: 1920 | C40: Computer Equip.-Hardware(Post Mar. 19/07) | G40: =D40+E40+F40 -> 0 | L40: =I40+J40+K40 -> 0 | M40: =G40-L40 -> 0
A41: 10 | B41: 1930 | C41: Transportation Equipment | D41: 1886565 | G41: =D41+E41+F41 -> 1886565 | I41: 1562244 | J41: 83137 | L41: =I41+J41+K41 -> 1645381 | M41: =G41-L41 -> 241184
A42: 8 | B42: 1935 | C42: Stores Equipment | G42: =D42+E42+F42 -> 0 | L42: =I42+J42+K42 -> 0 | M42: =G42-L42 -> 0
A43: 8 | B43: 1940 | C43: Tools, Shop & Garage Equipment | D43: 365317 | E43: 196 | G43: =D43+E43+F43 -> 365513 | I43: 306443 | J43: 12669 | L43: =I43+J43+K43 -> 319112 | M43: =G43-L43 -> 46401
A44: 8 | B44: 1945 | C44: Measurement & Testing Equipment | G44: =D44+E44+F44 -> 0 | L44: =I44+J44+K44 -> 0 | M44: =G44-L44 -> 0
A45: 8 | B45: 1950 | C45: Power Operated Equipment | G45: =D45+E45+F45 -> 0 | L45: =I45+J45+K45 -> 0 | M45: =G45-L45 -> 0
A46: 8 | B46: 1955 | C46: Communications Equipment | D46: 35831 | G46: =D46+E46+F46 -> 35831 | I46: 23200 | J46: 1545 | L46: =I46+J46+K46 -> 24745 | M46: =G46-L46 -> 11086
A47: 8 | B47: 1955 | C47: Communication Equipment (Smart Meters) | G47: =D47+E47+F47 -> 0 | L47: =I47+J47+K47 -> 0 | M47: =G47-L47 -> 0
A48: 8 | B48: 1960 | C48: Miscellaneous Equipment | G48: =D48+E48+F48 -> 0 | L48: =I48+J48+K48 -> 0 | M48: =G48-L48 -> 0
A49: 47 | B49: 1970 | C49: Load Management Controls Customer Premises | G49: =D49+E49+F49 -> 0 | L49: =I49+J49+K49 -> 0 | M49: =G49-L49 -> 0
A50: 47 | B50: 1975 | C50: Load Management Controls Utility Premises | G50: =D50+E50+F50 -> 0 | L50: =I50+J50+K50 -> 0 | M50: =G50-L50 -> 0
A51: 47 | B51: 1980 | C51: System Supervisor Equipment | G51: =D51+E51+F51 -> 0 | L51: =I51+J51+K51 -> 0 | M51: =G51-L51 -> 0
A52: 47 | B52: 1985 | C52: Sentinel Lighting Rentals | D52: 15 | G52: =D52+E52+F52 -> 15 | J52: 15 | L52: =I52+J52+K52 -> 15 | M52: =G52-L52 -> 0
A53: 47 | B53: 1990 | C53: Other Tangible Property | G53: =D53+E53+F53 -> 0 | L53: =I53+J53+K53 -> 0 | M53: =G53-L53 -> 0
A54: 47 | B54: 1995 | C54: Contributions & Grants | D54: -3871421 | E54: -445527 | G54: =D54+E54+F54 -> -4316948 | I54: -1064210 | J54: -165320 | L54: =I54+J54+K54 -> -1229530 | M54: =G54-L54 -> -3087418
A55: 47 | B55: 2440 | C55: Deferred Revenue5
G56: =D56+E56+F56 -> 0 | L56: =I56+J56+K56 -> 0 | M56: =G56+L56 -> 0
C57: Sub-Total | D57: =SUM(D17:D56) -> 22628509 | E57: =SUM(E17:E56) -> 339089 | F57: =SUM(F17:F56) -> 0 | G57: =SUM(G17:G56) -> 22967598 | I57: =SUM(I17:I56) -> 14973006 | J57: =SUM(J17:J56) -> 858088 | K57: =SUM(K17:K56) -> 0 | L57: =SUM(L17:L56) -> 15831094 | M57: =SUM(M17:M56) -> 7136504
C58: Less Socialized Renewable Energy Generation Investments (input as negative) | G58: =D58+E58+F58 -> 0 | L58: =I58+J58+K58 -> 0 | M58: =G58+L58 -> 0
C59: Less Other Non Rate-Regulated Utility Assets (input as negative) | G59: =D59+E59+F59 -> 0 | L59: =I59+J59+K59 -> 0 | M59: =G59+L59 -> 0
C60: Total PP&E | D60: =SUM(D57:D59) -> 22628509 | E60: =SUM(E57:E59) -> 339089 | F60: =SUM(F57:F59) -> 0 | G60: =SUM(G57:G59) -> 22967598 | I60: =SUM(I57:I59) -> 14973006 | J60: =SUM(J57:J59) -> 858088 | K60: =SUM(K57:K59) -> 0 | L60: =SUM(L57:L59) -> 15831094 | M60: =SUM(M57:M59) -> 7136504
C61: Depreciation Expense adj. from gain or loss on the retirement of assets (pool of like assets), if applicable6
C62: Total | J62: =J60+J61 -> 858088
I64: Less: Fully Allocated Depreciation
A65: 10 | C65: Transportation | I65: Transportation | K65: =J41 -> 83137
A66: 8 | C66: Stores Equipment | I66: Communication | K66: =J46 -> 1545
I67: Net Depreciation | K67: =-K65-K66 -> -84682
E69: Accounting Standard | F69: MIFRS
E70: Year | F70: 2013
D72: Cost | J72: Accumulated Depreciation
A73: CCA Class 2 | B73: OEB Account 3 | C73: Description 3 | D73: Opening Balance | E73: Additions 4 | F73: Disposals 6 | G73: Closing Balance | I73: Opening Balance | J73: Additions | K73: Disposals 6 | L73: Closing Balance | M73: Net Book Value
A74: 12 | B74: 1611 | C74: Computer Software (Formally known as Account 1925) | D74: 241021 | E74: 2716 | G74: =D74+E74+F74 -> 243737 | I74: 230897 | J74: 19361 | L74: =I74+J74+K74 -> 250258 | M74: =G74-L74 -> -6521
A75: CEC | B75: 1612 | C75: Land Rights (Formally known as Account 1906) | D75: 2945 | G75: =D75+E75+F75 -> 2945 | I75: 2725 | L75: =I75+J75+K75 -> 2725 | M75: =G75-L75 -> 220
A76: N/A | B76: 1805 | C76: Land | D76: 2112 | G76: =D76+E76+F76 -> 2112 | L76: =I76+J76+K76 -> 0 | M76: =G76-L76 -> 2112
A77: 47 | B77: 1808 | C77: Buildings | G77: =D77+E77+F77 -> 0 | L77: =I77+J77+K77 -> 0 | M77: =G77-L77 -> 0
A78: 13 | B78: 1810 | C78: Leasehold Improvements | G78: =D78+E78+F78 -> 0 | L78: =I78+J78+K78 -> 0 | M78: =G78-L78 -> 0
A79: 47 | B79: 1815 | C79: Transformer Station Equipment >50 kV | G79: =D79+E79+F79 -> 0 | L79: =I79+J79+K79 -> 0 | M79: =G79-L79 -> 0
A80: 47 | B80: 1820 | C80: Distribution Station Equipment <50 kV | D80: 142098 | G80: =D80+E80+F80 -> 142098 | I80: 141014 | J80: 62 | L80: =I80+J80+K80 -> 141076 | M80: =G80-L80 -> 1022
A81: 47 | B81: 1825 | C81: Storage Battery Equipment | G81: =D81+E81+F81 -> 0 | L81: =I81+J81+K81 -> 0 | M81: =G81-L81 -> 0
A82: 47 | B82: 1830 | C82: Poles, Towers & Fixtures | D82: 912587 | E82: 88785 | G82: =D82+E82+F82 -> 1001372 | I82: 233649 | J82: 18672 | L82: =I82+J82+K82 -> 252321 | M82: =G82-L82 -> 749051
A83: 47 | B83: 1835 | C83: Overhead Conductors & Devices | D83: 6381164 | E83: 76806 | G83: =D83+E83+F83 -> 6457970 | I83: 4554423 | J83: 36380 | L83: =I83+J83+K83 -> 4590803 | M83: =G83-L83 -> 1867167
A84: 47 | B84: 1840 | C84: Underground Conduit | D84: 1375872 | E84: 425196 | G84: =D84+E84+F84 -> 1801068 | I84: 296483 | J84: 28583 | L84: =I84+J84+K84 -> 325066 | M84: =G84-L84 -> 1476002
A85: 47 | B85: 1845 | C85: Underground Conductors & Devices | D85: 7476397 | E85: 440764 | G85: =D85+E85+F85 -> 7917161 | I85: 4814953 | J85: 91845 | L85: =I85+J85+K85 -> 4906798 | M85: =G85-L85 -> 3010363
A86: 47 | B86: 1850 | C86: Line Transformers | D86: 5727767 | E86: 237824 | G86: =D86+E86+F86 -> 5965591 | I86: 3531691 | J86: 72106 | L86: =I86+J86+K86 -> 3603797 | M86: =G86-L86 -> 2361794
A87: 47 | B87: 1851 | C87: Line Transformers- Pad Mount Switchgear | G87: =D87+E87+F87 -> 0 | L87: =I87+J87+K87 -> 0 | M87: =G87-L87 -> 0
A88: 47 | B88: 1852 | C88: Line Transformers- UG Found & UG Vaults | E88: 22746 | G88: =D88+E88+F88 -> 22746 | J88: 190 | L88: =I88+J88+K88 -> 190 | M88: =G88-L88 -> 22556
A89: 47 | B89: 1855 | C89: Services (Overhead & Underground) | D89: 772791 | E89: 99790 | G89: =D89+E89+F89 -> 872581 | I89: 167364 | J89: 32917 | L89: =I89+J89+K89 -> 200281 | M89: =G89-L89 -> 672300
A90: 47 | B90: 1860 | C90: Meters | D90: 516664 | F90: -516664 | G90: =D90+E90+F90 -> 0 | I90: 83233 | K90: -83233 | L90: =I90+J90+K90 -> 0 | M90: =G90-L90 -> 0
A91: 47 | B91: 1861 | C91: Meters- Residential SM Including Repeaters and Data Collectors | D91: 912143 | E91: 24695 | G91: =D91+E91+F91 -> 936838 | J91: 128350 | L91: =I91+J91+K91 -> 128350 | M91: =G91-L91 -> 808488
A92: 47 | B92: 1862 | C92: Meters- Industrial/Commercial | D92: 316116 | E92: 7039 | G92: =D92+E92+F92 -> 323155 | J92: 33942 | L92: =I92+J92+K92 -> 33942 | M92: =G92-L92 -> 289213
A93: 47 | B93: 1863 | C93: Meters- Wholesale | D93: 0 | G93: =D93+E93+F93 -> 0 | L93: =I93+J93+K93 -> 0 | M93: =G93-L93 -> 0
A94: 47 | B94: 1864 | C94: Meters- CT's & PT's | D94: 108572 | E94: 2462 | G94: =D94+E94+F94 -> 111034 | J94: 3176 | L94: =I94+J94+K94 -> 3176 | M94: =G94-L94 -> 107858
A95: 47 | B95: 1865 | C95: Other Installations on Customer's Premises | D95: 0 | G95: =D95+E95+F95 -> 0 | L95: =I95+J95+K95 -> 0 | M95: =G95-L95 -> 0
A96: N/A | B96: 1905 | C96: Land | D96: 171765 | G96: =D96+E96+F96 -> 171765 | L96: =I96+J96+K96 -> 0 | M96: =G96-L96 -> 171765
A97: 47 | B97: 1908 | C97: Buildings & Fixtures | D97: 664871 | G97: =D97+E97+F97 -> 664871 | I97: 346577 | J97: 14490 | L97: =I97+J97+K97 -> 361067 | M97: =G97-L97 -> 303804
A98: 13 | B98: 1910 | C98: Leasehold Improvements | G98: =D98+E98+F98 -> 0 | L98: =I98+J98+K98 -> 0 | M98: =G98-L98 -> 0
A99: 8 | B99: 1915 | C99: Office Furniture & Equipment (10 years) | D99: 242954 | E99: 2223 | G99: =D99+E99+F99 -> 245177 | I99: 211554 | J99: 6873 | L99: =I99+J99+K99 -> 218427 | M99: =G99-L99 -> 26750
A100: 8 | B100: 1915 | C100: Office Furniture & Equipment (5 years) | G100: =D100+E100+F100 -> 0 | L100: =I100+J100+K100 -> 0 | M100: =G100-L100 -> 0
A101: 10 | B101: 1920 | C101: Computer Equipment - Hardware | D101: 365612 | E101: 2165 | G101: =D101+E101+F101 -> 367777 | I101: 358974 | J101: 5837 | L101: =I101+J101+K101 -> 364811 | M101: =G101-L101 -> 2966
A102: 45 | B102: 1920 | C102: Computer Equip.-Hardware(Post Mar. 22/04) | G102: =D102+E102+F102 -> 0 | L102: =I102+J102+K102 -> 0 | M102: =G102-L102 -> 0
A103: 45.1 | B103: 1920 | C103: Computer Equip.-Hardware(Post Mar. 19/07) | G103: =D103+E103+F103 -> 0 | L103: =I103+J103+K103 -> 0 | M103: =G103-L103 -> 0
A104: 10 | B104: 1930 | C104: Transportation Equipment | D104: 1886565 | F104: -1886565 | G104: =D104+E104+F104 -> 0 | I104: 1645381 | K104: -1645381 | L104: =I104+J104+K104 -> 0 | M104: =G104-L104 -> 0
A105: 10 | B105: 1931 | C105: Transportation Equipment- Heavy Vehicle | D105: 94305 | G105: =D105+E105-F105 -> 94305 | J105: 10478 | L105: =I105+J105+K105 -> 10478 | M105: =G105-L105 -> 83827
A106: 10 | B106: 1932 | C106: Transportation Equipment- Light Vehicle | D106: 146879 | E106: 30000 | F106: -4500 | G106: =D106+E106+F106 -> 172379 | J106: 56383 | L106: =I106+J106+K106 -> 56383 | M106: =G106-L106 -> 115996
A107: 10 | B107: 1933 | C107: Transportation Equipment- Underground | D107: 0 | G107: =D107+E107-F107 -> 0 | L107: =I107+J107+K107 -> 0 | M107: =G107-L107 -> 0
...

Sheet Appendix 2-BB Service Life  
N1: File Number: | P1: 0
N2: Exhibit:
N3: Tab:
N4: Schedule:
N5: Page:
N7: Date:
A9: Appendix 2-BB
A10: Service Life Comparison
A11: Table F-1 from Kinetrics Report1
C15: Asset Details | F15: Useful Life | J15: USoA Account Number | K15: USoA Account Description | L15: Current | N15: Proposed | P15: Outside Range of Min, Max TUL?
A16: Parent* | B16: # | C16: Category| Component | Type | F16: MIN UL | G16: TUL | H16: MAX UL | L16: Years | M16: Rate | N16: Years | O16: Rate | P16: Below Min TUL | Q16: Above Max TUL
A17: OH | B17: 1 | C17: Fully Dressed Wood Poles | D17: Overall | F17: 35 | G17: 45 | H17: 75 | J17: 1830 | K17: Overhead Poles, Tower & Fixtures | L17: 45 | M17: =IF(ISERROR(1/L17), "", 1/L17) -> 0.022222222 | N17: 45 | O17: =IF(ISERROR(1/N17), "", 1/N17) -> 0.022222222 | P17: =IF(ISBLANK(N17),"",IF(N17<F17,"Yes","No")) -> No | Q17: =IF(ISBLANK(N17),"",IF(N17>H17,"Yes","No")) -> No
D18: Cross Arm | E18: Wood | F18: 20 | G18: 40 | H18: 55 | M18: =IF(ISERROR(1/L18), "", 1/L18) | O18: =IF(ISERROR(1/N18), "", 1/N18) | P18: =IF(ISBLANK(N18),"",IF(N18<F18,"Yes","No")) | Q18: =IF(ISBLANK(N18),"",IF(N18>H18,"Yes","No"))
E19: Steel | F19: 30 | G19: 70 | H19: 95 | M19: =IF(ISERROR(1/L19), "", 1/L19) | O19: =IF(ISERROR(1/N19), "", 1/N19) | P19: =IF(ISBLANK(N19),"",IF(N19<F19,"Yes","No")) | Q19: =IF(ISBLANK(N19),"",IF(N19>H19,"Yes","No"))
B20: 2 | C20: Fully Dressed Concrete Poles | D20: Overall | F20: 50 | G20: 60 | H20: 80 | M20: =IF(ISERROR(1/L20), "", 1/L20) | O20: =IF(ISERROR(1/N20), "", 1/N20) | P20: =IF(ISBLANK(N20),"",IF(N20<F20,"Yes","No")) | Q20: =IF(ISBLANK(N20),"",IF(N20>H20,"Yes","No"))
D21: Cross Arm | E21: Wood | F21: 20 | G21: 40 | H21: 55 | M21: =IF(ISERROR(1/L21), "", 1/L21) | O21: =IF(ISERROR(1/N21), "", 1/N21) | P21: =IF(ISBLANK(N21),"",IF(N21<F21,"Yes","No")) | Q21: =IF(ISBLANK(N21),"",IF(N21>H21,"Yes","No"))
E22: Steel | F22: 30 | G22: 70 | H22: 95 | M22: =IF(ISERROR(1/L22), "", 1/L22) | O22: =IF(ISERROR(1/N22), "", 1/N22) | P22: =IF(ISBLANK(N22),"",IF(N22<F22,"Yes","No")) | Q22: =IF(ISBLANK(N22),"",IF(N22>H22,"Yes","No"))
B23: 3 | C23: Fully Dressed Steel Poles | D23: Overall | F23: 60 | G23: 60 | H23: 80 | M23: =IF(ISERROR(1/L23), "", 1/L23) | O23: =IF(ISERROR(1/N23), "", 1/N23) | P23: =IF(ISBLANK(N23),"",IF(N23<F23,"Yes","No")) | Q23: =IF(ISBLANK(N23),"",IF(N23>H23,"Yes","No"))
D24: Cross Arm | E24: Wood | F24: 20 | G24: 40 | H24: 55 | M24: =IF(ISERROR(1/L24), "", 1/L24) | O24: =IF(ISERROR(1/N24), "", 1/N24) | P24: =IF(ISBLANK(N24),"",IF(N24<F24,"Yes","No")) | Q24: =IF(ISBLANK(N24),"",IF(N24>H24,"Yes","No"))
E25: Steel | F25: 30 | G25: 70 | H25: 95 | M25: =IF(ISERROR(1/L25), "", 1/L25) | O25: =IF(ISERROR(1/N25), "", 1/N25) | P25: =IF(ISBLANK(N25),"",IF(N25<F25,"Yes","No")) | Q25: =IF(ISBLANK(N25),"",IF(N25>H25,"Yes","No"))
B26: 4 | C26: OH Line Switch | F26: 30 | G26: 45 | H26: 55 | M26: =IF(ISERROR(1/L26), "", 1/L26) | O26: =IF(ISERROR(1/N26), "", 1/N26) | P26: =IF(ISBLANK(N26),"",IF(N26<F26,"Yes","No")) | Q26: =IF(ISBLANK(N26),"",IF(N26>H26,"Yes","No"))
B27: 5 | C27: OH Line Switch Motor | F27: 15 | G27: 25 | H27: 25 | M27: =IF(ISERROR(1/L27), "", 1/L27) | O27: =IF(ISERROR(1/N27), "", 1/N27) | P27: =IF(ISBLANK(N27),"",IF(N27<F27,"Yes","No")) | Q27: =IF(ISBLANK(N27),"",IF(N27>H27,"Yes","No"))
B28: 6 | C28: OH Line Switch RTU | F28: 15 | G28: 20 | H28: 20 | M28: =IF(ISERROR(1/L28), "", 1/L28) | O28: =IF(ISERROR(1/N28), "", 1/N28) | P28: =IF(ISBLANK(N28),"",IF(N28<F28,"Yes","No")) | Q28: =IF(ISBLANK(N28),"",IF(N28>H28,"Yes","No"))
B29: 7 | C29: OH Integral Switches | F29: 35 | G29: 45 | H29: 60 | M29: =IF(ISERROR(1/L29), "", 1/L29) | O29: =IF(ISERROR(1/N29), "", 1/N29) | P29: =IF(ISBLANK(N29),"",IF(N29<F29,"Yes","No")) | Q29: =IF(ISBLANK(N29),"",IF(N29>H29,"Yes","No"))
B30: 8 | C30: OH Conductors | F30: 50 | G30: 60 | H30: 75 | J30: 1835 | K30: Overhead Line Switches, Conductors & Devices | L30: 60 | M30: =IF(ISERROR(1/L30), "", 1/L30) -> 0.016666667 | N30: 60 | O30: =IF(ISERROR(1/N30), "", 1/N30) -> 0.016666667 | P30: =IF(ISBLANK(N30),"",IF(N30<F30,"Yes","No")) -> No | Q30: =IF(ISBLANK(N30),"",IF(N30>H30,"Yes","No")) -> No
B31: 9 | C31: OH Transformers & Voltage Regulators | F31: 30 | G31: 40 | H31: 60 | J31: 1850 | K31: Line Transformers- OH & UG Transformers | L31: 40 | M31: =IF(ISERROR(1/L31), "", 1/L31) -> 0.025 | N31: 40 | O31: =IF(ISERROR(1/N31), "", 1/N31) -> 0.025 | P31: =IF(ISBLANK(N31),"",IF(N31<F31,"Yes","No")) -> No | Q31: =IF(ISBLANK(N31),"",IF(N31>H31,"Yes","No")) -> No
B32: 10 | C32: OH Shunt Capacitor Banks | F32: 25 | G32: 30 | H32: 40 | M32: =IF(ISERROR(1/L32), "", 1/L32) | O32: =IF(ISERROR(1/N32), "", 1/N32) | P32: =IF(ISBLANK(N32),"",IF(N32<F32,"Yes","No")) | Q32: =IF(ISBLANK(N32),"",IF(N32>H32,"Yes","No"))
B33: 11 | C33: Reclosers | F33: 25 | G33: 40 | H33: 55 | M33: =IF(ISERROR(1/L33), "", 1/L33) | O33: =IF(ISERROR(1/N33), "", 1/N33) | P33: =IF(ISBLANK(N33),"",IF(N33<F33,"Yes","No")) | Q33: =IF(ISBLANK(N33),"",IF(N33>H33,"Yes","No"))
A34: TS & MS | B34: 12 | C34: Power Transformers | D34: Overall | F34: 30 | G34: 45 | H34: 60 | M34: =IF(ISERROR(1/L34), "", 1/L34) | O34: =IF(ISERROR(1/N34), "", 1/N34) | P34: =IF(ISBLANK(N34),"",IF(N34<F34,"Yes","No")) | Q34: =IF(ISBLANK(N34),"",IF(N34>H34,"Yes","No"))
D35: Bushing | F35: 10 | G35: 20 | H35: 30 | M35: =IF(ISERROR(1/L35), "", 1/L35) | O35: =IF(ISERROR(1/N35), "", 1/N35) | P35: =IF(ISBLANK(N35),"",IF(N35<F35,"Yes","No")) | Q35: =IF(ISBLANK(N35),"",IF(N35>H35,"Yes","No"))
D36: Tap Changer | F36: 20 | G36: 30 | H36: 60 | M36: =IF(ISERROR(1/L36), "", 1/L36) | O36: =IF(ISERROR(1/N36), "", 1/N36) | P36: =IF(ISBLANK(N36),"",IF(N36<F36,"Yes","No")) | Q36: =IF(ISBLANK(N36),"",IF(N36>H36,"Yes","No"))
B37: 13 | C37: Station Service Transformer | F37: 30 | G37: 45 | H37: 55 | J37: 1820 | K37: Station Equipment | L37: 30 | M37: =IF(ISERROR(1/L37), "", 1/L37) -> 0.033333333 | N37: 30 | O37: =IF(ISERROR(1/N37), "", 1/N37) -> 0.033333333 | P37: =IF(ISBLANK(N37),"",IF(N37<F37,"Yes","No")) -> No | Q37: =IF(ISBLANK(N37),"",IF(N37>H37,"Yes","No")) -> No
B38: 14 | C38: Station Grounding Transformer | F38: 30 | G38: 40 | H38: 40 | M38: =IF(ISERROR(1/L38), "", 1/L38) | O38: =IF(ISERROR(1/N38), "", 1/N38) | P38: =IF(ISBLANK(N38),"",IF(N38<F38,"Yes","No")) | Q38: =IF(ISBLANK(N38),"",IF(N38>H38,"Yes","No"))
B39: 15 | C39: Station DC System | D39: Overall | F39: 10 | G39: 20 | H39: 30 | M39: =IF(ISERROR(1/L39), "", 1/L39) | O39: =IF(ISERROR(1/N39), "", 1/N39) | P39: =IF(ISBLANK(N39),"",IF(N39<F39,"Yes","No")) | Q39: =IF(ISBLANK(N39),"",IF(N39>H39,"Yes","No"))
D40: Battery Bank | F40: 10 | G40: 15 | H40: 15 | M40: =IF(ISERROR(1/L40), "", 1/L40) | O40: =IF(ISERROR(1/N40), "", 1/N40) | P40: =IF(ISBLANK(N40),"",IF(N40<F40,"Yes","No")) | Q40: =IF(ISBLANK(N40),"",IF(N40>H40,"Yes","No"))
D41: Charger | F41: 20 | G41: 20 | H41: 30 | M41: =IF(ISERROR(1/L41), "", 1/L41) | O41: =IF(ISERROR(1/N41), "", 1/N41) | P41: =IF(ISBLANK(N41),"",IF(N41<F41,"Yes","No")) | Q41: =IF(ISBLANK(N41),"",IF(N41>H41,"Yes","No"))
B42: 16 | C42: Station Metal Clad Switchgear | D42: Overall | F42: 30 | G42: 40 | H42: 60 | M42: =IF(ISERROR(1/L42), "", 1/L42) | O42: =IF(ISERROR(1/N42), "", 1/N42) | P42: =IF(ISBLANK(N42),"",IF(N42<F42,"Yes","No")) | Q42: =IF(ISBLANK(N42),"",IF(N42>H42,"Yes","No"))
D43: Removable Breaker | F43: 25 | G43: 40 | H43: 60 | M43: =IF(ISERROR(1/L43), "", 1/L43) | O43: =IF(ISERROR(1/N43), "", 1/N43) | P43: =IF(ISBLANK(N43),"",IF(N43<F43,"Yes","No")) | Q43: =IF(ISBLANK(N43),"",IF(N43>H43,"Yes","No"))
B44: 17 | C44: Station Independent Breakers | F44: 35 | G44: 45 | H44: 65 | M44: =IF(ISERROR(1/L44), "", 1/L44) | O44: =IF(ISERROR(1/N44), "", 1/N44) | P44: =IF(ISBLANK(N44),"",IF(N44<F44,"Yes","No")) | Q44: =IF(ISBLANK(N44),"",IF(N44>H44,"Yes","No"))
B45: 18 | C45: Station Switch | F45: 30 | G45: 50 | H45: 60 | M45: =IF(ISERROR(1/L45), "", 1/L45) | O45: =IF(ISERROR(1/N45), "", 1/N45) | P45: =IF(ISBLANK(N45),"",IF(N45<F45,"Yes","No")) | Q45: =IF(ISBLANK(N45),"",IF(N45>H45,"Yes","No"))
B46: 19 | C46: Electromechanical Relays | F46: 25 | G46: 35 | H46: 50 | M46: =IF(ISERROR(1/L46), "", 1/L46) | O46: =IF(ISERROR(1/N46), "", 1/N46) | P46: =IF(ISBLANK(N46),"",IF(N46<F46,"Yes","No")) | Q46: =IF(ISBLANK(N46),"",IF(N46>H46,"Yes","No"))
B47: 20 | C47: Solid State Relays | F47: 10 | G47: 30 | H47: 45 | M47: =IF(ISERROR(1/L47), "", 1/L47) | O47: =IF(ISERROR(1/N47), "", 1/N47) | P47: =IF(ISBLANK(N47),"",IF(N47<F47,"Yes","No")) | Q47: =IF(ISBLANK(N47),"",IF(N47>H47,"Yes","No"))
B48: 21 | C48: Digital & Numeric Relays | F48: 15 | G48: 20 | H48: 20 | M48: =IF(ISERROR(1/L48), "", 1/L48) | O48: =IF(ISERROR(1/N48), "", 1/N48) | P48: =IF(ISBLANK(N48),"",IF(N48<F48,"Yes","No")) | Q48: =IF(ISBLANK(N48),"",IF(N48>H48,"Yes","No"))
B49: 22 | C49: Rigid Busbars | F49: 30 | G49: 55 | H49: 60 | M49: =IF(ISERROR(1/L49), "", 1/L49) | O49: =IF(ISERROR(1/N49), "", 1/N49) | P49: =IF(ISBLANK(N49),"",IF(N49<F49,"Yes","No")) | Q49: =IF(ISBLANK(N49),"",IF(N49>H49,"Yes","No"))
B50: 23 | C50: Steel Structure | F50: 35 | G50: 50 | H50: 90 | M50: =IF(ISERROR(1/L50), "", 1/L50) | O50: =IF(ISERROR(1/N50), "", 1/N50) | P50: =IF(ISBLANK(N50),"",IF(N50<F50,"Yes","No")) | Q50: =IF(ISBLANK(N50),"",IF(N50>H50,"Yes","No"))
A51: UG | B51: 24 | C51: Primary Paper Insulated Lead Covered (PILC) Cables | F51: 60 | G51: 65 | H51: 75 | M51: =IF(ISERROR(1/L51), "", 1/L51) | O51: =IF(ISERROR(1/N51), "", 1/N51) | P51: =IF(ISBLANK(N51),"",IF(N51<F51,"Yes","No")) | Q51: =IF(ISBLANK(N51),"",IF(N51>H51,"Yes","No"))
B52: 25 | C52: Primary Ethylene-Propylene Rubber (EPR) Cables | F52: 20 | G52: 25 | H52: 25 | M52: =IF(ISERROR(1/L52), "", 1/L52) | O52: =IF(ISERROR(1/N52), "", 1/N52) | P52: =IF(ISBLANK(N52),"",IF(N52<F52,"Yes","No")) | Q52: =IF(ISBLANK(N52),"",IF(N52>H52,"Yes","No"))
B53: 26 | C53: Primary Non-Tree Retardant (TR) Cross Linked Polyethylene (XLPE) Cables Direct Buried | F53: 20 | G53: 25 | H53: 30 | M53: =IF(ISERROR(1/L53), "", 1/L53) | O53: =IF(ISERROR(1/N53), "", 1/N53) | P53: =IF(ISBLANK(N53),"",IF(N53<F53,"Yes","No")) | Q53: =IF(ISBLANK(N53),"",IF(N53>H53,"Yes","No"))
B54: 27 | C54: Primary Non-TR XLPE Cables in Duct | F54: 20 | G54: 25 | H54: 30 | M54: =IF(ISERROR(1/L54), "", 1/L54) | O54: =IF(ISERROR(1/N54), "", 1/N54) | P54: =IF(ISBLANK(N54),"",IF(N54<F54,"Yes","No")) | Q54: =IF(ISBLANK(N54),"",IF(N54>H54,"Yes","No"))
B55: 30 | C55: Secondary PILC Cables | F55: 70 | G55: 75 | H55: 80 | M55: =IF(ISERROR(1/L55), "", 1/L55) | O55: =IF(ISERROR(1/N55), "", 1/N55) | P55: =IF(ISBLANK(N55),"",IF(N55<F55,"Yes","No")) | Q55: =IF(ISBLANK(N55),"",IF(N55>H55,"Yes","No"))
B56: 31 | C56: Secondary Cables Direct Buried | F56: 25 | G56: 35 | H56: 40 | M56: =IF(ISERROR(1/L56), "", 1/L56) | O56: =IF(ISERROR(1/N56), "", 1/N56) | P56: =IF(ISBLANK(N56),"",IF(N56<F56,"Yes","No")) | Q56: =IF(ISBLANK(N56),"",IF(N56>H56,"Yes","No"))
B57: 32 | C57: Secondary Cables in Duct | F57: 35 | G57: 40 | H57: 60 | J57: 1845 | K57: Underground Conductors & devices | L57: 40 | M57: =IF(ISERROR(1/L57), "", 1/L57) -> 0.025 | N57: 40 | O57: =IF(ISERROR(1/N57), "", 1/N57) -> 0.025 | P57: =IF(ISBLANK(N57),"",IF(N57<F57,"Yes","No")) -> No | Q57: =IF(ISBLANK(N57),"",IF(N57>H57,"Yes","No")) -> No
B58: 33 | C58: Network Tranformers | D58: Overall | F58: 20 | G58: 35 | H58: 50 | M58: =IF(ISERROR(1/L58), "", 1/L58) | O58: =IF(ISERROR(1/N58), "", 1/N58) | P58: =IF(ISBLANK(N58),"",IF(N58<F58,"Yes","No")) | Q58: =IF(ISBLANK(N58),"",IF(N58>H58,"Yes","No"))
D59: Protector | F59: 20 | G59: 35 | H59: 40 | M59: =IF(ISERROR(1/L59), "", 1/L59) | O59: =IF(ISERROR(1/N59), "", 1/N59) | P59: =IF(ISBLANK(N59),"",IF(N59<F59,"Yes","No")) | Q59: =IF(ISBLANK(N59),"",IF(N59>H59,"Yes","No"))
B60: 34 | C60: Pad-Mounted Transformers | F60: 25 | G60: 40 | H60: 45 | M60: =IF(ISERROR(1/L60), "", 1/L60) | O60: =IF(ISERROR(1/N60), "", 1/N60) | P60: =IF(ISBLANK(N60),"",IF(N60<F60,"Yes","No")) | Q60: =IF(ISBLANK(N60),"",IF(N60>H60,"Yes","No"))
B61: 35 | C61: Submersible/Vault Transformers | F61: 25 | G61: 35 | H61: 45 | M61: =IF(ISERROR(1/L61), "", 1/L61) | O61: =IF(ISERROR(1/N61), "", 1/N61) | P61: =IF(ISBLANK(N61),"",IF(N61<F61,"Yes","No")) | Q61: =IF(ISBLANK(N61),"",IF(N61>H61,"Yes","No"))
B62: 36 | C62: UG Foundation | F62: 35 | G62: 55 | H62: 70 | J62: 1852 | K62: Line Transformers- UG Foundations & UG Vaults | L62: 60 | M62: =IF(ISERROR(1/L62), "", 1/L62) -> 0.016666667 | N62: 60 | O62: =IF(ISERROR(1/N62), "", 1/N62) -> 0.016666667 | P62: =IF(ISBLANK(N62),"",IF(N62<F62,"Yes","No")) -> No | Q62: =IF(ISBLANK(N62),"",IF(N62>H62,"Yes","No")) -> No
B63: 37 | C63: UG Vaults | D63: Overall | F63: 40 | G63: 60 | H63: 80 | M63: =IF(ISERROR(1/L63), "", 1/L63) | O63: =IF(ISERROR(1/N63), "", 1/N63) | P63: =IF(ISBLANK(N63),"",IF(N63<F63,"Yes","No")) | Q63: =IF(ISBLANK(N63),"",IF(N63>H63,"Yes","No"))
D64: Roof | F64: 20 | G64: 30 | H64: 45 | M64: =IF(ISERROR(1/L64), "", 1/L64) | O64: =IF(ISERROR(1/N64), "", 1/N64) | P64: =IF(ISBLANK(N64),"",IF(N64<F64,"Yes","No")) | Q64: =IF(ISBLANK(N64),"",IF(N64>H64,"Yes","No"))
B65: 38 | C65: UG Vault Switches | F65: 20 | G65: 35 | H65: 50 | M65: =IF(ISERROR(1/L65), "", 1/L65) | O65: =IF(ISERROR(1/N65), "", 1/N65) | P65: =IF(ISBLANK(N65),"",IF(N65<F65,"Yes","No")) | Q65: =IF(ISBLANK(N65),"",IF(N65>H65,"Yes","No"))
B66: 39 | C66: Pad-Mounted Switchgear | F66: 20 | G66: 30 | H66: 45 | J66: 1851 | K66: Line Transformers- Pad Mounted Switchgear | L66: 20 | M66: =IF(ISERROR(1/L66), "", 1/L66) -> 0.05 | N66: 20 | O66: =IF(ISERROR(1/N66), "", 1/N66) -> 0.05 | P66: =IF(ISBLANK(N66),"",IF(N66<F66,"Yes","No")) -> No | Q66: =IF(ISBLANK(N66),"",IF(N66>H66,"Yes","No")) -> No
B67: 40 | C67: Ducts | F67: 30 | G67: 50 | H67: 85 | J67: 1840 | K67: Undereground Conduit- Ducts & Concrete Encased Duct Banks | L67: 50 | M67: =IF(ISERROR(1/L67), "", 1/L67) -> 0.02 | N67: 50 | O67: =IF(ISERROR(1/N67), "", 1/N67) -> 0.02 | P67: =IF(ISBLANK(N67),"",IF(N67<F67,"Yes","No")) -> No | Q67: =IF(ISBLANK(N67),"",IF(N67>H67,"Yes","No")) -> No
B68: 41 | C68: Concrete Encased Duct Banks | F68: 35 | G68: 55 | H68: 80 | M68: =IF(ISERROR(1/L68), "", 1/L68) | O68: =IF(ISERROR(1/N68), "", 1/N68) | P68: =IF(ISBLANK(N68),"",IF(N68<F68,"Yes","No")) | Q68: =IF(ISBLANK(N68),"",IF(N68>H68,"Yes","No"))
B69: 42 | C69: Cable Chambers | F69: 50 | G69: 60 | H69: 80 | M69: =IF(ISERROR(1/L69), "", 1/L69) | O69: =IF(ISERROR(1/N69), "", 1/N69) | P69: =IF(ISBLANK(N69),"",IF(N69<F69,"Yes","No")) | Q69: =IF(ISBLANK(N69),"",IF(N69>H69,"Yes","No"))
A70: S | B70: 43 | C70: Remote SCADA | F70: 15 | G70: 20 | H70: 30 | M70: =IF(ISERROR(1/L70), "", 1/L70) | O70: =IF(ISERROR(1/N70), "", 1/N70) | P70: =IF(ISBLANK(N70),"",IF(N70<F70,"Yes","No")) | Q70: =IF(ISBLANK(N70),"",IF(N70>H70,"Yes","No"))
A73: Table F-2 from Kinetrics Report1
C75: Asset Details | F75: Useful Life Range | J75: USoA Account Number | K75: USoA Account Description | L75: Current | N75: Proposed | P75: Outside Range of Min, Max TUL?
B76: # | C76: Category| Component | Type | L76: Years | M76: Rate | N76: Years | O76: Rate | P76: Below Min Range | Q76: Above Max Range
B77: 1 | C77: Office Equipment | F77: 5 | G77: 15 | J77: 1915 | K77: Office Furniture & Equipment | L77: 10 | M77: =IF(ISERROR(1/L77), "", 1/L77) -> 0.1 | N77: 10 | O77: =IF(ISERROR(1/N77), "", 1/N77) -> 0.1 | P77: =IF(ISBLANK(N77),"",IF(N77<F77,"Yes","No")) -> No | Q77: =IF(ISBLANK(N77),"",IF(N77>G77,"Yes","No")) -> No
B78: 2 | C78: Vehicles | D78: Trucks & Buckets | F78: 5 | G78: 15 | J78: 1931 | K78: Transportation Equipment- Heavy | L78: 15 | M78: =IF(ISERROR(1/L78), "", 1/L78) -> 0.066666667 | N78: 15 | O78: =IF(ISERROR(1/N78), "", 1/N78) -> 0.066666667 | P78: =IF(ISBLANK(N78),"",IF(N78<F78,"Yes","No")) -> No | Q78: =IF(ISBLANK(N78),"",IF(N78>G78,"Yes","No")) -> No
D79: Trailers | F79: 5 | G79: 20 | J79: 1933 | K79: Transportation Equipment - Underground | L79: 10 | M79: =IF(ISERROR(1/L79), "", 1/L79) -> 0.1 | N79: 10 | O79: =IF(ISERROR(1/N79), "", 1/N79) -> 0.1 | P79: =IF(ISBLANK(N79),"",IF(N79<F79,"Yes","No")) -> No | Q79: =IF(ISBLANK(N79),"",IF(N79>G79,"Yes","No")) -> No
D80: Vans | F80: 5 | G80: 10 | J80: 1932 | K80: Transportation Equipment- Light | L80: 8 | M80: =IF(ISERROR(1/L80), "", 1/L80) -> 0.125 | N80: 8 | O80: =IF(ISERROR(1/N80), "", 1/N80) -> 0.125 | P80: =IF(ISBLANK(N80),"",IF(N80<F80,"Yes","No")) -> No | Q80: =IF(ISBLANK(N80),"",IF(N80>G80,"Yes","No")) -> No
B81: 3 | C81: Administrative Buildings | F81: 50 | G81: 75 | M81: =IF(ISERROR(1/L81), "", 1/L81) | O81: =IF(ISERROR(1/N81), "", 1/N81) | P81: =IF(ISBLANK(N81),"",IF(N81<F81,"Yes","No")) | Q81: =IF(ISBLANK(N81),"",IF(N81>G81,"Yes","No"))
B82: 4 | C82: Leasehold Improvements | F82: Lease dependent | M82: =IF(ISERROR(1/L82), "", 1/L82) | O82: =IF(ISERROR(1/N82), "", 1/N82)
B83: 5 | C83: Station Buildings | D83: Station Buildings | F83: 50 | G83: 75 | J83: 1908 | K83: Building & Fixtures | L83: 50 | M83: =IF(ISERROR(1/L83), "", 1/L83) -> 0.02 | N83: 50 | O83: =IF(ISERROR(1/N83), "", 1/N83) -> 0.02 | P83: =IF(ISBLANK(N83),"",IF(N83<F83,"Yes","No")) -> No | Q83: =IF(ISBLANK(N83),"",IF(N83>G83,"Yes","No")) -> No
D84: Parking | F84: 25 | G84: 30 | M84: =IF(ISERROR(1/L84), "", 1/L84) | O84: =IF(ISERROR(1/N84), "", 1/N84) | P84: =IF(ISBLANK(N84),"",IF(N84<F84,"Yes","No")) | Q84: =IF(ISBLANK(N84),"",IF(N84>G84,"Yes","No"))
D85: Fence | F85: 25 | G85: 60 | M85: =IF(ISERROR(1/L85), "", 1/L85) | O85: =IF(ISERROR(1/N85), "", 1/N85) | P85: =IF(ISBLANK(N85),"",IF(N85<F85,"Yes","No")) | Q85: =IF(ISBLANK(N85),"",IF(N85>G85,"Yes","No"))
D86: Roof | F86: 20 | G86: 30 | M86: =IF(ISERROR(1/L86), "", 1/L86) | O86: =IF(ISERROR(1/N86), "", 1/N86) | P86: =IF(ISBLANK(N86),"",IF(N86<F86,"Yes","No")) | Q86: =IF(ISBLANK(N86),"",IF(N86>G86,"Yes","No"))
B87: 6 | C87: Computer Equipment | D87: Hardware | F87: 3 | G87: 5 | J87: 1920 | K87: Computer Equipment - Hardware | L87: 5 | M87: =IF(ISERROR(1/L87), "", 1/L87) -> 0.2 | N87: 5 | O87: =IF(ISERROR(1/N87), "", 1/N87) -> 0.2 | P87: =IF(ISBLANK(N87),"",IF(N87<F87,"Yes","No")) -> No | Q87: =IF(ISBLANK(N87),"",IF(N87>G87,"Yes","No")) -> No
D88: Software | F88: 2 | G88: 5 | J88: 1925 | K88: Computer Equipment - Software | L88: 5 | M88: =IF(ISERROR(1/L88), "", 1/L88) -> 0.2 | N88: 5 | O88: =IF(ISERROR(1/N88), "", 1/N88) -> 0.2 | P88: =IF(ISBLANK(N88),"",IF(N88<F88,"Yes","No")) -> No | Q88: =IF(ISBLANK(N88),"",IF(N88>G88,"Yes","No")) -> No
B89: 7 | C89: Equipment | D89: Power Operated | F89: 5 | G89: 10 | M89: =IF(ISERROR(1/L89), "", 1/L89) | O89: =IF(ISERROR(1/N89), "", 1/N89) | P89: =IF(ISBLANK(N89),"",IF(N89<F89,"Yes","No")) | Q89: =IF(ISBLANK(N89),"",IF(N89>G89,"Yes","No"))
D90: Stores | F90: 5 | G90: 10 | M90: =IF(ISERROR(1/L90), "", 1/L90) | O90: =IF(ISERROR(1/N90), "", 1/N90) | P90: =IF(ISBLANK(N90),"",IF(N90<F90,"Yes","No")) | Q90: =IF(ISBLANK(N90),"",IF(N90>G90,"Yes","No"))
D91: Tools, Shop, Garage Equipment | F91: 5 | G91: 10 | J91: 1940 | K91: Tools, Shop & Garage Equipment | L91: 10 | M91: =IF(ISERROR(1/L91), "", 1/L91) -> 0.1 | N91: 10 | O91: =IF(ISERROR(1/N91), "", 1/N91) -> 0.1 | P91: =IF(ISBLANK(N91),"",IF(N91<F91,"Yes","No")) -> No | Q91: =IF(ISBLANK(N91),"",IF(N91>G91,"Yes","No")) -> No
D92: Measurement & Testing Equipment | F92: 5 | G92: 10 | M92: =IF(ISERROR(1/L92), "", 1/L92) | O92: =IF(ISERROR(1/N92), "", 1/N92) | P92: =IF(ISBLANK(N92),"",IF(N92<F92,"Yes","No")) | Q92: =IF(ISBLANK(N92),"",IF(N92>G92,"Yes","No"))
B93: 8 | C93: Communication | D93: Towers | F93: 60 | G93: 70 | M93: =IF(ISERROR(1/L93), "", 1/L93) | O93: =IF(ISERROR(1/N93), "", 1/N93) | P93: =IF(ISBLANK(N93),"",IF(N93<F93,"Yes","No")) | Q93: =IF(ISBLANK(N93),"",IF(N93>G93,"Yes","No"))
D94: Wireless | F94: 2 | G94: 10 | J94: 1955 | K94: Communication Equipment | L94: 10 | M94: =IF(ISERROR(1/L94), "", 1/L94) -> 0.1 | N94: 10 | O94: =IF(ISERROR(1/N94), "", 1/N94) -> 0.1 | P94: =IF(ISBLANK(N94),"",IF(N94<F94,"Yes","No")) -> No | Q94: =IF(ISBLANK(N94),"",IF(N94>G94,"Yes","No")) -> No
B95: 9 | C95: Residential Energy Meters | F95: 25 | G95: 35 | M95: =IF(ISERROR(1/L95), "", 1/L95) | O95: =IF(ISERROR(1/N95), "", 1/N95) | P95: =IF(ISBLANK(N95),"",IF(N95<F95,"Yes","No")) | Q95: =IF(ISBLANK(N95),"",IF(N95>G95,"Yes","No"))
B96: 10 | C96: Industrial/Commercial Energy Meters | F96: 25 | G96: 35 | J96: 1862 | K96: Meters- Industrial/Commercial | L96: 15 | M96: =IF(ISERROR(1/L96), "", 1/L96) -> 0.066666667 | N96: 15 | O96: =IF(ISERROR(1/N96), "", 1/N96) -> 0.066666667 | P96: =IF(ISBLANK(N96),"",IF(N96<F96,"Yes","No")) -> Yes | Q96: =IF(ISBLANK(N96),"",IF(N96>G96,"Yes","No")) -> No
B97: 11 | C97: Wholesale Energy Meters | F97: 15 | G97: 30 | J97: 1863 | K97: Meters- Wholesale | L97: 15 | M97: =IF(ISERROR(1/L97), "", 1/L97) -> 0.066666667 | N97: 15 | O97: =IF(ISERROR(1/N97), "", 1/N97) -> 0.066666667 | P97: =IF(ISBLANK(N97),"",IF(N97<F97,"Yes","No")) -> No | Q97: =IF(ISBLANK(N97),"",IF(N97>G97,"Yes","No")) -> No
B98: 12 | C98: Current & Potential Transformer (CT & PT) | F98: 35 | G98: 50 | J98: 1864 | K98: Meters- CT's & PT's | L98: 40 | M98: =IF(ISERROR(1/L98), "", 1/L98) -> 0.025 | N98: 40 | O98: =IF(ISERROR(1/N98), "", 1/N98) -> 0.025 | P98: =IF(ISBLANK(N98),"",IF(N98<F98,"Yes","No")) -> No | Q98: =IF(ISBLANK(N98),"",IF(N98>G98,"Yes","No")) -> No
B99: 13 | C99: Smart Meters | F99: 5 | G99: 15 | J99: 1861 | K99: Meters- Residential SM | L99: 10 | M99: =IF(ISERROR(1/L99), "", 1/L99) -> 0.1 | N99: 10 | O99: =IF(ISERROR(1/N99), "", 1/N99) -> 0.1 | P99: =IF(ISBLANK(N99),"",IF(N99<F99,"Yes","No")) -> No | Q99: =IF(ISBLANK(N99),"",IF(N99>G99,"Yes","No")) -> No
B100: 14 | C100: Repeaters - Smart Metering | F100: 10 | G100: 15 | M100: =IF(ISERROR(1/L100), "", 1/L100) | O100: =IF(ISERROR(1/N100), "", 1/N100) | P100: =IF(ISBLANK(N100),"",IF(N100<F100,"Yes","No")) | Q100: =IF(ISBLANK(N100),"",IF(N100>G100,"Yes","No"))
B101: 15 | C101: Data Collectors - Smart Metering | F101: 15 | G101: 20 | M101: =IF(ISERROR(1/L101), "", 1/L101) | O101: =IF(ISERROR(1/N101), "", 1/N101) | P101: =IF(ISBLANK(N101),"",IF(N101<F101,"Yes","No")) | Q101: =IF(ISBLANK(N101),"",IF(N101>G101,"Yes","No"))
A104: * TS & MS = Transformer and Municipal Stations UG = Underground Systems S = Monitoring and Control Systems
A106: Note 1: | B106: Tables F-1 and F-2 above are to be used as a reference in order to complete columns J, K, L and N.
B107: See pages 17-19 of Kinetrics Report

Sheet App.2-CA_OldCGAAPDepExp_Yr1
K1: File Number: | L1: =EBNUMBER -> EB-2016-0066
K2: Exhibit:
K3: Tab:
K4: Schedule:
K5: Page:
K7: Date:
A9: Appendix 2-CA - Not Applicable
A10: Depreciation and Amortization Expense
B11: Former CGAAP (Year 1)
A13: Select the set of appendices that apply | K13: Year Reflected in Schedule Below | L13: Accounting Standard
A14: 2012 Set of Appendices (2-CA to 2-CG) | C14: Assumes the applicant made capitalization and depreciation expense accounting policy changes under CGAAP effective January 1, 2012 and has adopted IFRS for financial reporting purposes effective January 1, 2015. Assumes that the applicant is reflecting these changes in a rebasing application for the first time. | K14: 2012 | L14: Former CGAAP
A15: 2013 Set of Appendices (2-CA to 2-CF) | C15: Assumes the applicant made capitalization and depreciation expense accounting policy changes under CGAAP effective January 1, 2013 and has adopted IFRS for financial reporting purposes effective January 1, 2015. Assumes that the applicant is reflecting these changes in a rebasing application for the first time. | K15: 2013 | L15: Former CGAAP
A18: Account | B18: Description | C18: Opening Regulatory Gross PP&E as at Jan. 1 | D18: Less Fully Depreciated | E18: Net for Depreciation | F18: Additions | G18: Total for Depreciation 1 | H18: Years | I18: Depreciation Rate | J18: Current Year Depreciation Expense | K18: Depreciation Expense per Appendix 2-BA Fixed Assets, Column J (l) | L18: Variance 2
C19: (a) | D19: (b) | E19: (c) | F19: (d) | G19: (e) = (c) + ½ x (d) | H19: (f) | I19: (g) = 1 / (f) | J19: (h) = (e) / (f) | L19: (m) = (h) - (l)
A20: 1611 | B20: Computer Software (Formally known as Account 1925) | E20: =C20-D20 -> 0 | G20: =E20+0.5*F20 -> 0 | I20: =IF(H20=0,0,1/H20) -> 0 | J20: =IF(H20=0,0,G20/H20) -> 0 | L20: =IF(ISERROR(+J20-K20), 0, +J20-K20) -> 0
A21: 1612 | B21: Land Rights (Formally known as Account 1906) | E21: =C21-D21 -> 0 | G21: =E21+0.5*F21 -> 0 | I21: =IF(H21=0,0,1/H21) -> 0 | J21: =IF(H21=0,0,G21/H21) -> 0 | L21: =IF(ISERROR(+J21-K21), 0, +J21-K21) -> 0
A22: 1805 | B22: Land | E22: =C22-D22 -> 0 | G22: =E22+0.5*F22 -> 0 | I22: =IF(H22=0,0,1/H22) -> 0 | J22: =IF(H22=0,0,G22/H22) -> 0 | L22: =IF(ISERROR(+J22-K22), 0, +J22-K22) -> 0
A23: 1808 | B23: Buildings | E23: =C23-D23 -> 0 | G23: =E23+0.5*F23 -> 0 | I23: =IF(H23=0,0,1/H23) -> 0 | J23: =IF(H23=0,0,G23/H23) -> 0 | L23: =IF(ISERROR(+J23-K23), 0, +J23-K23) -> 0
A24: 1810 | B24: Leasehold Improvements | E24: =C24-D24 -> 0 | G24: =E24+0.5*F24 -> 0 | I24: =IF(H24=0,0,1/H24) -> 0 | J24: =IF(H24=0,0,G24/H24) -> 0 | L24: =IF(ISERROR(+J24-K24), 0, +J24-K24) -> 0
A25: 1815 | B25: Transformer Station Equipment >50 kV | E25: =C25-D25 -> 0 | G25: =E25+0.5*F25 -> 0 | I25: =IF(H25=0,0,1/H25) -> 0 | J25: =IF(H25=0,0,G25/H25) -> 0 | L25: =IF(ISERROR(+J25-K25), 0, +J25-K25) -> 0
A26: 1820 | B26: Distribution Station Equipment <50 kV | E26: =C26-D26 -> 0 | G26: =E26+0.5*F26 -> 0 | I26: =IF(H26=0,0,1/H26) -> 0 | J26: =IF(H26=0,0,G26/H26) -> 0 | L26: =IF(ISERROR(+J26-K26), 0, +J26-K26) -> 0
A27: 1825 | B27: Storage Battery Equipment | E27: =C27-D27 -> 0 | G27: =E27+0.5*F27 -> 0 | I27: =IF(H27=0,0,1/H27) -> 0 | J27: =IF(H27=0,0,G27/H27) -> 0 | L27: =IF(ISERROR(+J27-K27), 0, +J27-K27) -> 0
A28: 1830 | B28: Poles, Towers & Fixtures | E28: =C28-D28 -> 0 | G28: =E28+0.5*F28 -> 0 | I28: =IF(H28=0,0,1/H28) -> 0 | J28: =IF(H28=0,0,G28/H28) -> 0 | L28: =IF(ISERROR(+J28-K28), 0, +J28-K28) -> 0
A29: 1835 | B29: Overhead Conductors & Devices | E29: =C29-D29 -> 0 | G29: =E29+0.5*F29 -> 0 | I29: =IF(H29=0,0,1/H29) -> 0 | J29: =IF(H29=0,0,G29/H29) -> 0 | L29: =IF(ISERROR(+J29-K29), 0, +J29-K29) -> 0
A30: 1840 | B30: Underground Conduit | E30: =C30-D30 -> 0 | G30: =E30+0.5*F30 -> 0 | I30: =IF(H30=0,0,1/H30) -> 0 | J30: =IF(H30=0,0,G30/H30) -> 0 | L30: =IF(ISERROR(+J30-K30), 0, +J30-K30) -> 0
A31: 1845 | B31: Underground Conductors & Devices | E31: =C31-D31 -> 0 | G31: =E31+0.5*F31 -> 0 | I31: =IF(H31=0,0,1/H31) -> 0 | J31: =IF(H31=0,0,G31/H31) -> 0 | L31: =IF(ISERROR(+J31-K31), 0, +J31-K31) -> 0
... A57: 1995 | B57: Contributions & Grants | E57: =C57-D57 -> 0 | G57: =E57+0.5*F57 -> 0 | I57: =IF(H57=0,0,1/H57) -> 0 | J57: =IF(H57=0,0,G57/H57) -> 0 | L57: =IF(ISERROR(+J57-K57), 0, +J57-K57) -> 0
B58: Total | C58: =SUM(C20:C57) -> 0 | D58: =SUM(D20:D57) -> 0 | E58: =SUM(E20:E57) -> 0 | F58: =SUM(F20:F57) -> 0 | G58: =SUM(G20:G57) -> 0 | J58: =SUM(J20:J57) -> 0 | K58: =SUM(K20:K57) -> 0 | L58: =SUM(L20:L57) -> 0
A60: Notes:
A62: 1 | B62: Board policy of the "half-year" rule - the applicant must ensure that additions in the year attract a half-year depreciation expense in the first year. Deviations from this standard practice must be supported in the application.
A63: 2 | B63: The applicant must provide an explanation of material variances.
A65: General | B65: Applicants must provide a breakdown of depreciation and amortization expense in the above format for all relevant accounts. Asset Retirement Obligations (AROs), depreciation and accretion expense should be disclosed separately consistent with the Notes of historical Audited Financial Statements.

Sheet App.2-CB_NewCGAAP_DepExp_Yr1
N1: File Number: | O1: =EBNUMBER -> EB-2016-0066
N2: Exhibit:
N3: Tab:
N4: Schedule:
N5: Page:
N7: Date:
A9: Appendix 2-CB - Not Applicable
A10: Depreciation and Amortization Expense
A11: Revised CGAAP (Year 1)
A13: Select the set of appendices that apply | L13: Year Reflected in Schedule Below | N13: Accounting Standard
A14: 2012 Set of Appendices (2-CA to 2-CG) | C14: Assumes the applicant made capitalization and depreciation expense accounting policy changes under CGAAP effective January 1, 2012 and has adopted IFRS for financial reporting purposes effective January 1, 2015. Assumes that the applicant is reflecting these changes in a rebasing application for the first time. | L14: 2012 | N14: Revised CGAAP
A15: 2013 Set of Appendices (2-CA to 2-CF) | C15: Assumes the applicant made capitalization and depreciation expense accounting policy changes under CGAAP effective January 1, 2013 and has adopted IFRS for financial reporting purposes effective January 1, 2015. Assumes that the applicant is reflecting these changes in a rebasing application for the first time. | L15: 2013 | N15: Revised CGAAP
A18: Account | B18: Description | C18: Opening NBV as at Jan 15 | D18: Additions | E18: Average Remaining Life of Opening NBV 4 | F18: Years (new additions only) 3 | G18: Depreciation Rate on New Additions | H18: Depreciation Expense on Opening NBV | I18: Depreciation Expense on Additions 1 | J18: Current Year Depreciation Expense | K18: Depreciation Expense per Appendix 2-BA Fixed Assets, Column J (l) | L18: Variance 2 | M18: Depreciation Expense on Current Full Year Additions | N18: Less Depreciation Expense on Assets Fully Depreciated During the Year (o) | O18: Current Full Year Depreciation 6
C19: (a) | D19: (d) | E19: (i) | F19: (f) | G19: (g) = 1 / (f) | H19: (j) = (a) / (i) | I19: (h)=((d)*0.5)/(f) | J19: (k) = (j) + (h) | L19: (m) = (k) - (l) | M19: (n) = (d)/(f) | O19: (p) = (j) + (n) - (o)
A20: 1611 | B20: Computer Software (Formally known as Account 1925) | G20: =IF(F20=0,0,1/F20) -> 0 | H20: =IF(E20=0,0,+C20/E20) -> 0 | I20: =IF(F20=0,0,+(D20*0.5)/F20) -> 0 | J20: =IF(ISERROR(+H20+I20), 0, +H20+I20) -> 0 | L20: =IF(ISERROR(+J20-K20), 0, +J20-K20) -> 0 | M20: =IF(F20=0,0,+(D20)/F20) -> 0 | O20: =IF(ISERROR(+M20+H20-N20), 0, +M20+H20-N20) -> 0
A21: 1612 | B21: Land Rights (Formally known as Account 1906) | G21: =IF(F21=0,0,1/F21) -> 0 | H21: =IF(E21=0,0,+C21/E21) -> 0 | I21: =IF(F21=0,0,+(D21*0.5)/F21) -> 0 | J21: =IF(ISERROR(+H21+I21), 0, +H21+I21) -> 0 | L21: =IF(ISERROR(+J21-K21), 0, +J21-K21) -> 0 | M21: =IF(F21=0,0,+(D21)/F21) -> 0 | O21: =IF(ISERROR(+M21+H21-N21), 0, +M21+H21-N21) -> 0
A22: 1805 | B22: Land | G22: =IF(F22=0,0,1/F22) -> 0 | H22: =IF(E22=0,0,+C22/E22) -> 0 | I22: =IF(F22=0,0,+(D22*0.5)/F22) -> 0 | J22: =IF(ISERROR(+H22+I22), 0, +H22+I22) -> 0 | L22: =IF(ISERROR(+J22-K22), 0, +J22-K22) -> 0 | M22: =IF(F22=0,0,+(D22)/F22) -> 0 | O22: =IF(ISERROR(+M22+H22-N22), 0, +M22+H22-N22) -> 0
A23: 1808 | B23: Buildings | G23: =IF(F23=0,0,1/F23) -> 0 | H23: =IF(E23=0,0,+C23/E23) -> 0 | I23: =IF(F23=0,0,+(D23*0.5)/F23) -> 0 | J23: =IF(ISERROR(+H23+I23), 0, +H23+I23) -> 0 | L23: =IF(ISERROR(+J23-K23), 0, +J23-K23) -> 0 | M23: =IF(F23=0,0,+(D23)/F23) -> 0 | O23: =IF(ISERROR(+M23+H23-N23), 0, +M23+H23-N23) -> 0
A24: 1810 | B24: Leasehold Improvements | G24: =IF(F24=0,0,1/F24) -> 0 | H24: =IF(E24=0,0,+C24/E24) -> 0 | I24: =IF(F24=0,0,+(D24*0.5)/F24) -> 0 | J24: =IF(ISERROR(+H24+I24), 0, +H24+I24) -> 0 | L24: =IF(ISERROR(+J24-K24), 0, +J24-K24) -> 0 | M24: =IF(F24=0,0,+(D24)/F24) -> 0 | O24: =IF(ISERROR(+M24+H24-N24), 0, +M24+H24-N24) -> 0
A25: 1815 | B25: Transformer Station Equipment >50 kV | G25: =IF(F25=0,0,1/F25) -> 0 | H25: =IF(E25=0,0,+C25/E25) -> 0 | I25: =IF(F25=0,0,+(D25*0.5)/F25) -> 0 | J25: =IF(ISERROR(+H25+I25), 0, +H25+I25) -> 0 | L25: =IF(ISERROR(+J25-K25), 0, +J25-K25) -> 0 | M25: =IF(F25=0,0,+(D25)/F25) -> 0 | O25: =IF(ISERROR(+M25+H25-N25), 0, +M25+H25-N25) -> 0
A26: 1820 | B26: Distribution Station Equipment <50 kV | G26: =IF(F26=0,0,1/F26) -> 0 | H26: =IF(E26=0,0,+C26/E26) -> 0 | I26: =IF(F26=0,0,+(D26*0.5)/F26) -> 0 | J26: =IF(ISERROR(+H26+I26), 0, +H26+I26) -> 0 | L26: =IF(ISERROR(+J26-K26), 0, +J26-K26) -> 0 | M26: =IF(F26=0,0,+(D26)/F26) -> 0 | O26: =IF(ISERROR(+M26+H26-N26), 0, +M26+H26-N26) -> 0
A27: 1825 | B27: Storage Battery Equipment | G27: =IF(F27=0,0,1/F27) -> 0 | H27: =IF(E27=0,0,+C27/E27) -> 0 | I27: =IF(F27=0,0,+(D27*0.5)/F27) -> 0 | J27: =IF(ISERROR(+H27+I27), 0, +H27+I27) -> 0 | L27: =IF(ISERROR(+J27-K27), 0, +J27-K27) -> 0 | M27: =IF(F27=0,0,+(D27)/F27) -> 0 | O27: =IF(ISERROR(+M27+H27-N27), 0, +M27+H27-N27) -> 0
A28: 1830 | B28: Poles, Towers & Fixtures | G28: =IF(F28=0,0,1/F28) -> 0 | H28: =IF(E28=0,0,+C28/E28) -> 0 | I28: =IF(F28=0,0,+(D28*0.5)/F28) -> 0 | J28: =IF(ISERROR(+H28+I28), 0, +H28+I28) -> 0 | L28: =IF(ISERROR(+J28-K28), 0, +J28-K28) -> 0 | M28: =IF(F28=0,0,+(D28)/F28) -> 0 | O28: =IF(ISERROR(+M28+H28-N28), 0, +M28+H28-N28) -> 0
A29: 1835 | B29: Overhead Conductors & Devices | G29: =IF(F29=0,0,1/F29) -> 0 | H29: =IF(E29=0,0,+C29/E29) -> 0 | I29: =IF(F29=0,0,+(D29*0.5)/F29) -> 0 | J29: =IF(ISERROR(+H29+I29), 0, +H29+I29) -> 0 | L29: =IF(ISERROR(+J29-K29), 0, +J29-K29) -> 0 | M29: =IF(F29=0,0,+(D29)/F29) -> 0 | O29: =IF(ISERROR(+M29+H29-N29), 0, +M29+H29-N29) -> 0
A30: 1840 | B30: Underground Conduit | G30: =IF(F30=0,0,1/F30) -> 0 | H30: =IF(E30=0,0,+C30/E30) -> 0 | I30: =IF(F30=0,0,+(D30*0.5)/F30) -> 0 | J30: =IF(ISERROR(+H30+I30), 0, +H30+I30) -> 0 | L30: =IF(ISERROR(+J30-K30), 0, +J30-K30) -> 0 | M30: =IF(F30=0,0,+(D30)/F30) -> 0 | O30: =IF(ISERROR(+M30+H30-N30), 0, +M30+H30-N30) -> 0
A31: 1845 | B31: Underground Conductors & Devices | G31: =IF(F31=0,0,1/F31) -> 0 | H31: =IF(E31=0,0,+C31/E31) -> 0 | I31: =IF(F31=0,0,+(D31*0.5)/F31) -> 0 | J31: =IF(ISERROR(+H31+I31), 0, +H31+I31) -> 0 | L31: =IF(ISERROR(+J31-K31), 0, +J31-K31) -> 0 | M31: =IF(F31=0,0,+(D31)/F31) -> 0 | O31: =IF(ISERROR(+M31+H31-N31), 0, +M31+H31-N31) -> 0
... A57: 1995 | B57: Contributions & Grants | G57: =IF(F57=0,0,1/F57) -> 0 | H57: =IF(E57=0,0,+C57/E57) -> 0 | I57: =IF(F57=0,0,+(D57*0.5)/F57) -> 0 | J57: =IF(ISERROR(+H57+I57), 0, +H57+I57) -> 0 | L57: =IF(ISERROR(+J57-K57), 0, +J57-K57) -> 0 | M57: =IF(F57=0,0,+(D57)/F57) -> 0 | O57: =IF(ISERROR(+M57+H57-N57), 0, +M57+H57-N57) -> 0
B58: Total | C58: =SUM(C20:C57) -> 0 | D58: =SUM(D20:D57) -> 0 | H58: =SUM(H20:H57) -> 0 | I58: =SUM(I20:I57) -> 0 | J58: =SUM(J20:J57) -> 0 | K58: =SUM(K20:K57) -> 0 | L58: =SUM(L20:L57) -> 0 | M58: =SUM(M20:M57) -> 0 | N58: =SUM(N20:N57) -> 0 | O58: =SUM(O20:O57) -> 0
A60: Notes:
A62: 1 | B62: Board policy of the "half-year" rule - the applicant must ensure that additions in the year attract a half-year depreciation expense in the first year. Deviations from this standard practice must be supported in the application.
A63: 2 | B63: The applicant must provide an explanation of material variances in evidence.
A64: 3 | B64: The applicant should ensure that the years for new additions of assets are the asset useful lives determined by management in accordance with the Board's regulatory accounting policies. The capitalization and depreciation expense accounting changes should be implemented consistent with the Board’s regulatory accounting policies as set out for modified IFRS as contained in the Report of the Board, Transition to International Financial Reporting Standards, EB-2008-0408, the Kinectrics Report, and the Revised 2012 Accounting Procedures Handbook for Electricity Distributors (“APH”).
A65: 4 | B65: A recalculation should be performed to determine the average remaining life of opening balance of assets (i.e. excluding current year's additions) under the change in policies under CGAAP. For example, Asset A had a useful life of 20 years under CGAAP without the change in policies. On January 1 of the year of policy changes, Asset A was 3 years depreciated. As a result, Asset A would have a remaining service life of 17 years (20 years less 3 years) as at January 1 of the year of policy changes. Due to making the change in policies under CGAAP, management re-assessed the asset useful lives and concluded that the revised useful life of Asset A is now 30 years. Therefore, the average remaining useful life of the opening balance of Asset A is determined to be 27 years (30 years less 3 years) under the revised CGAAP as at January 1 of the year of policy changes.
A66: 5 | B66: NBV must exclude assets still on the books but which have been fully amortized or depreciated.
A67: 6 | B67: This column refers to the calculated full year depreciation but excludes the depreciation expense on assets fully depreciated during the year. This column is used for the purpose of calculating depreciation expense in the following year on the next worksheet.
A69: General: | B69: Applicants must provide a breakdown of depreciation and amortization expense in the above format for all relevant accounts. Asset Retirement Obligations (AROs), depreciation and accretion expense should be disclosed separately consistent with the Notes of historical Audited Financial Statements.

Sheet App.2-CC_DepExp_Yr2
J1: File Number: | K1: =EBNUMBER -> EB-2016-0066
J2: Exhibit:
J3: Tab:
J4: Schedule:
J5: Page:
J7: Date:
A9: Appendix 2-CC - Not Applicable
A10: Depreciation and Amortization Expense
A11: Revised CGAAP (Year 2)
A13: Select the set of appendices that apply | J13: Year Reflected in Schedule Below | K13: Accounting Standard
A14: 2012 Set of Appendices (2-CA to 2-CG) | C14: Assumes the applicant made capitalization and depreciation expense accounting policy changes under CGAAP effective January 1, 2012 and has adopted IFRS for financial reporting purposes effective January 1, 2015. Assumes that the applicant is reflecting these changes in a rebasing application for the first time. | J14: 2013 | K14: Revised CGAAP
A15: 2013 Set of Appendices (2-CA to 2-CF) | C15: Assumes the applicant made capitalization and depreciation expense accounting policy changes under CGAAP effective January 1, 2013 and has adopted IFRS for financial reporting purposes effective January 1, 2015. Assumes that the applicant is reflecting these changes in a rebasing application for the first time. | J15: 2014 | K15: Revised CGAAP
A18: Account | B18: Description | C18: Additions | D18: Years (new additions only) | E18: Depreciation Rate on New Additions | F18: Current Year Depreciation Expense 1 | G18: Depreciation Expense per Apppendix 2-BA Fixed Assets, Column J (l) | H18: Variance 2 | I18: Depreciation Expense on Current Full Year Additions | J18: Less Depreciation Expense on Assets Fully Depreciated During the Year (o) | K18: Current Full Year Depreciation 3
C19: (d) | D19: (f) | E19: (g) = 1 / (f) | F19: (h)= Prior Full Year Deprecation + ((d)*0.5)/(f) | H19: (m) = (h) - (l) | I19: (n)=((d))/(f) | K19: (p) = Prior Full Year Depreciation + (n) - (o)
A20: 1611 | B20: Computer Software (Formally known as Account 1925) | E20: =IF(D20=0,0,1/D20) -> 0 | F20: =IF(D20=0,+'App.2-CB_NewCGAAP_DepExp_Yr1'!O20,+'App.2-CB_NewCGAAP_DepExp_Yr1'!O20+((C20*0.5)/D20)) -> 0 | H20: =IF(ISERROR(+F20-G20), 0, +F20-G20) -> 0 | I20: =IF(D20=0,0,+(C20)/D20) -> 0 | K20: =IF(ISERROR(+I20+'App.2-CB_NewCGAAP_DepExp_Yr1'!O20-J20), 0, +I20+'App.2-CB_NewCGAAP_DepExp_Yr1'!O20-J20) -> 0
A21: 1612 | B21: Land Rights (Formally known as Account 1906) | E21: =IF(D21=0,0,1/D21) -> 0 | F21: =IF(D21=0,+'App.2-CB_NewCGAAP_DepExp_Yr1'!O21,+'App.2-CB_NewCGAAP_DepExp_Yr1'!O21+((C21*0.5)/D21)) -> 0 | H21: =IF(ISERROR(+F21-G21), 0, +F21-G21) -> 0 | I21: =IF(D21=0,0,+(C21)/D21) -> 0 | K21: =IF(ISERROR(+I21+'App.2-CB_NewCGAAP_DepExp_Yr1'!O21-J21), 0, +I21+'App.2-CB_NewCGAAP_DepExp_Yr1'!O21-J21) -> 0
A22: 1805 | B22: Land | E22: =IF(D22=0,0,1/D22) -> 0 | F22: =IF(D22=0,+'App.2-CB_NewCGAAP_DepExp_Yr1'!O22,+'App.2-CB_NewCGAAP_DepExp_Yr1'!O22+((C22*0.5)/D22)) -> 0 | H22: =IF(ISERROR(+F22-G22), 0, +F22-G22) -> 0 | I22: =IF(D22=0,0,+(C22)/D22) -> 0 | K22: =IF(ISERROR(+I22+'App.2-CB_NewCGAAP_DepExp_Yr1'!O22-J22), 0, +I22+'App.2-CB_NewCGAAP_DepExp_Yr1'!O22-J22) -> 0
A23: 1808 | B23: Buildings | E23: =IF(D23=0,0,1/D23) -> 0 | F23: =IF(D23=0,+'App.2-CB_NewCGAAP_DepExp_Yr1'!O23,+'App.2-CB_NewCGAAP_DepExp_Yr1'!O23+((C23*0.5)/D23)) -> 0 | H23: =IF(ISERROR(+F23-G23), 0, +F23-G23) -> 0 | I23: =IF(D23=0,0,+(C23)/D23) -> 0 | K23: =IF(ISERROR(+I23+'App.2-CB_NewCGAAP_DepExp_Yr1'!O23-J23), 0, +I23+'App.2-CB_NewCGAAP_DepExp_Yr1'!O23-J23) -> 0
A24: 1810 | B24: Leasehold Improvements | E24: =IF(D24=0,0,1/D24) -> 0 | F24: =IF(D24=0,+'App.2-CB_NewCGAAP_DepExp_Yr1'!O24,+'App.2-CB_NewCGAAP_DepExp_Yr1'!O24+((C24*0.5)/D24)) -> 0 | H24: =IF(ISERROR(+F24-G24), 0, +F24-G24) -> 0 | I24: =IF(D24=0,0,+(C24)/D24) -> 0 | K24: =IF(ISERROR(+I24+'App.2-CB_NewCGAAP_DepExp_Yr1'!O24-J24), 0, +I24+'App.2-CB_NewCGAAP_DepExp_Yr1'!O24-J24) -> 0
A25: 1815 | B25: Transformer Station Equipment >50 kV | E25: =IF(D25=0,0,1/D25) -> 0 | F25: =IF(D25=0,+'App.2-CB_NewCGAAP_DepExp_Yr1'!O25,+'App.2-CB_NewCGAAP_DepExp_Yr1'!O25+((C25*0.5)/D25)) -> 0 | H25: =IF(ISERROR(+F25-G25), 0, +F25-G25) -> 0 | I25: =IF(D25=0,0,+(C25)/D25) -> 0 | K25: =IF(ISERROR(+I25+'App.2-CB_NewCGAAP_DepExp_Yr1'!O25-J25), 0, +I25+'App.2-CB_NewCGAAP_DepExp_Yr1'!O25-J25) -> 0
A26: 1820 | B26: Distribution Station Equipment <50 kV | E26: =IF(D26=0,0,1/D26) -> 0 | F26: =IF(D26=0,+'App.2-CB_NewCGAAP_DepExp_Yr1'!O26,+'App.2-CB_NewCGAAP_DepExp_Yr1'!O26+((C26*0.5)/D26)) -> 0 | H26: =IF(ISERROR(+F26-G26), 0, +F26-G26) -> 0 | I26: =IF(D26=0,0,+(C26)/D26) -> 0 | K26: =IF(ISERROR(+I26+'App.2-CB_NewCGAAP_DepExp_Yr1'!O26-J26), 0, +I26+'App.2-CB_NewCGAAP_DepExp_Yr1'!O26-J26) -> 0
A27: 1825 | B27: Storage Battery Equipment | E27: =IF(D27=0,0,1/D27) -> 0 | F27: =IF(D27=0,+'App.2-CB_NewCGAAP_DepExp_Yr1'!O27,+'App.2-CB_NewCGAAP_DepExp_Yr1'!O27+((C27*0.5)/D27)) -> 0 | H27: =IF(ISERROR(+F27-G27), 0, +F27-G27) -> 0 | I27: =IF(D27=0,0,+(C27)/D27) -> 0 | K27: =IF(ISERROR(+I27+'App.2-CB_NewCGAAP_DepExp_Yr1'!O27-J27), 0, +I27+'App.2-CB_NewCGAAP_DepExp_Yr1'!O27-J27) -> 0
A28: 1830 | B28: Poles, Towers & Fixtures | E28: =IF(D28=0,0,1/D28) -> 0 | F28: =IF(D28=0,+'App.2-CB_NewCGAAP_DepExp_Yr1'!O28,+'App.2-CB_NewCGAAP_DepExp_Yr1'!O28+((C28*0.5)/D28)) -> 0 | H28: =IF(ISERROR(+F28-G28), 0, +F28-G28) -> 0 | I28: =IF(D28=0,0,+(C28)/D28) -> 0 | K28: =IF(ISERROR(+I28+'App.2-CB_NewCGAAP_DepExp_Yr1'!O28-J28), 0, +I28+'App.2-CB_NewCGAAP_DepExp_Yr1'!O28-J28) -> 0
A29: 1835 | B29: Overhead Conductors & Devices | E29: =IF(D29=0,0,1/D29) -> 0 | F29: =IF(D29=0,+'App.2-CB_NewCGAAP_DepExp_Yr1'!O29,+'App.2-CB_NewCGAAP_DepExp_Yr1'!O29+((C29*0.5)/D29)) -> 0 | H29: =IF(ISERROR(+F29-G29), 0, +F29-G29) -> 0 | I29: =IF(D29=0,0,+(C29)/D29) -> 0 | K29: =IF(ISERROR(+I29+'App.2-CB_NewCGAAP_DepExp_Yr1'!O29-J29), 0, +I29+'App.2-CB_NewCGAAP_DepExp_Yr1'!O29-J29) -> 0
A30: 1840 | B30: Underground Conduit | E30: =IF(D30=0,0,1/D30) -> 0 | F30: =IF(D30=0,+'App.2-CB_NewCGAAP_DepExp_Yr1'!O30,+'App.2-CB_NewCGAAP_DepExp_Yr1'!O30+((C30*0.5)/D30)) -> 0 | H30: =IF(ISERROR(+F30-G30), 0, +F30-G30) -> 0 | I30: =IF(D30=0,0,+(C30)/D30) -> 0 | K30: =IF(ISERROR(+I30+'App.2-CB_NewCGAAP_DepExp_Yr1'!O30-J30), 0, +I30+'App.2-CB_NewCGAAP_DepExp_Yr1'!O30-J30) -> 0
A31: 1845 | B31: Underground Conductors & Devices | E31: =IF(D31=0,0,1/D31) -> 0 | F31: =IF(D31=0,+'App.2-CB_NewCGAAP_DepExp_Yr1'!O31,+'App.2-CB_NewCGAAP_DepExp_Yr1'!O31+((C31*0.5)/D31)) -> 0 | H31: =IF(ISERROR(+F31-G31), 0, +F31-G31) -> 0 | I31: =IF(D31=0,0,+(C31)/D31) -> 0 | K31: =IF(ISERROR(+I31+'App.2-CB_NewCGAAP_DepExp_Yr1'!O31-J31), 0, +I31+'App.2-CB_NewCGAAP_DepExp_Yr1'!O31-J31) -> 0
... A57: 1995 | B57: Contributions & Grants | E57: =IF(D57=0,0,1/D57) -> 0 | F57: =IF(D57=0,+'App.2-CB_NewCGAAP_DepExp_Yr1'!O57,+'App.2-CB_NewCGAAP_DepExp_Yr1'!O57+((C57*0.5)/D57)) -> 0 | H57: =IF(ISERROR(+F57-G57), 0, +F57-G57) -> 0 | I57: =IF(D57=0,0,+(C57)/D57) -> 0 | K57: =IF(ISERROR(+I57+'App.2-CB_NewCGAAP_DepExp_Yr1'!O57-J57), 0, +I57+'App.2-CB_NewCGAAP_DepExp_Yr1'!O57-J57) -> 0
B58: Total | C58: =SUM(C20:C57) -> 0 | F58: =SUM(F20:F57) -> 0 | G58: =SUM(G20:G57) -> 0 | H58: =SUM(H20:H57) -> 0 | I58: =SUM(I20:I57) -> 0 | J58: =SUM(J20:J57) -> 0 | K58: =SUM(K20:K57) -> 0
A60: Notes:
A61: 1 | B61: Board policy of the "half-year" rule - the applicant must ensure that additions in the year attract a half-year depreciation expense in the first year. Deviations from this standard practice must be supported in the application.
A62: 2 | B62: The applicant must provide an explanation of material variances in evidence.
A63: 3 | B63: This column refers to the calculated full year depreciation but excludes the depreciation expense on assets fully depreciated during the year. This column is used for the purpose of calculating depreciation expense in the following year on the next worksheet.
A65: General: | B65: Applicants must provide a breakdown of depreciation and amortization expense in the above format for all relevant accounts. Asset Retirement Obligations (AROs), depreciation and accretion expense should be disclosed separately consistent with the Notes of historical Audited Financial Statements.

Sheet App.2-CD_DepExp_Yr3
J1: File Number: | K1: =EBNUMBER -> EB-2016-0066
J2: Exhibit:
J3: Tab:
J4: Schedule:
J5: Page:
J7: Date:
A9: Appendix 2-CD - Not Applicable
A10: Depreciation and Amortization Expense
A11: Revised CGAAP or MIFRS (Year 3)
A13: Select the set of appendices that apply | J13: Year Reflected in Schedule Below | K13: Accounting Standard
A14: 2012 Set of Appendices (2-CA to 2-CG) | C14: Assumes the applicant made capitalization and depreciation expense accounting policy changes under CGAAP effective January 1, 2012 and has adopted IFRS for financial reporting purposes effective January 1, 2015. Assumes that the applicant is reflecting these changes in a rebasing application for the first time. | J14: 2014 | K14: Revised CGAAP
A15: 2013 Set of Appendices (2-CA to 2-CF) | C15: Assumes the applicant made capitalization and depreciation expense accounting policy changes under CGAAP effective January 1, 2013 and has adopted IFRS for financial reporting purposes effective January 1, 2015. Assumes that the applicant is reflecting these changes in a rebasing application for the first time. | J15: 2015 | K15: MIFRS
A18: Account | B18: Description | C18: Additions | D18: Years (new additions only) | E18: Depreciation Rate on New Additions | F18: Current Year Depreciation Expense1 | G18: Depreciation Expense per Apppendix 2-BA Fixed Assets, Column J (l) | H18: Variance 2 | I18: Depreciation Expense on Current Full Year Additions | J18: Less Depreciation Expense on Assets Fully Depreciated During the Year (o) | K18: Current Full Year Depreciation 3
C19: (d) | D19: (f) | E19: (g) = 1 / (f) | F19: (h) = Prior Full Year Deprecation + ((d)*0.5)/(f) | H19: (m) = (h) - (l) | I19: (n)=((d))/(f) | K19: (p) = Prior Full Year Depreciation + (n) - (o)
A20: 1611 | B20: Computer Software (Formally known as Account 1925) | E20: =IF(D20=0,0,1/D20) -> 0 | F20: =IF(D20=0,+'App.2-CC_DepExp_Yr2'!K20,+'App.2-CC_DepExp_Yr2'!K20+((C20*0.5)/D20)) -> 0 | H20: =IF(ISERROR(+F20-G20), 0, +F20-G20) -> 0 | I20: =IF(D20=0,0,+(C20)/D20) -> 0 | K20: =IF(ISERROR(+I20+'App.2-CC_DepExp_Yr2'!K20-J20), 0, +I20+'App.2-CC_DepExp_Yr2'!K20-J20) -> 0
A21: 1612 | B21: Land Rights (Formally known as Account 1906) | E21: =IF(D21=0,0,1/D21) -> 0 | F21: =IF(D21=0,+'App.2-CC_DepExp_Yr2'!K21,+'App.2-CC_DepExp_Yr2'!K21+((C21*0.5)/D21)) -> 0 | H21: =IF(ISERROR(+F21-G21), 0, +F21-G21) -> 0 | I21: =IF(D21=0,0,+(C21)/D21) -> 0 | K21: =IF(ISERROR(+I21+'App.2-CC_DepExp_Yr2'!K21-J21), 0, +I21+'App.2-CC_DepExp_Yr2'!K21-J21) -> 0
A22: 1805 | B22: Land | E22: =IF(D22=0,0,1/D22) -> 0 | F22: =IF(D22=0,+'App.2-CC_DepExp_Yr2'!K22,+'App.2-CC_DepExp_Yr2'!K22+((C22*0.5)/D22)) -> 0 | H22: =IF(ISERROR(+F22-G22), 0, +F22-G22) -> 0 | I22: =IF(D22=0,0,+(C22)/D22) -> 0 | K22: =IF(ISERROR(+I22+'App.2-CC_DepExp_Yr2'!K22-J22), 0, +I22+'App.2-CC_DepExp_Yr2'!K22-J22) -> 0
A23: 1808 | B23: Buildings | E23: =IF(D23=0,0,1/D23) -> 0 | F23: =IF(D23=0,+'App.2-CC_DepExp_Yr2'!K23,+'App.2-CC_DepExp_Yr2'!K23+((C23*0.5)/D23)) -> 0 | H23: =IF(ISERROR(+F23-G23), 0, +F23-G23) -> 0 | I23: =IF(D23=0,0,+(C23)/D23) -> 0 | K23: =IF(ISERROR(+I23+'App.2-CC_DepExp_Yr2'!K23-J23), 0, +I23+'App.2-CC_DepExp_Yr2'!K23-J23) -> 0
A24: 1810 | B24: Leasehold Improvements | E24: =IF(D24=0,0,1/D24) -> 0 | F24: =IF(D24=0,+'App.2-CC_DepExp_Yr2'!K24,+'App.2-CC_DepExp_Yr2'!K24+((C24*0.5)/D24)) -> 0 | H24: =IF(ISERROR(+F24-G24), 0, +F24-G24) -> 0 | I24: =IF(D24=0,0,+(C24)/D24) -> 0 | K24: =IF(ISERROR(+I24+'App.2-CC_DepExp_Yr2'!K24-J24), 0, +I24+'App.2-CC_DepExp_Yr2'!K24-J24) -> 0
A25: 1815 | B25: Transformer Station Equipment >50 kV | E25: =IF(D25=0,0,1/D25) -> 0 | F25: =IF(D25=0,+'App.2-CC_DepExp_Yr2'!K25,+'App.2-CC_DepExp_Yr2'!K25+((C25*0.5)/D25)) -> 0 | H25: =IF(ISERROR(+F25-G25), 0, +F25-G25) -> 0 | I25: =IF(D25=0,0,+(C25)/D25) -> 0 | K25: =IF(ISERROR(+I25+'App.2-CC_DepExp_Yr2'!K25-J25), 0, +I25+'App.2-CC_DepExp_Yr2'!K25-J25) -> 0
A26: 1820 | B26: Distribution Station Equipment <50 kV | E26: =IF(D26=0,0,1/D26) -> 0 | F26: =IF(D26=0,+'App.2-CC_DepExp_Yr2'!K26,+'App.2-CC_DepExp_Yr2'!K26+((C26*0.5)/D26)) -> 0 | H26: =IF(ISERROR(+F26-G26), 0, +F26-G26) -> 0 | I26: =IF(D26=0,0,+(C26)/D26) -> 0 | K26: =IF(ISERROR(+I26+'App.2-CC_DepExp_Yr2'!K26-J26), 0, +I26+'App.2-CC_DepExp_Yr2'!K26-J26) -> 0
A27: 1825 | B27: Storage Battery Equipment | E27: =IF(D27=0,0,1/D27) -> 0 | F27: =IF(D27=0,+'App.2-CC_DepExp_Yr2'!K27,+'App.2-CC_DepExp_Yr2'!K27+((C27*0.5)/D27)) -> 0 | H27: =IF(ISERROR(+F27-G27), 0, +F27-G27) -> 0 | I27: =IF(D27=0,0,+(C27)/D27) -> 0 | K27: =IF(ISERROR(+I27+'App.2-CC_DepExp_Yr2'!K27-J27), 0, +I27+'App.2-CC_DepExp_Yr2'!K27-J27) -> 0
A28: 1830 | B28: Poles, Towers & Fixtures | E28: =IF(D28=0,0,1/D28) -> 0 | F28: =IF(D28=0,+'App.2-CC_DepExp_Yr2'!K28,+'App.2-CC_DepExp_Yr2'!K28+((C28*0.5)/D28)) -> 0 | H28: =IF(ISERROR(+F28-G28), 0, +F28-G28) -> 0 | I28: =IF(D28=0,0,+(C28)/D28) -> 0 | K28: =IF(ISERROR(+I28+'App.2-CC_DepExp_Yr2'!K28-J28), 0, +I28+'App.2-CC_DepExp_Yr2'!K28-J28) -> 0
A29: 1835 | B29: Overhead Conductors & Devices | E29: =IF(D29=0,0,1/D29) -> 0 | F29: =IF(D29=0,+'App.2-CC_DepExp_Yr2'!K29,+'App.2-CC_DepExp_Yr2'!K29+((C29*0.5)/D29)) -> 0 | H29: =IF(ISERROR(+F29-G29), 0, +F29-G29) -> 0 | I29: =IF(D29=0,0,+(C29)/D29) -> 0 | K29: =IF(ISERROR(+I29+'App.2-CC_DepExp_Yr2'!K29-J29), 0, +I29+'App.2-CC_DepExp_Yr2'!K29-J29) -> 0
A30: 1840 | B30: Underground Conduit | E30: =IF(D30=0,0,1/D30) -> 0 | F30: =IF(D30=0,+'App.2-CC_DepExp_Yr2'!K30,+'App.2-CC_DepExp_Yr2'!K30+((C30*0.5)/D30)) -> 0 | H30: =IF(ISERROR(+F30-G30), 0, +F30-G30) -> 0 | I30: =IF(D30=0,0,+(C30)/D30) -> 0 | K30: =IF(ISERROR(+I30+'App.2-CC_DepExp_Yr2'!K30-J30), 0, +I30+'App.2-CC_DepExp_Yr2'!K30-J30) -> 0
A31: 1845 | B31: Underground Conductors & Devices | E31: =IF(D31=0,0,1/D31) -> 0 | F31: =IF(D31=0,+'App.2-CC_DepExp_Yr2'!K31,+'App.2-CC_DepExp_Yr2'!K31+((C31*0.5)/D31)) -> 0 | H31: =IF(ISERROR(+F31-G31), 0, +F31-G31) -> 0 | I31: =IF(D31=0,0,+(C31)/D31) -> 0 | K31: =IF(ISERROR(+I31+'App.2-CC_DepExp_Yr2'!K31-J31), 0, +I31+'App.2-CC_DepExp_Yr2'!K31-J31) -> 0
... A57: 1995 | B57: Contributions & Grants | E57: =IF(D57=0,0,1/D57) -> 0 | F57: =IF(D57=0,+'App.2-CC_DepExp_Yr2'!K57,+'App.2-CC_DepExp_Yr2'!K57+((C57*0.5)/D57)) -> 0 | H57: =IF(ISERROR(+F57-G57), 0, +F57-G57) -> 0 | I57: =IF(D57=0,0,+(C57)/D57) -> 0 | K57: =IF(ISERROR(+I57+'App.2-CC_DepExp_Yr2'!K57-J57), 0, +I57+'App.2-CC_DepExp_Yr2'!K57-J57) -> 0
B58: Total | C58: =SUM(C20:C57) -> 0 | F58: =SUM(F20:F57) -> 0 | G58: =SUM(G20:G57) -> 0 | H58: =SUM(H20:H57) -> 0 | I58: =SUM(I20:I57) -> 0 | J58: =SUM(J20:J57) -> 0 | K58: =SUM(K20:K57) -> 0
B59: Depreciation exp. adj. from gain or loss on the retirement of assets (pool of like assets) (under MIFRS)
B60: Total Depreciation Expense | F60: =+F59+F58 -> 0
A62: Notes:
A63: 1 | B63: Board policy of the "half-year" rule - the applicant must ensure that additions in the year attract a half-year depreciation expense in the first year. Deviations from this standard practice must be supported in the application.
A64: 2 | B64: The applicant must provide an explanation of material variances in evidence.
A65: 3 | B65: This column refers to the calculated full year depreciation but excludes the depreciation expense on assets fully depreciated during the year. This column is used for the purpose of calculating depreciation expense in the following year on the next worksheet.
A67: General: | B67: Applicants must provide a breakdown of depreciation and amortization expense in the above format for all relevant accounts. Asset Retirement Obligations (AROs), depreciation and accretion expense should be disclosed separately consistent with the Notes of historical Audited Financial Statements.

Sheet App.2-CE_DepExp_Yr4
J1: File Number: | K1: =EBNUMBER -> EB-2016-0066
J2: Exhibit:
J3: Tab:
J4: Schedule:
J5: Page:
J7: Date:
A9: Appendix 2-CE - Not Applicable
A10: Depreciation and Amortization Expense
A11: MIFRS (Year 4)
A13: Select the set of appendices that apply | J13: Year Reflected in Schedule Below | K13: Accounting Standard
A14: 2012 Set of Appendices (2-CA to 2-CG) | C14: Assumes the applicant made capitalization and depreciation expense accounting policy changes under CGAAP effective January 1, 2012 and has adopted IFRS for financial reporting purposes effective January 1, 2015. Assumes that the applicant is reflecting these changes in a rebasing application for the first time. | J14: 2015 | K14: MIFRS
A15: 2013 Set of Appendices (2-CA to 2-CF) | C15: Assumes the applicant made capitalization and depreciation expense accounting policy changes under CGAAP effective January 1, 2013 and has adopted IFRS for financial reporting purposes effective January 1, 2015. Assumes that the applicant is reflecting these changes in a rebasing application for the first time. | J15: 2016 | K15: MIFRS
A18: Account | B18: Description | C18: Additions | D18: Years (new additions only) | E18: Depreciation Rate on New Additions | F18: Current Year Depreciation Expense1 | G18: Depreciation Expense per Appendix 2-BA Fixed Assets, Column J (l) | H18: Variance 2 | I18: Depreciation Expense on Current Full Year Additions | J18: Less Depreciation Expense on Assets Fully Depreciated During the Year (o) | K18: Current Full Year Depreciation 3
C19: (d) | D19: (f) | E19: (g) = 1 / (f) | F19: (h)=Prior Full Year Depreciation + ((d)*0.5)/(f) | H19: (m) = (h) - (l) | I19: (n)=((d))/(f) | K19: (p) = Prior Full Year Depreciation + (n) - (o)
A20: 1611 | B20: Computer Software (Formally known as Account 1925) | E20: =IF(D20=0,0,1/D20) -> 0 | F20: =IF(D20=0,'App.2-CD_DepExp_Yr3'!K20,+'App.2-CD_DepExp_Yr3'!K20+((C20*0.5)/D20)) -> 0 | H20: =IF(ISERROR(+F20-G20), 0, +F20-G20) -> 0 | I20: =IF(D20=0,0,+(C20)/D20) -> 0 | K20: =IF(ISERROR(+I20+'App.2-CD_DepExp_Yr3'!K20-J20), 0, +I20+'App.2-CD_DepExp_Yr3'!K20-J20) -> 0
A21: 1612 | B21: Land Rights (Formally known as Account 1906) | E21: =IF(D21=0,0,1/D21) -> 0 | F21: =IF(D21=0,'App.2-CD_DepExp_Yr3'!K21,+'App.2-CD_DepExp_Yr3'!K21+((C21*0.5)/D21)) -> 0 | H21: =IF(ISERROR(+F21-G21), 0, +F21-G21) -> 0 | I21: =IF(D21=0,0,+(C21)/D21) -> 0 | K21: =IF(ISERROR(+I21+'App.2-CD_DepExp_Yr3'!K21-J21), 0, +I21+'App.2-CD_DepExp_Yr3'!K21-J21) -> 0
A22: 1805 | B22: Land | E22: =IF(D22=0,0,1/D22) -> 0 | F22: =IF(D22=0,'App.2-CD_DepExp_Yr3'!K22,+'App.2-CD_DepExp_Yr3'!K22+((C22*0.5)/D22)) -> 0 | H22: =IF(ISERROR(+F22-G22), 0, +F22-G22) -> 0 | I22: =IF(D22=0,0,+(C22)/D22) -> 0 | K22: =IF(ISERROR(+I22+'App.2-CD_DepExp_Yr3'!K22-J22), 0, +I22+'App.2-CD_DepExp_Yr3'!K22-J22) -> 0
A23: 1808 | B23: Buildings | E23: =IF(D23=0,0,1/D23) -> 0 | F23: =IF(D23=0,'App.2-CD_DepExp_Yr3'!K23,+'App.2-CD_DepExp_Yr3'!K23+((C23*0.5)/D23)) -> 0 | H23: =IF(ISERROR(+F23-G23), 0, +F23-G23) -> 0 | I23: =IF(D23=0,0,+(C23)/D23) -> 0 | K23: =IF(ISERROR(+I23+'App.2-CD_DepExp_Yr3'!K23-J23), 0, +I23+'App.2-CD_DepExp_Yr3'!K23-J23) -> 0
A24: 1810 | B24: Leasehold Improvements | E24: =IF(D24=0,0,1/D24) -> 0 | F24: =IF(D24=0,'App.2-CD_DepExp_Yr3'!K24,+'App.2-CD_DepExp_Yr3'!K24+((C24*0.5)/D24)) -> 0 | H24: =IF(ISERROR(+F24-G24), 0, +F24-G24) -> 0 | I24: =IF(D24=0,0,+(C24)/D24) -> 0 | K24: =IF(ISERROR(+I24+'App.2-CD_DepExp_Yr3'!K24-J24), 0, +I24+'App.2-CD_DepExp_Yr3'!K24-J24) -> 0
A25: 1815 | B25: Transformer Station Equipment >50 kV | E25: =IF(D25=0,0,1/D25) -> 0 | F25: =IF(D25=0,'App.2-CD_DepExp_Yr3'!K25,+'App.2-CD_DepExp_Yr3'!K25+((C25*0.5)/D25)) -> 0 | H25: =IF(ISERROR(+F25-G25), 0, +F25-G25) -> 0 | I25: =IF(D25=0,0,+(C25)/D25) -> 0 | K25: =IF(ISERROR(+I25+'App.2-CD_DepExp_Yr3'!K25-J25), 0, +I25+'App.2-CD_DepExp_Yr3'!K25-J25) -> 0
A26: 1820 | B26: Distribution Station Equipment <50 kV | E26: =IF(D26=0,0,1/D26) -> 0 | F26: =IF(D26=0,'App.2-CD_DepExp_Yr3'!K26,+'App.2-CD_DepExp_Yr3'!K26+((C26*0.5)/D26)) -> 0 | H26: =IF(ISERROR(+F26-G26), 0, +F26-G26) -> 0 | I26: =IF(D26=0,0,+(C26)/D26) -> 0 | K26: =IF(ISERROR(+I26+'App.2-CD_DepExp_Yr3'!K26-J26), 0, +I26+'App.2-CD_DepExp_Yr3'!K26-J26) -> 0
A27: 1825 | B27: Storage Battery Equipment | E27: =IF(D27=0,0,1/D27) -> 0 | F27: =IF(D27=0,'App.2-CD_DepExp_Yr3'!K27,+'App.2-CD_DepExp_Yr3'!K27+((C27*0.5)/D27)) -> 0 | H27: =IF(ISERROR(+F27-G27), 0, +F27-G27) -> 0 | I27: =IF(D27=0,0,+(C27)/D27) -> 0 | K27: =IF(ISERROR(+I27+'App.2-CD_DepExp_Yr3'!K27-J27), 0, +I27+'App.2-CD_DepExp_Yr3'!K27-J27) -> 0
A28: 1830 | B28: Poles, Towers & Fixtures | E28: =IF(D28=0,0,1/D28) -> 0 | F28: =IF(D28=0,'App.2-CD_DepExp_Yr3'!K28,+'App.2-CD_DepExp_Yr3'!K28+((C28*0.5)/D28)) -> 0 | H28: =IF(ISERROR(+F28-G28), 0, +F28-G28) -> 0 | I28: =IF(D28=0,0,+(C28)/D28) -> 0 | K28: =IF(ISERROR(+I28+'App.2-CD_DepExp_Yr3'!K28-J28), 0, +I28+'App.2-CD_DepExp_Yr3'!K28-J28) -> 0
A29: 1835 | B29: Overhead Conductors & Devices | E29: =IF(D29=0,0,1/D29) -> 0 | F29: =IF(D29=0,'App.2-CD_DepExp_Yr3'!K29,+'App.2-CD_DepExp_Yr3'!K29+((C29*0.5)/D29)) -> 0 | H29: =IF(ISERROR(+F29-G29), 0, +F29-G29) -> 0 | I29: =IF(D29=0,0,+(C29)/D29) -> 0 | K29: =IF(ISERROR(+I29+'App.2-CD_DepExp_Yr3'!K29-J29), 0, +I29+'App.2-CD_DepExp_Yr3'!K29-J29) -> 0
A30: 1840 | B30: Underground Conduit | E30: =IF(D30=0,0,1/D30) -> 0 | F30: =IF(D30=0,'App.2-CD_DepExp_Yr3'!K30,+'App.2-CD_DepExp_Yr3'!K30+((C30*0.5)/D30)) -> 0 | H30: =IF(ISERROR(+F30-G30), 0, +F30-G30) -> 0 | I30: =IF(D30=0,0,+(C30)/D30) -> 0 | K30: =IF(ISERROR(+I30+'App.2-CD_DepExp_Yr3'!K30-J30), 0, +I30+'App.2-CD_DepExp_Yr3'!K30-J30) -> 0
A31: 1845 | B31: Underground Conductors & Devices | E31: =IF(D31=0,0,1/D31) -> 0 | F31: =IF(D31=0,'App.2-CD_DepExp_Yr3'!K31,+'App.2-CD_DepExp_Yr3'!K31+((C31*0.5)/D31)) -> 0 | H31: =IF(ISERROR(+F31-G31), 0, +F31-G31) -> 0 | I31: =IF(D31=0,0,+(C31)/D31) -> 0 | K31: =IF(ISERROR(+I31+'App.2-CD_DepExp_Yr3'!K31-J31), 0, +I31+'App.2-CD_DepExp_Yr3'!K31-J31) -> 0
... A57: 1995 | B57: Contributions & Grants | E57: =IF(D57=0,0,1/D57) -> 0 | F57: =IF(D57=0,'App.2-CD_DepExp_Yr3'!K57,+'App.2-CD_DepExp_Yr3'!K57+((C57*0.5)/D57)) -> 0 | H57: =IF(ISERROR(+F57-G57), 0, +F57-G57) -> 0 | I57: =IF(D57=0,0,+(C57)/D57) -> 0 | K57: =IF(ISERROR(+I57+'App.2-CD_DepExp_Yr3'!K57-J57), 0, +I57+'App.2-CD_DepExp_Yr3'!K57-J57) -> 0
B58: Total | C58: =SUM(C20:C57) -> 0 | F58: =SUM(F20:F57) -> 0 | G58: =SUM(G20:G57) -> 0 | H58: =SUM(H20:H57) -> 0 | I58: =SUM(I20:I57) -> 0 | J58: =SUM(J20:J57) -> 0 | K58: =SUM(K20:K57) -> 0
B59: Depreciation exp. adj. from gain or loss on the retirement of assets (pool of like assets)
B60: Total Depreciation Expense | F60: =SUM(F58:F59) -> 0
A61: Notes:
A62: 1 | B62: Board policy of the "half-year" rule - the applicant must ensure that additions in the year attract a half-year depreciation expense in the first year. Deviations from this standard practice must be supported in the application.
A63: 2 | B63: The applicant must provide an explanation of material variances in evidence.
A64: 3 | B64: This column refers to the calculated full year depreciation but excludes the depreciation expense on assets fully depreciated during the year. This column is used for the purpose of calculating depreciation expense in the following year on the next worksheet.
A66: General: | B66: Applicants must provide a breakdown of depreciation and amortization expense in the above format for all relevant accounts. Asset Retirement Obligations (AROs), depreciation and accretion expense should be disclosed separately consistent with the Notes of historical Audited Financial Statements.

Sheet App.2-CF_DepExp_Yr5
J1: File Number: | K1: =EBNUMBER -> EB-2016-0066
J2: Exhibit:
J3: Tab:
J4: Schedule:
J5: Page:
J7: Date:
A9: Appendix 2-CF - Not Applicable
A10: Depreciation and Amortization Expense
A11: MIFRS (Year 5)
A13: Select the set of appendices that apply | J13: Year Reflected in Schedule Below | K13: Accounting Standard
A14: 2012 Set of Appendices (2-CA to 2-CG) | C14: Assumes the applicant made capitalization and depreciation expense accounting policy changes under CGAAP effective January 1, 2012 and has adopted IFRS for financial reporting purposes effective January 1, 2015. Assumes that the applicant is reflecting these changes in a rebasing application for the first time. | J14: 2016 | K14: MIFRS
A15: 2013 Set of Appendices (2-CA to 2-CF) | C15: Assumes the applicant made capitalization and depreciation expense accounting policy changes under CGAAP effective January 1, 2013 and has adopted IFRS for financial reporting purposes effective January 1, 2015. Assumes that the applicant is reflecting these changes in a rebasing application for the first time. | J15: 2017 | K15: MIFRS
A18: Account | B18: Description | C18: Additions | D18: Years (new additions only) | E18: Depreciation Rate on New Additions | F18: Current Depreciation Expense1 | G18: Depreciation Expense per Appendix 2-BA Fixed Assets, Column J (l) | H18: Variance 2 | I18: Depreciation Expense on Current Full Year Additions | J18: Less Depreciation Expense on Assets Fully Depreciated During the Year (o) | K18: Current Full Year Depreciation 3
C19: (d) | D19: (f) | E19: (g) = 1 / (f) | F19: (h)= Prior Full Year Depreciation + ((d)*0.5)/(f) | H19: (m) = (h) - (l) | I19: (n)=((d))/(f) | K19: (p) = Prior Full Year Depreciation + (n) - (o)
A20: 1611 | B20: Computer Software (Formally known as Account 1925) | E20: =IF(D20=0,0,1/D20) -> 0 | F20: =IF(D20=0,'App.2-CE_DepExp_Yr4'!K20,+'App.2-CE_DepExp_Yr4'!K20+((C20*0.5)/D20)) -> 0 | H20: =IF(ISERROR(+F20-G20), 0, +F20-G20) -> 0 | I20: =IF(D20=0,0,+(C20)/D20) -> 0 | K20: =IF(ISERROR(+I20+'App.2-CE_DepExp_Yr4'!K20-J20), 0, +'App.2-CE_DepExp_Yr4'!K20-J20) -> 0
A21: 1612 | B21: Land Rights (Formally known as Account 1906) | E21: =IF(D21=0,0,1/D21) -> 0 | F21: =IF(D21=0,'App.2-CE_DepExp_Yr4'!K21,+'App.2-CE_DepExp_Yr4'!K21+((C21*0.5)/D21)) -> 0 | H21: =IF(ISERROR(+F21-G21), 0, +F21-G21) -> 0 | I21: =IF(D21=0,0,+(C21)/D21) -> 0 | K21: =IF(ISERROR(+I21+'App.2-CE_DepExp_Yr4'!K21-J21), 0, +'App.2-CE_DepExp_Yr4'!K21-J21) -> 0
A22: 1805 | B22: Land | E22: =IF(D22=0,0,1/D22) -> 0 | F22: =IF(D22=0,'App.2-CE_DepExp_Yr4'!K22,+'App.2-CE_DepExp_Yr4'!K22+((C22*0.5)/D22)) -> 0 | H22: =IF(ISERROR(+F22-G22), 0, +F22-G22) -> 0 | I22: =IF(D22=0,0,+(C22)/D22) -> 0 | K22: =IF(ISERROR(+I22+'App.2-CE_DepExp_Yr4'!K22-J22), 0, +'App.2-CE_DepExp_Yr4'!K22-J22) -> 0
A23: 1808 | B23: Buildings | E23: =IF(D23=0,0,1/D23) -> 0 | F23: =IF(D23=0,'App.2-CE_DepExp_Yr4'!K23,+'App.2-CE_DepExp_Yr4'!K23+((C23*0.5)/D23)) -> 0 | H23: =IF(ISERROR(+F23-G23), 0, +F23-G23) -> 0 | I23: =IF(D23=0,0,+(C23)/D23) -> 0 | K23: =IF(ISERROR(+I23+'App.2-CE_DepExp_Yr4'!K23-J23), 0, +'App.2-CE_DepExp_Yr4'!K23-J23) -> 0
A24: 1810 | B24: Leasehold Improvements | E24: =IF(D24=0,0,1/D24) -> 0 | F24: =IF(D24=0,'App.2-CE_DepExp_Yr4'!K24,+'App.2-CE_DepExp_Yr4'!K24+((C24*0.5)/D24)) -> 0 | H24: =IF(ISERROR(+F24-G24), 0, +F24-G24) -> 0 | I24: =IF(D24=0,0,+(C24)/D24) -> 0 | K24: =IF(ISERROR(+I24+'App.2-CE_DepExp_Yr4'!K24-J24), 0, +'App.2-CE_DepExp_Yr4'!K24-J24) -> 0
A25: 1815 | B25: Transformer Station Equipment >50 kV | E25: =IF(D25=0,0,1/D25) -> 0 | F25: =IF(D25=0,'App.2-CE_DepExp_Yr4'!K25,+'App.2-CE_DepExp_Yr4'!K25+((C25*0.5)/D25)) -> 0 | H25: =IF(ISERROR(+F25-G25), 0, +F25-G25) -> 0 | I25: =IF(D25=0,0,+(C25)/D25) -> 0 | K25: =IF(ISERROR(+I25+'App.2-CE_DepExp_Yr4'!K25-J25), 0, +'App.2-CE_DepExp_Yr4'!K25-J25) -> 0
A26: 1820 | B26: Distribution Station Equipment <50 kV | E26: =IF(D26=0,0,1/D26) -> 0 | F26: =IF(D26=0,'App.2-CE_DepExp_Yr4'!K26,+'App.2-CE_DepExp_Yr4'!K26+((C26*0.5)/D26)) -> 0 | H26: =IF(ISERROR(+F26-G26), 0, +F26-G26) -> 0 | I26: =IF(D26=0,0,+(C26)/D26) -> 0 | K26: =IF(ISERROR(+I26+'App.2-CE_DepExp_Yr4'!K26-J26), 0, +'App.2-CE_DepExp_Yr4'!K26-J26) -> 0
A27: 1825 | B27: Storage Battery Equipment | E27: =IF(D27=0,0,1/D27) -> 0 | F27: =IF(D27=0,'App.2-CE_DepExp_Yr4'!K27,+'App.2-CE_DepExp_Yr4'!K27+((C27*0.5)/D27)) -> 0 | H27: =IF(ISERROR(+F27-G27), 0, +F27-G27) -> 0 | I27: =IF(D27=0,0,+(C27)/D27) -> 0 | K27: =IF(ISERROR(+I27+'App.2-CE_DepExp_Yr4'!K27-J27), 0, +'App.2-CE_DepExp_Yr4'!K27-J27) -> 0
A28: 1830 | B28: Poles, Towers & Fixtures | E28: =IF(D28=0,0,1/D28) -> 0 | F28: =IF(D28=0,'App.2-CE_DepExp_Yr4'!K28,+'App.2-CE_DepExp_Yr4'!K28+((C28*0.5)/D28)) -> 0 | H28: =IF(ISERROR(+F28-G28), 0, +F28-G28) -> 0 | I28: =IF(D28=0,0,+(C28)/D28) -> 0 | K28: =IF(ISERROR(+I28+'App.2-CE_DepExp_Yr4'!K28-J28), 0, +'App.2-CE_DepExp_Yr4'!K28-J28) -> 0
A29: 1835 | B29: Overhead Conductors & Devices | E29: =IF(D29=0,0,1/D29) -> 0 | F29: =IF(D29=0,'App.2-CE_DepExp_Yr4'!K29,+'App.2-CE_DepExp_Yr4'!K29+((C29*0.5)/D29)) -> 0 | H29: =IF(ISERROR(+F29-G29), 0, +F29-G29) -> 0 | I29: =IF(D29=0,0,+(C29)/D29) -> 0 | K29: =IF(ISERROR(+I29+'App.2-CE_DepExp_Yr4'!K29-J29), 0, +'App.2-CE_DepExp_Yr4'!K29-J29) -> 0
A30: 1840 | B30: Underground Conduit | E30: =IF(D30=0,0,1/D30) -> 0 | F30: =IF(D30=0,'App.2-CE_DepExp_Yr4'!K30,+'App.2-CE_DepExp_Yr4'!K30+((C30*0.5)/D30)) -> 0 | H30: =IF(ISERROR(+F30-G30), 0, +F30-G30) -> 0 | I30: =IF(D30=0,0,+(C30)/D30) -> 0 | K30: =IF(ISERROR(+I30+'App.2-CE_DepExp_Yr4'!K30-J30), 0, +'App.2-CE_DepExp_Yr4'!K30-J30) -> 0
A31: 1845 | B31: Underground Conductors & Devices | E31: =IF(D31=0,0,1/D31) -> 0 | F31: =IF(D31=0,'App.2-CE_DepExp_Yr4'!K31,+'App.2-CE_DepExp_Yr4'!K31+((C31*0.5)/D31)) -> 0 | H31: =IF(ISERROR(+F31-G31), 0, +F31-G31) -> 0 | I31: =IF(D31=0,0,+(C31)/D31) -> 0 | K31: =IF(ISERROR(+I31+'App.2-CE_DepExp_Yr4'!K31-J31), 0, +'App.2-CE_DepExp_Yr4'!K31-J31) -> 0
... A57: 1995 | B57: Contributions & Grants | E57: =IF(D57=0,0,1/D57) -> 0 | F57: =IF(D57=0,'App.2-CE_DepExp_Yr4'!K57,+'App.2-CE_DepExp_Yr4'!K57+((C57*0.5)/D57)) -> 0 | H57: =IF(ISERROR(+F57-G57), 0, +F57-G57) -> 0 | I57: =IF(D57=0,0,+(C57)/D57) -> 0 | K57: =IF(ISERROR(+I57+'App.2-CE_DepExp_Yr4'!K57-J57), 0, +'App.2-CE_DepExp_Yr4'!K57-J57) -> 0
B58: Total | C58: =SUM(C20:C57) -> 0 | F58: =SUM(F20:F57) -> 0 | G58: =SUM(G20:G57) -> 0 | H58: =SUM(H20:H57) -> 0 | I58: =SUM(I20:I57) -> 0 | J58: =SUM(J20:J57) -> 0 | K58: =SUM(K20:K57) -> 0
B59: Depreciation exp. adj. from gain or loss on the retirement of assets (pool of like assets)
B60: Total Depreciation Expense | F60: =SUM(F58:F59) -> 0
A61: Notes:
A62: 1 | B62: Board policy of the "half-year" rule - the applicant must ensure that additions in the year attract a half-year depreciation expense in the first year. Deviations from this standard practice must be supported in the application.
A63: 2 | B63: The applicant must provide an explanation of material variances in evidence.
A64: 3 | B64: This column refers to the calculated full year depreciation but excludes the depreciation expense on assets fully depreciated during the year. This column is used for the purpose of calculating depreciation expense in the following year on the next worksheet.
A66: General: | B66: Applicants must provide a breakdown of depreciation and amortization expense in the above format for all relevant accounts. Asset Retirement Obligations (AROs), depreciation and accretion expense should be disclosed separately consistent with the Notes of historical Audited Financial Statements.

Sheet App.2-CG_DepExp_Yr6
J1: File Number: | K1: =EBNUMBER -> EB-2016-0066
J2: Exhibit:
J3: Tab:
J4: Schedule:
J5: Page:
J7: Date:
A9: Appendix 2-CG - Not Applicable
A10: Depreciation and Amortization Expense
A11: MIFRS (Year 6)
A13: Select the set of appendices that apply | J13: Year Reflected in Schedule Below | K13: Accounting Standard
A14: 2012 Set of Appendices (2-CA to 2-CG) | C14: Assumes the applicant made capitalization and depreciation expense accounting policy changes under CGAAP effective January 1, 2012 and has adopted IFRS for financial reporting purposes effective January 1, 2015. Assumes that the applicant is reflecting these changes in a rebasing application for the first time. | J14: 2017 | K14: MIFRS
A15: N/A | B15: 2013 Set of Appendices | C15: Not applicable as the test year depreciation is already calculated in Appendix 2-CF. Note that this appendix is not to be used even though depreciation expense calculations will flow through from previous years to this appendix. | J15: N/A | K15: N/A
A18: Account | B18: Description | C18: Additions | D18: Years (new additions only) | E18: Depreciation Rate on New Additions | F18: Current Depreciation Expense1 | G18: Depreciation Expense per Appendix 2-BA Fixed Assets, Column J (l) | H18: Variance 2
C19: (d) | D19: (f) | E19: (g) = 1 / (f) | F19: (h)= Prior Full Year Depreciation + ((d)*0.5)/(f) | H19: (m) = (h) - (l)
A20: 1611 | B20: Computer Software (Formally known as Account 1925) | E20: =IF(D20=0,0,1/D20) -> 0 | F20: =IF(D20=0,'App.2-CF_DepExp_Yr5'!K20,+'App.2-CF_DepExp_Yr5'!K20+((C20*0.5)/D20)) -> 0 | H20: =IF(ISERROR(+F20-G20), 0, +F20-G20) -> 0
A21: 1612 | B21: Land Rights (Formally known as Account 1906) | E21: =IF(D21=0,0,1/D21) -> 0 | F21: =IF(D21=0,'App.2-CF_DepExp_Yr5'!K21,+'App.2-CF_DepExp_Yr5'!K21+((C21*0.5)/D21)) -> 0 | H21: =IF(ISERROR(+F21-G21), 0, +F21-G21) -> 0
A22: 1805 | B22: Land | E22: =IF(D22=0,0,1/D22) -> 0 | F22: =IF(D22=0,'App.2-CF_DepExp_Yr5'!K22,+'App.2-CF_DepExp_Yr5'!K22+((C22*0.5)/D22)) -> 0 | H22: =IF(ISERROR(+F22-G22), 0, +F22-G22) -> 0
A23: 1808 | B23: Buildings | E23: =IF(D23=0,0,1/D23) -> 0 | F23: =IF(D23=0,'App.2-CF_DepExp_Yr5'!K23,+'App.2-CF_DepExp_Yr5'!K23+((C23*0.5)/D23)) -> 0 | H23: =IF(ISERROR(+F23-G23), 0, +F23-G23) -> 0
A24: 1810 | B24: Leasehold Improvements | E24: =IF(D24=0,0,1/D24) -> 0 | F24: =IF(D24=0,'App.2-CF_DepExp_Yr5'!K24,+'App.2-CF_DepExp_Yr5'!K24+((C24*0.5)/D24)) -> 0 | H24: =IF(ISERROR(+F24-G24), 0, +F24-G24) -> 0
A25: 1815 | B25: Transformer Station Equipment >50 kV | E25: =IF(D25=0,0,1/D25) -> 0 | F25: =IF(D25=0,'App.2-CF_DepExp_Yr5'!K25,+'App.2-CF_DepExp_Yr5'!K25+((C25*0.5)/D25)) -> 0 | H25: =IF(ISERROR(+F25-G25), 0, +F25-G25) -> 0
A26: 1820 | B26: Distribution Station Equipment <50 kV | E26: =IF(D26=0,0,1/D26) -> 0 | F26: =IF(D26=0,'App.2-CF_DepExp_Yr5'!K26,+'App.2-CF_DepExp_Yr5'!K26+((C26*0.5)/D26)) -> 0 | H26: =IF(ISERROR(+F26-G26), 0, +F26-G26) -> 0
A27: 1825 | B27: Storage Battery Equipment | E27: =IF(D27=0,0,1/D27) -> 0 | F27: =IF(D27=0,'App.2-CF_DepExp_Yr5'!K27,+'App.2-CF_DepExp_Yr5'!K27+((C27*0.5)/D27)) -> 0 | H27: =IF(ISERROR(+F27-G27), 0, +F27-G27) -> 0
A28: 1830 | B28: Poles, Towers & Fixtures | E28: =IF(D28=0,0,1/D28) -> 0 | F28: =IF(D28=0,'App.2-CF_DepExp_Yr5'!K28,+'App.2-CF_DepExp_Yr5'!K28+((C28*0.5)/D28)) -> 0 | H28: =IF(ISERROR(+F28-G28), 0, +F28-G28) -> 0
A29: 1835 | B29: Overhead Conductors & Devices | E29: =IF(D29=0,0,1/D29) -> 0 | F29: =IF(D29=0,'App.2-CF_DepExp_Yr5'!K29,+'App.2-CF_DepExp_Yr5'!K29+((C29*0.5)/D29)) -> 0 | H29: =IF(ISERROR(+F29-G29), 0, +F29-G29) -> 0
A30: 1840 | B30: Underground Conduit | E30: =IF(D30=0,0,1/D30) -> 0 | F30: =IF(D30=0,'App.2-CF_DepExp_Yr5'!K30,+'App.2-CF_DepExp_Yr5'!K30+((C30*0.5)/D30)) -> 0 | H30: =IF(ISERROR(+F30-G30), 0, +F30-G30) -> 0
A31: 1845 | B31: Underground Conductors & Devices | E31: =IF(D31=0,0,1/D31) -> 0 | F31: =IF(D31=0,'App.2-CF_DepExp_Yr5'!K31,+'App.2-CF_DepExp_Yr5'!K31+((C31*0.5)/D31)) -> 0 | H31: =IF(ISERROR(+F31-G31), 0, +F31-G31) -> 0
... A57: 1995 | B57: Contributions & Grants | E57: =IF(D57=0,0,1/D57) -> 0 | F57: =IF(D57=0,'App.2-CF_DepExp_Yr5'!K57,+'App.2-CF_DepExp_Yr5'!K57+((C57*0.5)/D57)) -> 0 | H57: =IF(ISERROR(+F57-G57), 0, +F57-G57) -> 0
B58: Total | C58: =SUM(C20:C57) -> 0 | F58: =SUM(F20:F57) -> 0 | G58: =SUM(G20:G57) -> 0 | H58: =SUM(H20:H57) -> 0
B59: Depreciation exp. adj. from gain or loss on the retirement of assets (pool of like assets)
B60: Total Depreciation Expense | F60: =SUM(F58:F59) -> 0
A61: Notes:
A62: 1 | B62: Board policy of the "half-year" rule - the applicant must ensure that additions in the year attract a half-year depreciation expense in the first year. Deviations from this standard practice must be supported in the application.
A63: 2 | B63: The applicant must provide an explanation of material variances in evidence.
A66: General: | B66: Applicants must provide a breakdown of depreciation and amortization expense in the above format for all relevant accounts. Asset Retirement Obligations (AROs), depreciation and accretion expense should be disclosed separately consistent with the Notes of historical Audited Financial Statements.

Sheet App.2-CH_DepExp
K1: File Number: | L1: =EBNUMBER -> EB-2016-0066
K2: Exhibit:
K3: Tab:
K4: Schedule:
K5: Page:
K7: Date:
A9: Appendix 2-CH1
A10: Depreciation and Amortization Expense
A11: Revised CGAAP or MIFRS
A13: Assumes the applicant changed capitalization and depreciation policies and reflected these changes in a prior rebasing application
D15: Accounting Standard | E15: MIFRS
D16: Year | E16: 2013
A18: Account | B18: Description | C18: Opening Regulatory Gross PP&E as at Jan. 1 | D18: Less Fully Depreciated | E18: Net for Depreciation | F18: Additions | G18: Total for Depreciation 2 | H18: Years | I18: Depreciation Rate | J18: Current Year Depreciation Expense | K18: Depreciation Expense per Appendix 2-BA Fixed Assets, Column J (l) | L18: Variance 3
C19: (a) | D19: (b) | E19: (c) | F19: (d) | G19: (e) = (c) + ½ x (d) | H19: (f) | I19: (g) = 1 / (f) | J19: (h) = (e) / (f) | L19: (m) = (h) - (l)
A20: 1611 | B20: Computer Software (Formally known as Account 1925) | C20: 241021 | D20: 145574 | E20: =C20-D20 -> 95447 | F20: 2716 | G20: =E20+0.5*F20 -> 96805 | H20: 5 | I20: =IF(H20=0,0,1/H20) -> 0.2 | J20: =IF(H20=0,0,G20/H20) -> 19361 | K20: 19361 | L20: =IF(ISERROR(+J20-K20), 0, +J20-K20) -> 0
A21: 1612 | B21: Land Rights (Formally known as Account 1906) | C21: 2945 | D21: 2945 | E21: =C21-D21 -> 0 | G21: =E21+0.5*F21 -> 0 | H21: 5 | I21: =IF(H21=0,0,1/H21) -> 0.2 | J21: =IF(H21=0,0,G21/H21) -> 0 | L21: =IF(ISERROR(+J21-K21), 0, +J21-K21) -> 0
A22: 1805 | B22: Land | C22: 2112 | D22: 0 | E22: =C22-D22 -> 2112 | G22: =E22+0.5*F22 -> 2112 | I22: =IF(H22=0,0,1/H22) -> 0 | J22: =IF(H22=0,0,G22/H22) -> 0 | L22: =IF(ISERROR(+J22-K22), 0, +J22-K22) -> 0
A23: 1808 | B23: Buildings | E23: =C23-D23 -> 0 | G23: =E23+0.5*F23 -> 0 | I23: =IF(H23=0,0,1/H23) -> 0 | J23: =IF(H23=0,0,G23/H23) -> 0 | L23: =IF(ISERROR(+J23-K23), 0, +J23-K23) -> 0
A24: 1810 | B24: Leasehold Improvements | E24: =C24-D24 -> 0 | G24: =E24+0.5*F24 -> 0 | I24: =IF(H24=0,0,1/H24) -> 0 | J24: =IF(H24=0,0,G24/H24) -> 0 | L24: =IF(ISERROR(+J24-K24), 0, +J24-K24) -> 0
A25: 1815 | B25: Transformer Station Equipment >50 kV | E25: =C25-D25 -> 0 | G25: =E25+0.5*F25 -> 0 | I25: =IF(H25=0,0,1/H25) -> 0 | J25: =IF(H25=0,0,G25/H25) -> 0 | L25: =IF(ISERROR(+J25-K25), 0, +J25-K25) -> 0
A26: 1820 | B26: Distribution Station Equipment <50 kV | C26: 142098 | D26: 140238 | E26: =C26-D26 -> 1860 | G26: =E26+0.5*F26 -> 1860 | H26: 30 | I26: =IF(H26=0,0,1/H26) -> 0.033333333 | J26: =IF(H26=0,0,G26/H26) -> 62 | K26: 62 | L26: =IF(ISERROR(+J26-K26), 0, +J26-K26) -> 0
A27: 1825 | B27: Storage Battery Equipment | E27: =C27-D27 -> 0 | G27: =E27+0.5*F27 -> 0 | I27: =IF(H27=0,0,1/H27) -> 0 | J27: =IF(H27=0,0,G27/H27) -> 0 | L27: =IF(ISERROR(+J27-K27), 0, +J27-K27) -> 0
A28: 1830 | B28: Poles, Towers & Fixtures | C28: 912587 | D28: 116739.5 | E28: =C28-D28 -> 795847.5 | F28: 88785 | G28: =E28+0.5*F28 -> 840240 | H28: 45 | I28: =IF(H28=0,0,1/H28) -> 0.022222222 | J28: =IF(H28=0,0,G28/H28) -> 18672 | K28: 18672 | L28: =IF(ISERROR(+J28-K28), 0, +J28-K28) -> 3.6379788e-12
A29: 1835 | B29: Overhead Conductors & Devices | C29: 6381164 | D29: 4236767 | E29: =C29-D29 -> 2144397 | F29: 76806 | G29: =E29+0.5*F29 -> 2182800 | H29: 60 | I29: =IF(H29=0,0,1/H29) -> 0.016666667 | J29: =IF(H29=0,0,G29/H29) -> 36380 | K29: 36380 | L29: =IF(ISERROR(+J29-K29), 0, +J29-K29) -> -1.4551915e-11
A30: 1840 | B30: Underground Conduit | C30: 1375872 | D30: 159320 | E30: =C30-D30 -> 1216552 | F30: 425196 | G30: =E30+0.5*F30 -> 1429150 | H30: 50 | I30: =IF(H30=0,0,1/H30) -> 0.02 | J30: =IF(H30=0,0,G30/H30) -> 28583 | K30: 28583 | L30: =IF(ISERROR(+J30-K30), 0, +J30-K30) -> -3.6379788e-12
A31: 1845 | B31: Underground Conductors & Devices | C31: 7476397 | D31: 4022979 | E31: =C31-D31 -> 3453418 | F31: 440764 | G31: =E31+0.5*F31 -> 3673800 | H31: 40 | I31: =IF(H31=0,0,1/H31) -> 0.025 | J31: =IF(H31=0,0,G31/H31) -> 91845 | K31: 91845 | L31: =IF(ISERROR(+J31-K31), 0, +J31-K31) -> 1.4551915e-11
A32: 1850 | B32: Line Transformers | C32: 5727767 | D32: 2962439 | E32: =C32-D32 -> 2765328 | F32: 237824 | G32: =E32+0.5*F32 -> 2884240 | H32: 40 | I32: =IF(H32=0,0,1/H32) -> 0.025 | J32: =IF(H32=0,0,G32/H32) -> 72106 | K32: 72106 | L32: =IF(ISERROR(+J32-K32), 0, +J32-K32) -> 0
A33: 1851 | B33: Line Transformers- Pad Mounted Switchgear | E33: =C33-D33 -> 0 | G33: =E33+0.5*F33 -> 0 | H33: 20 | I33: =IF(H33=0,0,1/H33) -> 0.05 | J33: =IF(H33=0,0,G33/H33) -> 0 | L33: =IF(ISERROR(+J33-K33), 0, +J33-K33) -> 0
A34: 1852 | B34: Line Transformers- Underground Foundations & UG Vaults | C34: 0 | D34: 0 | E34: =C34-D34 -> 0 | F34: 22746 | G34: =E34+0.5*F34 -> 11373 | H34: 60 | I34: =IF(H34=0,0,1/H34) -> 0.016666667 | J34: =IF(H34=0,0,G34/H34) -> 189.55 | K34: 190 | L34: =IF(ISERROR(+J34-K34), 0, +J34-K34) -> -0.45
A35: 1855 | B35: Services (Overhead & Underground) | C35: 772791 | D35: -239 | E35: =C35-D35 -> 773030 | F35: 99790 | G35: =E35+0.5*F35 -> 822925 | H35: 25 | I35: =IF(H35=0,0,1/H35) -> 0.04 | J35: =IF(H35=0,0,G35/H35) -> 32917 | K35: 32917 | L35: =IF(ISERROR(+J35-K35), 0, +J35-K35) -> -7.2759576e-12
A36: 1860 | B36: Meters | C36: 516664 | D36: 83233 | E36: =C36-D36 -> 433431 | F36: -516664 | G36: =E36+0.5*F36 -> 175099 | I36: =IF(H36=0,0,1/H36) -> 0 | J36: =IF(H36=0,0,G36/H36) -> 0 | K36: -83233 | L36: =IF(ISERROR(+J36-K36), 0, +J36-K36) -> 83233
A37: 1861 | B37: Meters- Residential SM (Including Repeaters & Data Collectors) | C37: 912143 | D37: -359009.5 | E37: =C37-D37 -> 1271152.5 | F37: 24695 | G37: =E37+0.5*F37 -> 1283500 | H37: 10 | I37: =IF(H37=0,0,1/H37) -> 0.1 | J37: =IF(H37=0,0,G37/H37) -> 128350 | K37: 128350 | L37: =IF(ISERROR(+J37-K37), 0, +J37-K37) -> -2.910383e-11
A38: 1862 | B38: Meters- Industrial/Commercial | C38: 316116 | D38: -189494.5 | E38: =C38-D38 -> 505610.5 | F38: 7039 | G38: =E38+0.5*F38 -> 509130 | H38: 15 | I38: =IF(H38=0,0,1/H38) -> 0.066666667 | J38: =IF(H38=0,0,G38/H38) -> 33942 | K38: 33942 | L38: =IF(ISERROR(+J38-K38), 0, +J38-K38) -> 7.2759576e-12
A39: 1863 | B39: Meters- Wholesale | D39: 0 | E39: =C39-D39 -> 0 | G39: =E39+0.5*F39 -> 0 | H39: 15 | I39: =IF(H39=0,0,1/H39) -> 0.066666667 | J39: =IF(H39=0,0,G39/H39) -> 0 | L39: =IF(ISERROR(+J39-K39), 0, +J39-K39) -> 0
A40: 1864 | B40: Meters- CT's /PT's | C40: 108572 | D40: -17237 | E40: =C40-D40 -> 125809 | F40: 2462 | G40: =E40+0.5*F40 -> 127040 | H40: 40 | I40: =IF(H40=0,0,1/H40) -> 0.025 | J40: =IF(H40=0,0,G40/H40) -> 3176 | K40: 3176 | L40: =IF(ISERROR(+J40-K40), 0, +J40-K40) -> 0
A41: 1860 | B41: Meters (Smart Meters) | E41: =C41-D41 -> 0 | G41: =E41+0.5*F41 -> 0 | I41: =IF(H41=0,0,1/H41) -> 0 | J41: =IF(H41=0,0,G41/H41) -> 0 | L41: =IF(ISERROR(+J41-K41), 0, +J41-K41) -> 0
A42: 1905 | B42: Land | C42: 171765 | D42: 0 | E42: =C42-D42 -> 171765 | G42: =E42+0.5*F42 -> 171765 | I42: =IF(H42=0,0,1/H42) -> 0 | J42: =IF(H42=0,0,G42/H42) -> 0 | L42: =IF(ISERROR(+J42-K42), 0, +J42-K42) -> 0
A43: 1908 | B43: Buildings & Fixtures | C43: 664871 | D43: -59629 | E43: =C43-D43 -> 724500 | G43: =E43+0.5*F43 -> 724500 | H43: 50 | I43: =IF(H43=0,0,1/H43) -> 0.02 | J43: =IF(H43=0,0,G43/H43) -> 14490 | K43: 14490 | L43: =IF(ISERROR(+J43-K43), 0, +J43-K43) -> 0
A44: 1910 | B44: Leasehold Improvements | E44: =C44-D44 -> 0 | G44: =E44+0.5*F44 -> 0 | I44: =IF(H44=0,0,1/H44) -> 0 | J44: =IF(H44=0,0,G44/H44) -> 0 | L44: =IF(ISERROR(+J44-K44), 0, +J44-K44) -> 0
A45: 1915 | B45: Office Furniture & Equipment (10 years) | C45: 242954 | D45: 175335.5 | E45: =C45-D45 -> 67618.5 | F45: 2223 | G45: =E45+0.5*F45 -> 68730 | H45: 10 | I45: =IF(H45=0,0,1/H45) -> 0.1 | J45: =IF(H45=0,0,G45/H45) -> 6873 | K45: 6873 | L45: =IF(ISERROR(+J45-K45), 0, +J45-K45) -> 0
A46: 1915 | B46: Office Furniture & Equipment (5 years) | E46: =C46-D46 -> 0 | G46: =E46+0.5*F46 -> 0 | I46: =IF(H46=0,0,1/H46) -> 0 | J46: =IF(H46=0,0,G46/H46) -> 0 | L46: =IF(ISERROR(+J46-K46), 0, +J46-K46) -> 0
A47: 1920 | B47: Computer Equipment - Hardware | C47: 365612 | D47: 337509.5 | E47: =C47-D47 -> 28102.5 | F47: 2165 | G47: =E47+0.5*F47 -> 29185 | H47: 5 | I47: =IF(H47=0,0,1/H47) -> 0.2 | J47: =IF(H47=0,0,G47/H47) -> 5837 | K47: 5837 | L47: =IF(ISERROR(+J47-K47), 0, +J47-K47) -> 0
A48: 1920 | B48: Computer Equip.-Hardware(Post Mar. 22/04) | E48: =C48-D48 -> 0 | G48: =E48+0.5*F48 -> 0 | I48: =IF(H48=0,0,1/H48) -> 0 | J48: =IF(H48=0,0,G48/H48) -> 0 | L48: =IF(ISERROR(+J48-K48), 0, +J48-K48) -> 0
A49: 1920 | B49: Computer Equip.-Hardware(Post Mar. 19/07) | E49: =C49-D49 -> 0 | G49: =E49+0.5*F49 -> 0 | I49: =IF(H49=0,0,1/H49) -> 0 | J49: =IF(H49=0,0,G49/H49) -> 0 | L49: =IF(ISERROR(+J49-K49), 0, +J49-K49) -> 0
A50: 1930 | B50: Transportation Equipment | C50: 1886565 | D50: 14106330 | E50: =C50-D50 -> -12219766 | F50: -1886565 | G50: =E50+0.5*F50 -> -13163048 | H50: 8 | I50: =IF(H50=0,0,1/H50) -> 0.125 | J50: =IF(H50=0,0,G50/H50) -> -1645381 | K50: -1645381 | L50: =IF(ISERROR(+J50-K50), 0, +J50-K50) -> 0
A51: 1931 | B51: Transportation Equipment- Heavy Vehicles | C51: 94305 | D51: -62865 | E51: =C51-D51 -> 157170 | G51: =E51+0.5*F51 -> 157170 | H51: 15 | I51: =IF(H51=0,0,1/H51) -> 0.066666667 | J51: =IF(H51=0,0,G51/H51) -> 10478 | K51: 10478 | L51: =IF(ISERROR(+J51-K51), 0, +J51-K51) -> 0
A52: 1932 | B52: Transportation Equipment- Light vehicles | C52: 146879 | D52: -291435 | E52: =C52-D52 -> 438314 | F52: =30000-4500 -> 25500 | G52: =E52+0.5*F52 -> 451064 | H52: 8 | I52: =IF(H52=0,0,1/H52) -> 0.125 | J52: =IF(H52=0,0,G52/H52) -> 56383 | K52: 56383 | L52: =IF(ISERROR(+J52-K52), 0, +J52-K52) -> 0
A53: 1933 | B53: Transportation Equipment- Underground | E53: =C53-D53 -> 0 | G53: =E53+0.5*F53 -> 0 | H53: 10 | I53: =IF(H53=0,0,1/H53) -> 0.1 | J53: =IF(H53=0,0,G53/H53) -> 0 | L53: =IF(ISERROR(+J53-K53), 0, +J53-K53) -> 0
A54: 1935 | B54: Stores Equipment | E54: =C54-D54 -> 0 | G54: =E54+0.5*F54 -> 0 | I54: =IF(H54=0,0,1/H54) -> 0 | J54: =IF(H54=0,0,G54/H54) -> 0 | L54: =IF(ISERROR(+J54-K54), 0, +J54-K54) -> 0
A55: 1940 | B55: Tools, Shop & Garage Equipment | C55: 365513 | D55: 239603 | E55: =C55-D55 -> 125910 | F55: 15400 | G55: =E55+0.5*F55 -> 133610 | H55: 10 | I55: =IF(H55=0,0,1/H55) -> 0.1 | J55: =IF(H55=0,0,G55/H55) -> 13361 | K55: 13361 | L55: =IF(ISERROR(+J55-K55), 0, +J55-K55) -> 0
A56: 1945 | B56: Measurement & Testing Equipment | E56: =C56-D56 -> 0 | G56: =E56+0.5*F56 -> 0 | I56: =IF(H56=0,0,1/H56) -> 0 | J56: =IF(H56=0,0,G56/H56) -> 0 | L56: =IF(ISERROR(+J56-K56), 0, +J56-K56) -> 0
A57: 1950 | B57: Power Operated Equipment | E57: =C57-D57 -> 0 | G57: =E57+0.5*F57 -> 0 | I57: =IF(H57=0,0,1/H57) -> 0 | J57: =IF(H57=0,0,G57/H57) -> 0 | L57: =IF(ISERROR(+J57-K57), 0, +J57-K57) -> 0
A58: 1955 | B58: Communications Equipment | C58: 35831 | D58: 21138.5 | E58: =C58-D58 -> 14692.5 | F58: 275 | G58: =E58+0.5*F58 -> 14830 | H58: 10 | I58: =IF(H58=0,0,1/H58) -> 0.1 | J58: =IF(H58=0,0,G58/H58) -> 1483 | K58: 1483 | L58: =IF(ISERROR(+J58-K58), 0, +J58-K58) -> 0
A59: 1955 | B59: Communication Equipment (Smart Meters) | E59: =C59-D59 -> 0 | G59: =E59+0.5*F59 -> 0 | I59: =IF(H59=0,0,1/H59) -> 0 | J59: =IF(H59=0,0,G59/H59) -> 0 | L59: =IF(ISERROR(+J59-K59), 0, +J59-K59) -> 0
A60: 1960 | B60: Miscellaneous Equipment | E60: =C60-D60 -> 0 | G60: =E60+0.5*F60 -> 0 | I60: =IF(H60=0,0,1/H60) -> 0 | J60: =IF(H60=0,0,G60/H60) -> 0 | L60: =IF(ISERROR(+J60-K60), 0, +J60-K60) -> 0
A61: 1970 | B61: Load Management Controls - Customer Premises | E61: =C61-D61 -> 0 | G61: =E61+0.5*F61 -> 0 | I61: =IF(H61=0,0,1/H61) -> 0 | J61: =IF(H61=0,0,G61/H61) -> 0 | L61: =IF(ISERROR(+J61-K61), 0, +J61-K61) -> 0
A62: 1975 | B62: Load Management Controls Utility Premises | E62: =C62-D62 -> 0 | G62: =E62+0.5*F62 -> 0 | I62: =IF(H62=0,0,1/H62) -> 0 | J62: =IF(H62=0,0,G62/H62) -> 0 | L62: =IF(ISERROR(+J62-K62), 0, +J62-K62) -> 0
A63: 1980 | B63: System Supervisor Equipment | E63: =C63-D63 -> 0 | G63: =E63+0.5*F63 -> 0 | I63: =IF(H63=0,0,1/H63) -> 0 | J63: =IF(H63=0,0,G63/H63) -> 0 | L63: =IF(ISERROR(+J63-K63), 0, +J63-K63) -> 0
A64: 1985 | B64: Sentinel Lights Open | C64: 15 | D64: 15 | E64: =C64-D64 -> 0 | G64: =E64+0.5*F64 -> 0 | H64: 10 | I64: =IF(H64=0,0,1/H64) -> 0.1 | J64: =IF(H64=0,0,G64/H64) -> 0 | L64: =IF(ISERROR(+J64-K64), 0, +J64-K64) -> 0
A65: 1990 | B65: Other Tangible Property | E65: =C65-D65 -> 0 | G65: =E65+0.5*F65 -> 0 | I65: =IF(H65=0,0,1/H65) -> 0 | J65: =IF(H65=0,0,G65/H65) -> 0 | L65: =IF(ISERROR(+J65-K65), 0, +J65-K65) -> 0
A66: 1995 | B66: Contributions & Grants | C66: -4316948 | D66: 38805.5 | E66: =C66-D66 -> -4355753.5 | F66: -1175443 | G66: =E66+0.5*F66 -> -4943475 | H66: 25 | I66: =IF(H66=0,0,1/H66) -> 0.04 | J66: =IF(H66=0,0,G66/H66) -> -197739 | K66: -197739 | L66: =IF(ISERROR(+J66-K66), 0, +J66-K66) -> -2.910383e-11
B67: Total | C67: =SUM(C20:C66) -> 24545611 | D67: =SUM(D20:D66) -> 25809063 | E67: =SUM(E20:E66) -> -1263452 | F67: =SUM(F20:F66) -> -2104286 | G67: =SUM(G20:G66) -> -2315595 | J67: =SUM(J20:J66) -> -1268631.5 | K67: =SUM(K20:K66) -> -1351864 | L67: =SUM(L20:L66) -> 83232.55
B68: Depreciation exp. adj. from gain or loss on the retirement of assets (pool of like assets) (under MIFRS)
B69: Total Depreciation Expense | J69: =SUM(J67:J68) -> -1268631.5
D72: Accounting Standard | E72: MIFRS
D73: Year | E73: 2014
A75: Account | B75: Description | C75: Opening Regulatory Gross PP&E as at Jan. 1 | D75: Less Fully Depreciated | E75: Net for Depreciation | F75: Additions | G75: Total for Depreciation 2 | H75: Years | I75: Depreciation Rate | J75: Current Year Depreciation Expense | K75: Depreciation Expense per Appendix 2-BA Fixed Assets, Column J (l) | L75: Variance 3
C76: (a) | D76: (b) | E76: (c) | F76: (d) | G76: (e) = (c) + ½ x (d) | H76: (f) | I76: (g) = 1 / (f) | J76: (h) = (e) / (f) | L76: (m) = (h) - (l)
A77: 1611 | B77: Computer Software (Formally known as Account 1925) | C77: 243737 | D77: 236138.5 | E77: =C77-D77 -> 7598.5 | F77: 13313 | G77: =E77+0.5*F77 -> 14255 | H77: 5 | I77: =IF(H77=0,0,1/H77) -> 0.2 | J77: =IF(H77=0,0,G77/H77) -> 2851 | K77: 2851 | L77: =IF(ISERROR(+J77-K77), 0, +J77-K77) -> 0
A78: 1612 | B78: Land Rights (Formally known as Account 1906) | C78: 2945 | D78: 2945 | E78: =C78-D78 -> 0 | G78: =E78+0.5*F78 -> 0 | H78: 5 | I78: =IF(H78=0,0,1/H78) -> 0.2 | J78: =IF(H78=0,0,G78/H78) -> 0 | L78: =IF(ISERROR(+J78-K78), 0, +J78-K78) -> 0
A79: 1805 | B79: Land | C79: 2112 | E79: =C79-D79 -> 2112 | G79: =E79+0.5*F79 -> 2112 | I79: =IF(H79=0,0,1/H79) -> 0 | J79: =IF(H79=0,0,G79/H79) -> 0 | L79: =IF(ISERROR(+J79-K79), 0, +J79-K79) -> 0
A80: 1808 | B80: Buildings | E80: =C80-D80 -> 0 | G80: =E80+0.5*F80 -> 0 | I80: =IF(H80=0,0,1/H80) -> 0 | J80: =IF(H80=0,0,G80/H80) -> 0 | L80: =IF(ISERROR(+J80-K80), 0, +J80-K80) -> 0
A81: 1810 | B81: Leasehold Improvements | E81: =C81-D81 -> 0 | G81: =E81+0.5*F81 -> 0 | I81: =IF(H81=0,0,1/H81) -> 0 | J81: =IF(H81=0,0,G81/H81) -> 0 | L81: =IF(ISERROR(+J81-K81), 0, +J81-K81) -> 0
A82: 1815 | B82: Transformer Station Equipment >50 kV | E82: =C82-D82 -> 0 | G82: =E82+0.5*F82 -> 0 | I82: =IF(H82=0,0,1/H82) -> 0 | J82: =IF(H82=0,0,G82/H82) -> 0 | L82: =IF(ISERROR(+J82-K82), 0, +J82-K82) -> 0
A83: 1820 | B83: Distribution Station Equipment <50 kV | C83: 142098 | D83: 140238 | E83: =C83-D83 -> 1860 | G83: =E83+0.5*F83 -> 1860 | H83: 30 | I83: =IF(H83=0,0,1/H83) -> 0.033333333 | J83: =IF(H83=0,0,G83/H83) -> 62 | K83: 62 | L83: =IF(ISERROR(+J83-K83), 0, +J83-K83) -> 0
A84: 1825 | B84: Storage Battery Equipment | E84: =C84-D84 -> 0 | G84: =E84+0.5*F84 -> 0 | I84: =IF(H84=0,0,1/H84) -> 0 | J84: =IF(H84=0,0,G84/H84) -> 0 | L84: =IF(ISERROR(+J84-K84), 0, +J84-K84) -> 0
A85: 1830 | B85: Poles, Towers & Fixtures | C85: 1001372 | D85: 116761.5 | E85: =C85-D85 -> 884610.5 | F85: 35549 | G85: =E85+0.5*F85 -> 902385 | H85: 45 | I85: =IF(H85=0,0,1/H85) -> 0.022222222 | J85: =IF(H85=0,0,G85/H85) -> 20053 | K85: 20053 | L85: =IF(ISERROR(+J85-K85), 0, +J85-K85) -> 3.6379788e-12
A86: 1835 | B86: Overhead Conductors & Devices | C86: 6457970 | D86: 4283304.5 | E86: =C86-D86 -> 2174665.5 | F86: 16269 | G86: =E86+0.5*F86 -> 2182800 | H86: 60 | I86: =IF(H86=0,0,1/H86) -> 0.016666667 | J86: =IF(H86=0,0,G86/H86) -> 36380 | K86: 36380 | L86: =IF(ISERROR(+J86-K86), 0, +J86-K86) -> 0
A87: 1840 | B87: Underground Conduit | C87: 1801068 | D87: 159338 | E87: =C87-D87 -> 1641730 | F87: 179440 | G87: =E87+0.5*F87 -> 1731450 | H87: 50 | I87: =IF(H87=0,0,1/H87) -> 0.02 | J87: =IF(H87=0,0,G87/H87) -> 34629 | K87: 34629 | L87: =IF(ISERROR(+J87-K87), 0, +J87-K87) -> 7.2759576e-12
A88: 1845 | B88: Underground Conductors & Devices | C88: 7917161 | D88: 4023007 | E88: =C88-D88 -> 3894154 | F88: 324572 | G88: =E88+0.5*F88 -> 4056440 | H88: 40 | I88: =IF(H88=0,0,1/H88) -> 0.025 | J88: =IF(H88=0,0,G88/H88) -> 101411 | K88: 101411 | L88: =IF(ISERROR(+J88-K88), 0, +J88-K88) -> 0
A89: 1850 | B89: Line Transformers | C89: 5965591 | D89: 2962426.5 | E89: =C89-D89 -> 3003164.5 | F89: 155111 | G89: =E89+0.5*F89 -> 3080720 | H89: 40 | I89: =IF(H89=0,0,1/H89) -> 0.025 | J89: =IF(H89=0,0,G89/H89) -> 77018 | K89: 77018 | L89: =IF(ISERROR(+J89-K89), 0, +J89-K89) -> -1.4551915e-11
A90: 1851 | B90: Line Transformers- Pad Mounted Switchgear | C90: 0 | E90: =C90-D90 -> 0 | F90: 4448 | G90: =E90+0.5*F90 -> 2224 | H90: 20 | I90: =IF(H90=0,0,1/H90) -> 0.05 | J90: =IF(H90=0,0,G90/H90) -> 111.2 | K90: 111 | L90: =IF(ISERROR(+J90-K90), 0, +J90-K90) -> 0.2
A91: 1852 | B91: Line Transformers- Underground Foundations & UG Vaults | C91: 22746 | D91: -2 | E91: =C91-D91 -> 22748 | F91: 25184 | G91: =E91+0.5*F91 -> 35340 | H91: 60 | I91: =IF(H91=0,0,1/H91) -> 0.016666667 | J91: =IF(H91=0,0,G91/H91) -> 589 | K91: 589 | L91: =IF(ISERROR(+J91-K91), 0, +J91-K91) -> -1.1368684e-13
A92: 1855 | B92: Services (Overhead & Underground) | C92: 872581 | D92: -235 | E92: =C92-D92 -> 872816 | F92: 96768 | G92: =E92+0.5*F92 -> 921200 | H92: 25 | I92: =IF(H92=0,0,1/H92) -> 0.04 | J92: =IF(H92=0,0,G92/H92) -> 36848 | K92: 36848 | L92: =IF(ISERROR(+J92-K92), 0, +J92-K92) -> -7.2759576e-12
A93: 1860 | B93: Meters | E93: =C93-D93 -> 0 | G93: =E93+0.5*F93 -> 0 | I93: =IF(H93=0,0,1/H93) -> 0 | J93: =IF(H93=0,0,G93/H93) -> 0 | L93: =IF(ISERROR(+J93-K93), 0, +J93-K93) -> 0
A94: 1861 | B94: Meters- Residential SM (Including Repeaters & Data Collectors) | C94: 936838 | D94: -359008.5 | E94: =C94-D94 -> 1295846.5 | F94: 21147 | G94: =E94+0.5*F94 -> 1306420 | H94: 10 | I94: =IF(H94=0,0,1/H94) -> 0.1 | J94: =IF(H94=0,0,G94/H94) -> 130642 | K94: 130642 | L94: =IF(ISERROR(+J94-K94), 0, +J94-K94) -> 0
A95: 1862 | B95: Meters- Industrial/Commercial | C95: 323155 | D95: -189499.5 | E95: =C95-D95 -> 512654.5 | F95: 6631 | G95: =E95+0.5*F95 -> 515970 | H95: 15 | I95: =IF(H95=0,0,1/H95) -> 0.066666667 | J95: =IF(H95=0,0,G95/H95) -> 34398 | K95: 34398 | L95: =IF(ISERROR(+J95-K95), 0, +J95-K95) -> 7.2759576e-12
A96: 1863 | B96: Meters- Wholesale | C96: 0 | E96: =C96-D96 -> 0 | G96: =E96+0.5*F96 -> 0 | H96: 15 | I96: =IF(H96=0,0,1/H96) -> 0.066666667 | J96: =IF(H96=0,0,G96/H96) -> 0 | L96: =IF(ISERROR(+J96-K96), 0, +J96-K96) -> 0
A97: 1864 | B97: Meters- CT's /PT's | C97: 111034 | D97: -17242.5 | E97: =C97-D97 -> 128276.5 | F97: 2567 | G97: =E97+0.5*F97 -> 129560 | H97: 40 | I97: =IF(H97=0,0,1/H97) -> 0.025 | J97: =IF(H97=0,0,G97/H97) -> 3239 | K97: 3239 | L97: =IF(ISERROR(+J97-K97), 0, +J97-K97) -> 0
A98: 1860 | B98: Meters (Smart Meters) | E98: =C98-D98 -> 0 | G98: =E98+0.5*F98 -> 0 | I98: =IF(H98=0,0,1/H98) -> 0 | J98: =IF(H98=0,0,G98/H98) -> 0 | L98: =IF(ISERROR(+J98-K98), 0, +J98-K98) -> 0
A99: 1905 | B99: Land | C99: 171765 | E99: =C99-D99 -> 171765 | G99: =E99+0.5*F99 -> 171765 | I99: =IF(H99=0,0,1/H99) -> 0 | J99: =IF(H99=0,0,G99/H99) -> 0 | L99: =IF(ISERROR(+J99-K99), 0, +J99-K99) -> 0
A100: 1908 | B100: Buildings & Fixtures | C100: 664871 | D100: -59611 | E100: =C100-D100 -> 724482 | F100: 336 | G100: =E100+0.5*F100 -> 724650 | H100: 50 | I100: =IF(H100=0,0,1/H100) -> 0.02 | J100: =IF(H100=0,0,G100/H100) -> 14493 | K100: 14493 | L100: =IF(ISERROR(+J100-K100), 0, +J100-K100) -> 1.8189894e-12
A101: 1910 | B101: Leasehold Improvements | E101: =C101-D101 -> 0 | G101: =E101+0.5*F101 -> 0 | I101: =IF(H101=0,0,1/H101) -> 0 | J101: =IF(H101=0,0,G101/H101) -> 0 | L101: =IF(ISERROR(+J101-K101), 0, +J101-K101) -> 0
A102: 1915 | B102: Office Furniture & Equipment (10 years) | C102: 245177 | D102: 178737 | E102: =C102-D102 -> 66440 | F102: 140 | G102: =E102+0.5*F102 -> 66510 | H102: 10 | I102: =IF(H102=0,0,1/H102) -> 0.1 | J102: =IF(H102=0,0,G102/H102) -> 6651 | K102: 6651 | L102: =IF(ISERROR(+J102-K102), 0, +J102-K102) -> 0
A103: 1915 | B103: Office Furniture & Equipment (5 years) | E103: =C103-D103 -> 0 | G103: =E103+0.5*F103 -> 0 | I103: =IF(H103=0,0,1/H103) -> 0 | J103: =IF(H103=0,0,G103/H103) -> 0 | L103: =IF(ISERROR(+J103-K103), 0, +J103-K103) -> 0
A104: 1920 | B104: Computer Equipment - Hardware | C104: 367777 | D104: 350531.5 | E104: =C104-D104 -> 17245.5 | F104: 11279 | G104: =E104+0.5*F104 -> 22885 | H104: 5 | I104: =IF(H104=0,0,1/H104) -> 0.2 | J104: =IF(H104=0,0,G104/H104) -> 4577 | K104: 4577 | L104: =IF(ISERROR(+J104-K104), 0, +J104-K104) -> 0
A105: 1920 | B105: Computer Equip.-Hardware(Post Mar. 22/04) | E105: =C105-D105 -> 0 | G105: =E105+0.5*F105 -> 0 | I105: =IF(H105=0,0,1/H105) -> 0 | J105: =IF(H105=0,0,G105/H105) -> 0 | L105: =IF(ISERROR(+J105-K105), 0, +J105-K105) -> 0
A106: 1920 | B106: Computer Equip.-Hardware(Post Mar. 19/07) | E106: =C106-D106 -> 0 | G106: =E106+0.5*F106 -> 0 | I106: =IF(H106=0,0,1/H106) -> 0 | J106: =IF(H106=0,0,G106/H106) -> 0 | L106: =IF(ISERROR(+J106-K106), 0, +J106-K106) -> 0
A107: 1930 | B107: Transportation Equipment | E107: =C107-D107 -> 0 | G107: =E107+0.5*F107 -> 0 | H107: 8 | I107: =IF(H107=0,0,1/H107) -> 0.125 | J107: =IF(H107=0,0,G107/H107) -> 0 | L107: =IF(ISERROR(+J107-K107), 0, +J107-K107) -> 0
A108: 1931 | B108: Transportation Equipment- Heavy Vehicles | C108: 94305 | D108: -62877 | E108: =C108-D108 -> 157182 | F108: 21756 | G108: =E108+0.5*F108 -> 168060 | H108: 15 | I108: =IF(H108=0,0,1/H108) -> 0.066666667 | J108: =IF(H108=0,0,G108/H108) -> 11204 | K108: 11204 | L108: =IF(ISERROR(+J108-K108), 0, +J108-K108) -> 0
...

Sheet App.2-D_Overhead
F1: File Number: | G1: =EBNUMBER -> EB-2016-0066
F2: Exhibit:
F3: Tab:
F4: Schedule:
F5: Page:
F7: Date:
A9: Appendix 2-D - Not Applicable
A10: Overhead Expense
A12: Applicants are to provide a breakdown of OM&A before capitalization in the below table. OM&A before capitalization may be broken down by cost center, program, drivers or another format best suited to focus on capitalized vs. uncapitalized OM&A.
A14: OM&A Before Capitalization
B15: =F15-4 -> 2013 | C15: =F15-3 -> 2014 | D15: =F15-2 -> 2015 | E15: =F15-1 -> 2016 | F15: =TestYear -> 2017
B16: Historical Year | C16: Historical Year | D16: Historical Year | E16: Bridge Year | F16: Test Year
A27: Total OM&A Before Capitalization (B) | B27: =SUM(B17:B26) -> 0 | C27: =SUM(C17:C26) -> 0 | D27: =SUM(D17:D26) -> 0 | E27: =SUM(E17:E26) -> 0 | F27: =SUM(F17:F26) -> 0
A29: Applicants are to provide a breakdown of capitalized OM&A in the below table. Capitalized OM&A may be broken down using the categories listed in the table below if possible. Otherwise, applicants are to provide its own break down of capitalized OM&A.
A31: Capitalized OM&A | G31: Directly | H31: Explanation for Change in Overhead Capitalized
B32: =F32-4 -> 2013 | C32: =F32-3 -> 2014 | D32: =F32-2 -> 2015 | E32: =F32-1 -> 2016 | F32: =TestYear -> 2017 | G32: Attributable?
B33: Historical Year | C33: Historical Year | D33: Historical Year | E33: Bridge Year | F33: Test Year | G33: (Yes/No)
A34: employee benefits
A35: costs of site preparation
A36: initial delivery and handling costs
A37: costs of testing whether the asset is functioning properly
A38: professional fees
A40: costs of opening a new facility
A41: costs of introducing a new product or service (including costs of advertising and promotional activities)
A42: costs of conducting business in a new location or with a new class of customer (including costs of staff training)
A43: administration and other general overhead costs
A45: Insert description of additional item(s) and new rows if needed
A47: Total Capitalized OM&A (A) | B47: =SUM(B34:B46) -> 0 | C47: =SUM(C34:C46) -> 0 | D47: =SUM(D34:D46) -> 0 | E47: =SUM(E34:E46) -> 0 | F47: =SUM(F34:F46) -> 0
A49: % of Capitalized OM&A (=A/B) | B49: =IF(ISERROR(B47/B27),"0%",B47/B27) -> 0% | C49: =IF(ISERROR(C47/C27),"0%",C47/C27) -> 0% | D49: =IF(ISERROR(D47/D27),"0%",D47/D27) -> 0% | E49: =IF(ISERROR(E47/E27),"0%",E47/E27) -> 0% | F49: =IF(ISERROR(F47/F27),"0%",F47/F27) -> 0%

Sheet App.2-EA_Account 1575 (2015)
H1: File Number: | I1: =EBNUMBER -> EB-2016-0066
H2: Exhibit:
H3: Tab:
H4: Schedule:
H5: Page:
H7: Date:
A9: Appendix 2-EA - Not Applicable
A10: Account 1575 - IFRS-CGAAP Transitional PP&E Amounts
A11: 2015 Adopters of IFRS for Financial Reporting Purposes
A13: For applicants that adopted IFRS on January 1, 2015 for financial reporting purposes
B17: =RebaseYear &" Rebasing Year" -> 2012 Rebasing Year | C17: =TestYear-3 -> 2014 | D17: =TestYear-2 -> 2015 | E17: =CONCATENATE(TestYear-1," Bridge Year") -> 2016 Bridge Year | F17: =CONCATENATE(TestYear," Rebasing Year") -> 2017 Rebasing Year
A18: Reporting Basis | B18: CGAAP | C18: CGAAP | D18: CGAAP | E18: MIFRS | F18: MIFRS
B19: Forecast | C19: Actual | D19: Actual | E19: Forecast | F19: Forecast
D20: $ | E20: $
A21: PP&E Values under CGAAP
A22: Opening net PP&E - Note 1 | D22: =+C25 -> 0 | E22: =+D25 -> 0
A23: Net Additions - Note 4
A24: Net Depreciation (amounts should be negative) - Note 4
A25: Closing net PP&E (1) | C25: =C22+C23+C24 -> 0 | D25: =SUM(D22:D24) -> 0 | E25: =SUM(E22:E24) -> 0
A27: PP&E Values under MIFRS (Starts from 2014, the transition year)
A28: Opening net PP&E - Note 1 | D28: =+C31 -> 0 | E28: =+D31 -> 0
A29: Net Additions - Note 4
A30: Net Depreciation (amounts should be negative) - Note 4
A31: Closing net PP&E (2) | C31: =SUM(C28:C30) -> 0 | D31: =SUM(D28:D30) -> 0 | E31: =SUM(E28:E30) -> 0
A33: Difference in Closing net PP&E, former CGAAP vs. revised CGAAP | C33: =C25-C31 -> 0 | D33: =D25-D31 -> 0 | E33: =E25-E31 -> 0
A36: Effect on Deferral and Variance Account Rate Riders
A37: Closing balance in Account 1576 | F37: =IF(ISERROR(E33), 0, E33) -> 0 | H37: WACC
A38: Return on Rate Base Associated with Account 1576 balance at WACC - Note 2 | F38: =E33*I37*I38 -> 0 | G38: # of years of rate rider disposition period
A39: Amount included in Deferral and Variance Account Rate Rider Calculation | F39: =F37+F38 -> 0
A41: Notes:
A42: 1 For an applicant that adopted IFRS on January 1, 2015, the PP&E values as of January 1, 2014 under both CGAAP and MIFRS should be the same.
A43: 2 Return on rate base associated with deferred balance is calculated as:
A44: the deferral account closing balance as of 2016 x WACC X # of years of rate rider disposition period
A45: * Please note that the calculation should be adjusted once WACC is updated and finalized in the rate application.
A46: 3 The PP&E deferral account is cleared by including the total balance in the deferral and variance account rate rider calculation.
A47: 4 Net additions are additions net of disposals; Net depreciation is additions to depreciation net of disposals.

Sheet App.2-EB_Account 1576 (2012)
J1: File Number: | K1: =EBNUMBER -> EB-2016-0066
J2: Exhibit:
J3: Tab:
J4: Schedule:
J5: Page:
J7: Date:
A9: Appendix 2-EB - Not Applicable
A10: Account 1576 - Accounting Changes under CGAAP
A11: 2012 Changes in Accounting Policies under CGAAP
A13: For applicants with a balance in Account 1576 and made capitalization and depreciation expense accounting policy changes under CGAAP effective January 1, 2012
B17: 2011 Rebasing Year | C17: 2012 | D17: 2013 | E17: 2014 | F17: 2015 | G17: 2016 | H17: 2017 Rebasing Year
A18: Reporting Basis | B18: CGAAP | C18: CGAAP | D18: CGAAP | E18: CGAAP | F18: MIFRS - Note 5 | G18: MIFRS | H18: MIFRS
B19: Forecast | C19: Actual | D19: Actual | E19: Actual | F19: Actual | G19: Forecast | H19: Forecast
C20: $ | D20: $ | E20: $ | G20: $
A21: PP&E Values under former CGAAP
A22: Opening net PP&E - Note 1 | D22: =+C25 -> 0 | E22: =+D25 -> 0 | F22: =+D25 -> 0 | G22: =+E25 -> 0
A23: Net Additions - Note 4
A24: Net Depreciation (amounts should be negative) - Note 4
A25: Closing net PP&E (1) | C25: =C22+C23+C24 -> 0 | D25: =D22+D23+D24 -> 0 | E25: =E22+E23+E24 -> 0 | F25: =F22+F23+F24 -> 0 | G25: =G22+G23+G24 -> 0
A27: PP&E Values under revised CGAAP (Starts from 2012)
A28: Opening net PP&E - Note 1 | D28: =+C31 -> 0 | E28: =+D31 -> 0 | F28: =+D31 -> 0 | G28: =+E31 -> 0
A29: Net Additions - Note 4
A30: Net Depreciation (amounts should be negative) - Note 4
A31: Closing net PP&E (2) | C31: =SUM(C28:C30) -> 0 | D31: =SUM(D28:D30) -> 0 | E31: =SUM(E28:E30) -> 0 | F31: =SUM(F28:F30) -> 0 | G31: =SUM(G28:G30) -> 0
A33: Difference in Closing net PP&E, former CGAAP vs. revised CGAAP | C33: =C25-C31 -> 0 | D33: =D25-D31 -> 0 | E33: =E25-E31 -> 0 | F33: =F25-F31 -> 0 | G33: =G25-G31 -> 0
A36: Effect on Deferral and Variance Account Rate Riders
A37: Closing balance in Account 1576 | H37: =IF(ISERROR(G33), 0, G33) -> 0 | J37: WACC
A38: Return on Rate Base Associated with Account 1576 balance at WACC - Note 2 | H38: =G33*K37*K38 -> 0 | I38: # of years of rate rider disposition period
A39: Amount included in Deferral and Variance Account Rate Rider Calculation | H39: =H37+H38 -> 0
A41: Notes:
A42: 1 For an applicant that made the capitalization and depreciation expense accounting policy changes on January 1, 2012, the PP&E values as of January 1, 2012 under both former CGAAP and revised CGAAP should be the same.
A43: 2 Return on rate base associated with Account 1576 balance is calculated as:
A44: the variance account ending balance as of 2016 x WACC X # of years of rate rider disposition period
A45: * Please note that the calculation should be adjusted once WACC is updated and finalized in the rate application.
A46: 3 Account 1576 is cleared by including the total balance in the deferral and variance account rate rider calculation.
A47: 4 Net additions are additions net of disposals; Net depreciation is additions to depreciation net of disposals.
A48: 5 Differences due to the adoption of MIFRS are to be shown separately in Account 1575 in Appendix 2-EA as Accounts 1575 and 1576 cannot be used interchangably.

Sheet App.2-EC_Account 1576 (2013)
I1: File Number: | J1: =EBNUMBER -> EB-2016-0066
I2: Exhibit:
I3: Tab:
I4: Schedule:
I5: Page:
I7: Date:
A9: Appendix 2-EC - Not Applicable
A10: Account 1576 - Accounting Changes under CGAAP
A11: 2013 Changes in Accounting Policies under CGAAP
A13: For applicants with a balance in Account 1576 and made capitalization and depreciation expense accounting policy changes under CGAAP effective January 1, 2013
B17: 2012 Rebasing Year | C17: 2013 | D17: 2014 | E17: 2015 | F17: 2016 | G17: 2017 Rebasing Year
A18: Reporting Basis | B18: CGAAP | C18: CGAAP | D18: CGAAP | E18: MIFRS - Note 5 | F18: MIFRS | G18: MIFRS
B19: Actual | C19: Actual | D19: Actual | E19: Actual | F19: Forecast | G19: Forecast
C20: $ | D20: $ | F20: $
A21: PP&E Values under former CGAAP
A22: Opening net PP&E - Note 1 | D22: =+C25 -> 0 | E22: =+D25 -> 0 | F22: =+D25 -> 0
A23: Net Additions - Note 4
A24: Net Depreciation (amounts should be negative) - Note 4
A25: Closing net PP&E (1) | C25: =C22+C23+C24 -> 0 | D25: =D22+D23+D24 -> 0 | E25: =E22+E23+E24 -> 0 | F25: =F22+F23+F24 -> 0
A27: PP&E Values under revised CGAAP (Starts from 2012)
A28: Opening net PP&E - Note 1 | D28: =+C31 -> 0 | E28: =+D31 -> 0 | F28: =+D31 -> 0
A29: Net Additions - Note 4
A30: Net Depreciation (amounts should be negative) - Note 4
A31: Closing net PP&E (2) | C31: =SUM(C28:C30) -> 0 | D31: =SUM(D28:D30) -> 0 | E31: =SUM(E28:E30) -> 0 | F31: =SUM(F28:F30) -> 0
A33: Difference in Closing net PP&E, former CGAAP vs. revised CGAAP | C33: =C25-C31 -> 0 | D33: =D25-D31 -> 0 | E33: =E25-E31 -> 0 | F33: =F25-F31 -> 0
A36: Effect on Deferral and Variance Account Rate Riders
A37: Closing balance in Account 1576 | G37: =IF(ISERROR(F33), 0, F33) -> 0 | I37: WACC
A38: Return on Rate Base Associated with Account 1576 balance at WACC - Note 2 | G38: =F33*J37*J38 -> 0 | H38: # of years of rate rider disposition period
A39: Amount included in Deferral and Variance Account Rate Rider Calculation | G39: =G37+G38 -> 0
A41: Notes:
A42: 1 For an applicant that made the capitalization and depreciation expense accounting policy changes on January 1, 2013, the PP&E values as of January 1, 2013 under both former CGAAP and revised CGAAP should be the same.
A43: 2 Return on rate base associated with Account 1576 balance is calculated as:
A44: the variance account ending balance as of 2016 x WACC X # of years of rate rider disposition period
A45: * Please note that the calculation should be adjusted once WACC is updated and finalized in the rate application.
A46: 3 Account 1576 is cleared by including the total balance in the deferral and variance account rate rider calculation.
A47: 4 Net additions are additions net of disposals; Net depreciation is additions to depreciation net of disposals.
A48: 5 Differences due to the adoption of MIFRS are to be shown separately in Account 1575 in Appendix 2-EA as Accounts 1575 and 1576 cannot be used interchangably.

Sheet App.2-FA Proposed REG Invest.
J1: File Number: | K1: =EBNUMBER -> EB-2016-0066
J2: Exhibit:
J3: Tab:
J4: Schedule:
J5: Page:
J7: Date:
A9: Appendix 2-FA
A10: Renewable Generation Connection Investment Summary (past investments or over the future rate setting period)
A12: Enter the details of the Renewable Generation Connection projects as described in the appropriate section of the Filing Requirements.
A13: All costs entered on this page will be transferred to the appropriate cells in the appendices that follow.
A14: For Part A, Renewable Enabling Improvements (REI), these amounts will be transferred to Appendix 2 - FB
A15: For Part B, Expansions, these amounts will be transferred to Appendix 2 - FC
A17: If there are more than five projects proposed to be in-service in a certain year, please amend the tables below and ensure that the formulae for the Total Amounts in any given rate year are updated.
A18: Based on the current methodology and allocation, amounts allocated represent 6% for REI Connection Investments and 17% for Expansion Investments. (EB-2009-0349, 6-10-2010, p. 15, note 9)
A20: There are two scenarios described below. Separate sets of spreadsheets (2-FA, 2-FB, 2-FC) should be submited for each scenario as required.
A21: Scenario 1: Past Investments with No Recovery. The distributor has made investments in the past (during the IRM Years), but has not received approval for these projects and therefore did not receive
A22: revenue from the IESO under Regulation 330/09 and did not receive ratepayer revenue for the direct benefit portion of the investment.
A23: The WCA percentage, debt percentages, interest rates, kWh, tax rates, amortization period, CCA Class and percentage should correspond to the distributor's last Cost of Service approval.
... A28: The WCA percentage, debt percentages, interest rates, kWh, tax rates, amortization period, CCA Class and percentage should correspond to the distributor's current application.
A30: Part A | G30: Test Year
A31: REI Investments (Direct Benefit at 6%) | C31: =D31-1 -> 2013 | D31: =E31-1 -> 2014 | E31: =F31-1 -> 2015 | F31: =G31-1 -> 2016 | G31: =TestYear -> 2017 | H31: =G31+1 -> 2018 | I31: =H31+1 -> 2019 | J31: =I31+1 -> 2020 | K31: =J31+1 -> 2021
A32: Project 1
A33: Name: REI Connection Project
A34: Capital Costs | C34: 0 | D34: 0 | E34: 0 | F34: 0 | G34: 0 | H34: 0 | I34: 0 | J34: 0 | K34: 0
A35: OM&A (Start-Up) | C35: 0 | D35: 0 | E35: 0 | F35: 0 | G35: 0 | H35: 0 | I35: 0 | J35: 0 | K35: 0
A36: OM&A (Ongoing) | C36: 0 | D36: 0 | E36: 0 | F36: 0 | G36: 0 | H36: 0 | I36: 0 | J36: 0 | K36: 0
A38: Project 2
A39: Name: REI Connection Project
A40: Capital Costs | C40: 0 | D40: 0 | E40: 0 | F40: 0 | G40: 0 | H40: 0 | I40: 0 | J40: 0 | K40: 0
A41: OM&A (Start-Up) | C41: 0 | D41: 0 | E41: 0 | F41: 0 | G41: 0 | H41: 0 | I41: 0 | J41: 0 | K41: 0
A42: OM&A (Ongoing) | C42: 0 | D42: 0 | E42: 0 | F42: 0 | G42: 0 | H42: 0 | I42: 0 | J42: 0 | K42: 0
A44: Project 3
A45: Name: REI Connection Project
A46: Capital Costs | C46: 0 | D46: 0 | E46: 0 | F46: 0 | G46: 0 | H46: 0 | I46: 0 | J46: 0 | K46: 0
A47: OM&A (Start-Up) | C47: 0 | D47: 0 | E47: 0 | F47: 0 | G47: 0 | H47: 0 | I47: 0 | J47: 0 | K47: 0
A48: OM&A (Ongoing) | C48: 0 | D48: 0 | E48: 0 | F48: 0 | G48: 0 | H48: 0 | I48: 0 | J48: 0 | K48: 0
A50: Project 4
A51: Name: REI Connection Project
A52: Capital Costs | C52: 0 | D52: 0 | E52: 0 | F52: 0 | G52: 0 | H52: 0 | I52: 0 | J52: 0 | K52: 0
A53: OM&A (Start-Up) | C53: 0 | D53: 0 | E53: 0 | F53: 0 | G53: 0 | H53: 0 | I53: 0 | J53: 0 | K53: 0
A54: OM&A (Ongoing) | C54: 0 | D54: 0 | E54: 0 | F54: 0 | G54: 0 | H54: 0 | I54: 0 | J54: 0 | K54: 0
A56: Project 5
A57: Name: REI Connection Project
A58: Capital Costs | C58: 0 | D58: 0 | E58: 0 | F58: 0 | G58: 0 | H58: 0 | I58: 0 | J58: 0 | K58: 0
A59: OM&A (Start-Up) | C59: 0 | D59: 0 | E59: 0 | F59: 0 | G59: 0 | H59: 0 | I59: 0 | J59: 0 | K59: 0
A60: OM&A (Ongoing) | C60: 0 | D60: 0 | E60: 0 | F60: 0 | G60: 0 | H60: 0 | I60: 0 | J60: 0 | K60: 0
A62: Total Capital Costs | C62: =SUM(C58,C52,C46,C40,C34) -> 0 | D62: =SUM(D58,D52,D46,D40,D34) -> 0 | E62: =SUM(E58,E52,E46,E40,E34) -> 0 | F62: =SUM(F58,F52,F46,F40,F34) -> 0 | G62: =SUM(G58,G52,G46,G40,G34) -> 0 | H62: =SUM(H58,H52,H46,H40,H34) -> 0 | I62: =SUM(I58,I52,I46,I40,I34) -> 0 | J62: =SUM(J58,J52,J46,J40,J34) -> 0 | K62: =SUM(K58,K52,K46,K40,K34) -> 0
A63: Total OM&A (Start-Up) | C63: =SUM(C59,C53,C47,C41,C35) -> 0 | D63: =SUM(D59,D53,D47,D41,D35) -> 0 | E63: =SUM(E59,E53,E47,E41,E35) -> 0 | F63: =SUM(F59,F53,F47,F41,F35) -> 0 | G63: =SUM(G59,G53,G47,G41,G35) -> 0 | H63: =SUM(H59,H53,H47,H41,H35) -> 0 | I63: =SUM(I59,I53,I47,I41,I35) -> 0 | J63: =SUM(J59,J53,J47,J41,J35) -> 0 | K63: =SUM(K59,K53,K47,K41,K35) -> 0
A64: Total OM&A (Ongoing) | C64: =SUM(C60,C54,C48,C42,C36) -> 0 | D64: =SUM(D60,D54,D48,D42,D36) -> 0 | E64: =SUM(E60,E54,E48,E42,E36) -> 0 | F64: =SUM(F60,F54,F48,F42,F36) -> 0 | G64: =SUM(G60,G54,G48,G42,G36) -> 0 | H64: =SUM(H60,H54,H48,H42,H36) -> 0 | I64: =SUM(I60,I54,I48,I42,I36) -> 0 | J64: =SUM(J60,J54,J48,J42,J36) -> 0 | K64: =SUM(K60,K54,K48,K42,K36) -> 0
A67: Part B | G67: Test Year
A68: Expansion Investments (Direct Benefit at 17%) | C68: =D68-1 -> 2013 | D68: =E68-1 -> 2014 | E68: =F68-1 -> 2015 | F68: =G68-1 -> 2016 | G68: =TestYear -> 2017 | H68: =G68+1 -> 2018 | I68: =H68+1 -> 2019 | J68: =I68+1 -> 2020 | K68: =J68+1 -> 2021
A69: Project 1
A70: Name: Expansion Connection Project
A71: Capital Costs | C71: 0 | D71: 0 | E71: 0 | F71: 0 | G71: 176493 | H71: 0 | I71: 0 | J71: 0 | K71: 0
A72: OM&A (Start-Up) | C72: 0 | D72: 0 | E72: 0 | F72: 0 | G72: 0 | H72: 0 | I72: 0 | J72: 0 | K72: 0
A73: OM&A (Ongoing) | C73: 0 | D73: 0 | E73: 0 | F73: 0 | G73: 0 | H73: 0 | I73: 0 | J73: 0 | K73: 0
A75: Project 2
A76: Name: Expansion Connection Project
A77: Capital Costs | C77: 0 | D77: 0 | E77: 0 | F77: 0 | G77: 0 | H77: 0 | I77: 0 | J77: 0 | K77: 0
A78: OM&A (Start-Up) | C78: 0 | D78: 0 | E78: 0 | F78: 0 | G78: 0 | H78: 0 | I78: 0 | J78: 0 | K78: 0
A79: OM&A (Ongoing) | C79: 0 | D79: 0 | E79: 0 | F79: 0 | G79: 0 | H79: 0 | I79: 0 | J79: 0 | K79: 0
A81: Project 3
A82: Name: Expansion Connection Project
A83: Capital Costs | C83: 0 | D83: 0 | E83: 0 | F83: 0 | G83: 0 | H83: 0 | I83: 0 | J83: 0 | K83: 0
A84: OM&A (Start-Up) | C84: 0 | D84: 0 | E84: 0 | F84: 0 | G84: 0 | H84: 0 | I84: 0 | J84: 0 | K84: 0
A85: OM&A (Ongoing) | C85: 0 | D85: 0 | E85: 0 | F85: 0 | G85: 0 | H85: 0 | I85: 0 | J85: 0 | K85: 0
A87: Project 4
A88: Name: Expansion Connection Project
A89: Capital Costs | C89: 0 | D89: 0 | E89: 0 | F89: 0 | G89: 0 | H89: 0 | I89: 0 | J89: 0 | K89: 0
A90: OM&A (Start-Up) | C90: 0 | D90: 0 | E90: 0 | F90: 0 | G90: 0 | H90: 0 | I90: 0 | J90: 0 | K90: 0
A91: OM&A (Ongoing) | C91: 0 | D91: 0 | E91: 0 | F91: 0 | G91: 0 | H91: 0 | I91: 0 | J91: 0 | K91: 0
A93: Project 5
A94: Name: Expansion Connection Project
A95: Capital Costs | C95: 0 | D95: 0 | E95: 0 | F95: 0 | G95: 0 | H95: 0 | I95: 0 | J95: 0 | K95: 0
A96: OM&A (Start-Up) | C96: 0 | D96: 0 | E96: 0 | F96: 0 | G96: 0 | H96: 0 | I96: 0 | J96: 0 | K96: 0
A97: OM&A (Ongoing) | C97: 0 | D97: 0 | E97: 0 | F97: 0 | G97: 0 | H97: 0 | I97: 0 | J97: 0 | K97: 0
A99: Total Capital Costs | C99: =SUM(C95,C89,C83,C77,C71) -> 0 | D99: =SUM(D95,D89,D83,D77,D71) -> 0 | E99: =SUM(E95,E89,E83,E77,E71) -> 0 | F99: =SUM(F95,F89,F83,F77,F71) -> 0 | G99: =SUM(G95,G89,G83,G77,G71) -> 176493 | H99: =SUM(H95,H89,H83,H77,H71) -> 0 | I99: =SUM(I95,I89,I83,I77,I71) -> 0 | J99: =SUM(J95,J89,J83,J77,J71) -> 0 | K99: =SUM(K95,K89,K83,K77,K71) -> 0
A100: Total OM&A (Start-Up) | C100: =SUM(C96,C90,C84,C78,C72) -> 0 | D100: =SUM(D96,D90,D84,D78,D72) -> 0 | E100: =SUM(E96,E90,E84,E78,E72) -> 0 | F100: =SUM(F96,F90,F84,F78,F72) -> 0 | G100: =SUM(G96,G90,G84,G78,G72) -> 0 | H100: =SUM(H96,H90,H84,H78,H72) -> 0 | I100: =SUM(I96,I90,I84,I78,I72) -> 0 | J100: =SUM(J96,J90,J84,J78,J72) -> 0 | K100: =SUM(K96,K90,K84,K78,K72) -> 0
A101: Total OM&A (Ongoing) | C101: =SUM(C97,C91,C85,C79,C73) -> 0 | D101: =SUM(D97,D91,D85,D79,D73) -> 0 | E101: =SUM(E97,E91,E85,E79,E73) -> 0 | F101: =SUM(F97,F91,F85,F79,F73) -> 0 | G101: =SUM(G97,G91,G85,G79,G73) -> 0 | H101: =SUM(H97,H91,H85,H79,H73) -> 0 | I101: =SUM(I97,I91,I85,I79,I73) -> 0 | J101: =SUM(J97,J91,J85,J79,J73) -> 0 | K101: =SUM(K97,K91,K85,K79,K73) -> 0

Sheet App.2-FB Calc of REG Improvemnt
N1: File Number: | O1: =EBNUMBER -> EB-2016-0066
N2: Exhibit:
N3: Tab:
N4: Schedule:
N5: Page:
N7: Date:
A9: Appendix 2-FB
A10: Calculation of Renewable Generation Connection Direct Benefits/Provincial Amount: Renewable Enabling Improvement Investments
A12: This table will calculate the distributor/provincial shares of the investments entered in Part A of Appendix 2-FA.
A13: Enter values in green shaded cells: WCA percentage, debt percentages, interest rates, kWh, tax rates, amortization period, CCA Class and percentage.
A14: For historical investments, enter these variables for your last cost of service test year. For 2017 and beyond, enter variables as in the application.
A15: Rate Riders are not calculated for the Test Year as these assets and costs are already in the distributor's rate base/revenue requirement.
C17: =F17-1 -> 2013 | F17: =I17-1 -> 2014 | I17: =L17-1 -> 2015 | L17: =BridgeYear -> 2016 | O17: =CONCATENATE(TestYear," Test Year") -> 2017 Test Year | R17: =TestYear+1 -> 2018 | U17: =R17+1 -> 2019 | V17: 2016 | X17: =U17+1 -> 2020 | AA17: =X17+1 -> 2021
D18: Direct Benefit | E18: Provincial | G18: Direct Benefit | H18: Provincial | J18: Direct Benefit | K18: Provincial | M18: Direct Benefit | N18: Provincial | P18: Direct Benefit | Q18: Provincial | S18: Direct Benefit | T18: Provincial | V18: Direct Benefit | W18: Provincial | Y18: Direct Benefit | Z18: Provincial | AB18: Direct Benefit | AC18: Provincial
C19: Total | D19: 0.06 | E19: 0.94 | F19: Total | G19: 0.06 | H19: 0.94 | I19: Total | J19: 0.06 | K19: 0.94 | L19: Total | M19: 0.06 | N19: 0.94 | O19: Total | P19: 0.06 | Q19: 0.94 | R19: Total | S19: 0.06 | T19: 0.94 | U19: Total | V19: 0.06 | W19: 0.94 | X19: Total | Y19: 0.06 | Z19: 0.94 | AA19: Total | AB19: 0.06 | AC19: 0.94
A20: Net Fixed Assets (average) | C20: =D82 -> 0 | D20: =C20*D19 -> 0 | E20: =C20*E19 -> 0 | F20: =E82 -> 0 | G20: =F20*G19 -> 0 | H20: =F20*H19 -> 0 | I20: =F82 -> 0 | J20: =I20*J19 -> 0 | K20: =I20*K19 -> 0 | L20: =G82 -> 0 | M20: =L20*M19 -> 0 | N20: =L20*N19 -> 0 | O20: =H82 -> 0 | P20: =O20*P19 -> 0 | Q20: =O20*Q19 -> 0 | R20: =I82 -> 0 | S20: =R20*S19 -> 0 | T20: =R20*T19 -> 0 | U20: =J82 -> 0 | V20: =U20*V19 -> 0 | W20: =U20*W19 -> 0 | X20: =K82 -> 0 | Y20: =X20*Y19 -> 0 | Z20: =X20*Z19 -> 0 | AA20: =L82 -> 0 | AB20: =AA20*AB19 -> 0 | AC20: =AA20*AC19 -> 0
A21: Incremental OM&A (on-going, N/A for Provincial Recovery) | C21: ='App.2-FA Proposed REG Invest.'!C64 -> 0 | D21: =C21 -> 0 | F21: ='App.2-FA Proposed REG Invest.'!D64 -> 0 | G21: =F21 -> 0 | I21: ='App.2-FA Proposed REG Invest.'!E64 -> 0 | J21: =I21 -> 0 | L21: ='App.2-FA Proposed REG Invest.'!F64 -> 0 | M21: =L21 -> 0 | O21: ='App.2-FA Proposed REG Invest.'!G64 -> 0 | P21: =O21 -> 0 | R21: ='App.2-FA Proposed REG Invest.'!H64 -> 0 | S21: =R21 -> 0 | U21: ='App.2-FA Proposed REG Invest.'!I64 -> 0 | V21: =U21 -> 0 | X21: ='App.2-FA Proposed REG Invest.'!J64 -> 0 | Y21: =X21 -> 0 | AA21: ='App.2-FA Proposed REG Invest.'!K64 -> 0 | AB21: =AA21 -> 0
A22: Incremental OM&A (start-up, applicable for Provincial Recovery) | C22: ='App.2-FA Proposed REG Invest.'!C63 -> 0 | D22: =C22*D19 -> 0 | E22: =C22*E19 -> 0 | F22: ='App.2-FA Proposed REG Invest.'!D63 -> 0 | G22: =F22*G19 -> 0 | H22: =F22*H19 -> 0 | I22: ='App.2-FA Proposed REG Invest.'!E63 -> 0 | J22: =I22*J19 -> 0 | K22: =I22*K19 -> 0 | L22: ='App.2-FA Proposed REG Invest.'!F63 -> 0 | M22: =L22*M19 -> 0 | N22: =L22*N19 -> 0 | O22: ='App.2-FA Proposed REG Invest.'!G63 -> 0 | P22: =O22*P19 -> 0 | Q22: =O22*Q19 -> 0 | R22: ='App.2-FA Proposed REG Invest.'!H63 -> 0 | S22: =R22*S19 -> 0 | T22: =R22*T19 -> 0 | U22: ='App.2-FA Proposed REG Invest.'!I63 -> 0 | V22: =U22*V19 -> 0 | W22: =U22*W19 -> 0 | X22: ='App.2-FA Proposed REG Invest.'!J63 -> 0 | Y22: =X22*Y19 -> 0 | Z22: =X22*Z19 -> 0 | AA22: ='App.2-FA Proposed REG Invest.'!K63 -> 0 | AB22: =AA22*AB19 -> 0 | AC22: =AA22*AC19 -> 0
A23: WCA | D23: =(D21+D22)*$B$23 -> 0 | E23: =E22*$B$23 -> 0 | G23: =(G21+G22)*$B$23 -> 0 | H23: =H22*$B$23 -> 0 | J23: =(J21+J22)*$B$23 -> 0 | K23: =K22*$B$23 -> 0 | M23: =(M21+M22)*$B$23 -> 0 | N23: =N22*$B$23 -> 0 | P23: =(P21+P22)*$B$23 -> 0 | Q23: =Q22*$B$23 -> 0 | S23: =(S21+S22)*$B$23 -> 0 | T23: =T22*$B$23 -> 0 | V23: =(V21+V22)*$B$23 -> 0 | W23: =W22*$B$23 -> 0 | Y23: =(Y21+Y22)*$B$23 -> 0 | Z23: =Z22*$B$23 -> 0 | AB23: =(AB21+AB22)*$B$23 -> 0 | AC23: =AC22*$B$23 -> 0
A24: Rate Base | D24: =SUM(D20+D23) -> 0 | E24: =SUM(E20+E23) -> 0 | G24: =SUM(G20+G23) -> 0 | H24: =SUM(H20+H23) -> 0 | J24: =SUM(J20+J23) -> 0 | K24: =SUM(K20+K23) -> 0 | M24: =SUM(M20+M23) -> 0 | N24: =SUM(N20+N23) -> 0 | P24: =SUM(P20+P23) -> 0 | Q24: =SUM(Q20+Q23) -> 0 | S24: =SUM(S20+S23) -> 0 | T24: =SUM(T20+T23) -> 0 | V24: =SUM(V20+V23) -> 0 | W24: =SUM(W20+W23) -> 0 | Y24: =SUM(Y20+Y23) -> 0 | Z24: =SUM(Z20+Z23) -> 0 | AB24: =SUM(AB20+AB23) -> 0 | AC24: =SUM(AC20+AC23) -> 0
A27: Deemed ST Debt | D27: =D24*$B$27 -> 0 | E27: =E24*$B$27 -> 0 | G27: =G24*$B$27 -> 0 | H27: =H24*$B$27 -> 0 | J27: =J24*$B$27 -> 0 | K27: =K24*$B$27 -> 0 | M27: =M24*$B$27 -> 0 | N27: =N24*$B$27 -> 0 | P27: =P24*$B$27 -> 0 | Q27: =Q24*$B$27 -> 0 | S27: =S24*$B$27 -> 0 | T27: =T24*$B$27 -> 0 | V27: =V24*$B$27 -> 0 | W27: =W24*$B$27 -> 0 | Y27: =Y24*$B$27 -> 0 | Z27: =Z24*$B$27 -> 0 | AB27: =AB24*$B$27 -> 0 | AC27: =AC24*$B$27 -> 0
A28: Deemed LT Debt | D28: =D24*$B$28 -> 0 | E28: =E24*$B$28 -> 0 | G28: =G24*$B$28 -> 0 | H28: =H24*$B$28 -> 0 | J28: =J24*$B$28 -> 0 | K28: =K24*$B$28 -> 0 | M28: =M24*$B$28 -> 0 | N28: =N24*$B$28 -> 0 | P28: =P24*$B$28 -> 0 | Q28: =Q24*$B$28 -> 0 | S28: =S24*$B$28 -> 0 | T28: =T24*$B$28 -> 0 | V28: =V24*$B$28 -> 0 | W28: =W24*$B$28 -> 0 | Y28: =Y24*$B$28 -> 0 | Z28: =Z24*$B$28 -> 0 | AB28: =AB24*$B$28 -> 0 | AC28: =AC24*$B$28 -> 0
A29: Deemed Equity | D29: =D24*$B$29 -> 0 | E29: =E24*$B$29 -> 0 | G29: =G24*$B$29 -> 0 | H29: =H24*$B$29 -> 0 | J29: =J24*$B$29 -> 0 | K29: =K24*$B$29 -> 0 | M29: =M24*$B$29 -> 0 | N29: =N24*$B$29 -> 0 | P29: =P24*$B$29 -> 0 | Q29: =Q24*$B$29 -> 0 | S29: =S24*$B$29 -> 0 | T29: =T24*$B$29 -> 0 | V29: =V24*$B$29 -> 0 | W29: =W24*$B$29 -> 0 | Y29: =Y24*$B$29 -> 0 | Z29: =Z24*$B$29 -> 0 | AB29: =AB24*$B$29 -> 0 | AC29: =AC24*$B$29 -> 0
A31: ST Interest | D31: =D27*$B31 -> 0 | E31: =E27*$B31 -> 0 | G31: =G27*$B31 -> 0 | H31: =H27*$B31 -> 0 | J31: =J27*$B31 -> 0 | K31: =K27*$B31 -> 0 | M31: =M27*$B31 -> 0 | N31: =N27*$B31 -> 0 | P31: =P27*$B31 -> 0 | Q31: =Q27*$B31 -> 0 | S31: =S27*$B31 -> 0 | T31: =T27*$B31 -> 0 | V31: =V27*$B31 -> 0 | W31: =W27*$B31 -> 0 | Y31: =Y27*$B31 -> 0 | Z31: =Z27*$B31 -> 0 | AB31: =AB27*$B31 -> 0 | AC31: =AC27*$B31 -> 0
A32: LT Interest | D32: =D28*$B32 -> 0 | E32: =E28*$B32 -> 0 | G32: =G28*$B32 -> 0 | H32: =H28*$B32 -> 0 | J32: =J28*$B32 -> 0 | K32: =K28*$B32 -> 0 | M32: =M28*$B32 -> 0 | N32: =N28*$B32 -> 0 | P32: =P28*$B32 -> 0 | Q32: =Q28*$B32 -> 0 | S32: =S28*$B32 -> 0 | T32: =T28*$B32 -> 0 | V32: =V28*$B32 -> 0 | W32: =W28*$B32 -> 0 | Y32: =Y28*$B32 -> 0 | Z32: =Z28*$B32 -> 0 | AB32: =AB28*$B32 -> 0 | AC32: =AC28*$B32 -> 0
A33: ROE | D33: =D29*$B33 -> 0 | E33: =E29*$B33 -> 0 | G33: =G29*$B33 -> 0 | H33: =H29*$B33 -> 0 | J33: =J29*$B33 -> 0 | K33: =K29*$B33 -> 0 | M33: =M29*$B33 -> 0 | N33: =N29*$B33 -> 0 | P33: =P29*$B33 -> 0 | Q33: =Q29*$B33 -> 0 | S33: =S29*$B33 -> 0 | T33: =T29*$B33 -> 0 | V33: =V29*$B33 -> 0 | W33: =W29*$B33 -> 0 | Y33: =Y29*$B33 -> 0 | Z33: =Z29*$B33 -> 0 | AB33: =AB29*$B33 -> 0 | AC33: =AC29*$B33 -> 0
A34: Cost of Capital Total | D34: =SUM(D31:D33) -> 0 | E34: =SUM(E31:E33) -> 0 | G34: =SUM(G31:G33) -> 0 | H34: =SUM(H31:H33) -> 0 | J34: =SUM(J31:J33) -> 0 | K34: =SUM(K31:K33) -> 0 | M34: =SUM(M31:M33) -> 0 | N34: =SUM(N31:N33) -> 0 | P34: =SUM(P31:P33) -> 0 | Q34: =SUM(Q31:Q33) -> 0 | S34: =SUM(S31:S33) -> 0 | T34: =SUM(T31:T33) -> 0 | V34: =SUM(V31:V33) -> 0 | W34: =SUM(W31:W33) -> 0 | Y34: =SUM(Y31:Y33) -> 0 | Z34: =SUM(Z31:Z33) -> 0 | AB34: =SUM(AB31:AB33) -> 0 | AC34: =SUM(AC31:AC33) -> 0
A36: OM&A | D36: =D21+D22 -> 0 | E36: =E22 -> 0 | G36: =G21+G22 -> 0 | H36: =H22 -> 0 | J36: =J21+J22 -> 0 | K36: =K22 -> 0 | M36: =M21+M22 -> 0 | N36: =N22 -> 0 | P36: =P21+P22 -> 0 | Q36: =Q22 -> 0 | S36: =S21+S22 -> 0 | T36: =T22 -> 0 | V36: =V21+V22 -> 0 | W36: =W22 -> 0 | Y36: =Y21+Y22 -> 0 | Z36: =Z22 -> 0 | AB36: =AB21+AB22 -> 0 | AC36: =AC22 -> 0
A37: Amortization | C37: =D77 -> 0 | D37: =C37*D$19 -> 0 | E37: =C37*E$19 -> 0 | F37: =E77 -> 0 | G37: =F37*G$19 -> 0 | H37: =F37*H$19 -> 0 | I37: =F77 -> 0 | J37: =I37*J$19 -> 0 | K37: =I37*K$19 -> 0 | L37: =G77 -> 0 | M37: =L37*M$19 -> 0 | N37: =L37*N$19 -> 0 | O37: =H77 -> 0 | P37: =O37*P$19 -> 0 | Q37: =O37*Q$19 -> 0 | R37: =I76+I77 -> 0 | S37: =R37*S$19 -> 0 | T37: =R37*T$19 -> 0 | U37: =J76+J77 -> 0 | V37: =U37*V$19 -> 0 | W37: =U37*W$19 -> 0 | X37: =K76+K77 -> 0 | Y37: =X37*Y$19 -> 0 | Z37: =X37*Z$19 -> 0 | AA37: =L76+L77 -> 0 | AB37: =AA37*AB$19 -> 0 | AC37: =AA37*AC$19 -> 0
A38: Grossed-up PILs | D38: =D65 -> 0 | E38: =E65 -> 0 | G38: =G65 -> 0 | H38: =H65 -> 0 | J38: =J65 -> 0 | K38: =K65 -> 0 | M38: =M65 -> 0 | N38: =N65 -> 0 | P38: =P65 -> 0 | Q38: =Q65 -> 0 | S38: =S65 -> 0 | T38: =T65 -> 0 | V38: =V65 -> 0 | W38: =W65 -> 0 | Y38: =Y65 -> 0 | Z38: =Z65 -> 0 | AB38: =AB65 -> 0 | AC38: =AC65 -> 0
A40: Revenue Requirement | D40: =SUM(D34:D38) -> 0 | E40: =SUM(E34:E38) -> 0 | G40: =SUM(G34:G38) -> 0 | H40: =SUM(H34:H38) -> 0 | J40: =SUM(J34:J38) -> 0 | K40: =SUM(K34:K38) -> 0 | M40: =SUM(M34:M38) -> 0 | N40: =SUM(N34:N38) -> 0 | P40: =SUM(P34:P38) -> 0 | Q40: =SUM(Q34:Q38) -> 0 | S40: =SUM(S34:S38) -> 0 | T40: =SUM(T34:T38) -> 0 | V40: =SUM(V34:V38) -> 0 | W40: =SUM(W34:W38) -> 0 | Y40: =SUM(Y34:Y38) -> 0 | Z40: =SUM(Z34:Z38) -> 0 | AB40: =SUM(AB34:AB38) -> 0 | AC40: =SUM(AC34:AC38) -> 0
A43: Provincial Rate Protection | E43: =E40 -> 0 | H43: =H40 -> 0 | K43: =K40 -> 0 | N43: =N40 -> 0 | Q43: =Q40 -> 0 | T43: =T40 -> 0 | W43: =W40 -> 0 | Z43: =Z40 -> 0 | AC43: =AC40 -> 0
A45: Monthly Amount Paid by IESO | E45: =E43/12 -> 0 | H45: =H43/12 -> 0 | K45: =K43/12 -> 0 | N45: =N43/12 -> 0 | Q45: =Q43/12 -> 0 | T45: =T43/12 -> 0 | W45: =W43/12 -> 0 | Z45: =Z43/12 -> 0 | AC45: =AC43/12 -> 0
A47: Note 1: The difference between the actual costs of approved eligible investments and revenue received from the IESO should be recorded in a variance account. The Board may provide
A48: regulatory accounting guidance regarding a variance account either in an individual proceeding or on a generic basis.
A49: Note 2: For the 2016 Test Year, Costs and Revenues of the Direct Benefit are to be included in the test year applicant Rate Base and Revenues.
A51: PILs Calculation
D52: =C17 -> 2013 | G52: =F17 -> 2014 | J52: =I17 -> 2015 | M52: =L17 -> 2016 | P52: =O17 -> 2017 Test Year | S52: =R17 -> 2018 | V52: =U17 -> 2019 | Y52: =X17 -> 2020 | AB52: =AA17 -> 2021
A53: Income Tax | D53: Direct Benefit | E53: Provincial | G53: Direct Benefit | H53: Provincial | J53: Direct Benefit | K53: Provincial | M53: Direct Benefit | N53: Provincial | P53: Direct Benefit | Q53: Provincial | S53: Direct Benefit | T53: Provincial | V53: Direct Benefit | W53: Provincial | Y53: Direct Benefit | Z53: Provincial | AB53: Direct Benefit | AC53: Provincial
X54: Total | AA54: Total
A55: Net Income - ROE on Rate Base | D55: =D33 -> 0 | E55: =E33 -> 0 | G55: =G33 -> 0 | H55: =H33 -> 0 | J55: =J33 -> 0 | K55: =K33 -> 0 | M55: =M33 -> 0 | N55: =N33 -> 0 | P55: =P33 -> 0 | Q55: =Q33 -> 0 | S55: =S33 -> 0 | T55: =T33 -> 0 | V55: =V33 -> 0 | W55: =W33 -> 0 | Y55: =Y33 -> 0 | Z55: =Z33 -> 0 | AB55: =AB33 -> 0 | AC55: =AC33 -> 0
A56: Amortization (6% DB and 94% P) | D56: =D37 -> 0 | E56: =E37 -> 0 | G56: =G37 -> 0 | H56: =H37 -> 0 | J56: =J37 -> 0 | K56: =K37 -> 0 | M56: =M37 -> 0 | N56: =N37 -> 0 | P56: =P37 -> 0 | Q56: =Q37 -> 0 | S56: =S37 -> 0 | T56: =T37 -> 0 | V56: =V37 -> 0 | W56: =W37 -> 0 | Y56: =Y37 -> 0 | Z56: =Z37 -> 0 | AB56: =AB37 -> 0 | AC56: =AC37 -> 0
A57: CCA (6% DB and 94% P) | D57: =-D94*D$19 -> 0 | E57: =-D94*E$19 -> 0 | G57: =-E94*G19 -> 0 | H57: =-E94*H$19 -> 0 | J57: =-F94*J$19 -> 0 | K57: =-F94*K$19 -> 0 | M57: =-G94*M$19 -> 0 | N57: =-G94*N$19 -> 0 | P57: =-H94*P$19 -> 0 | Q57: =-H94*Q$19 -> 0 | S57: =-I94*S$19 -> 0 | T57: =-I94*T$19 -> 0 | V57: =-J94*V$19 -> 0 | W57: =-J94*W$19 -> 0 | Y57: =-K94*Y$19 -> 0 | Z57: =-K94*Z$19 -> 0 | AB57: =-L94*AB$19 -> 0 | AC57: =-L94*AC$19 -> 0
A58: Taxable income | D58: =SUM(D55:D57) -> 0 | E58: =SUM(E55:E57) -> 0 | G58: =SUM(G55:G57) -> 0 | H58: =SUM(H55:H57) -> 0 | J58: =SUM(J55:J57) -> 0 | K58: =SUM(K55:K57) -> 0 | M58: =SUM(M55:M57) -> 0 | N58: =SUM(N55:N57) -> 0 | P58: =SUM(P55:P57) -> 0 | Q58: =SUM(Q55:Q57) -> 0 | S58: =SUM(S55:S57) -> 0 | T58: =SUM(T55:T57) -> 0 | V58: =SUM(V55:V57) -> 0 | W58: =SUM(W55:W57) -> 0 | Y58: =SUM(Y55:Y57) -> 0 | Z58: =SUM(Z55:Z57) -> 0 | AB58: =SUM(AB55:AB57) -> 0 | AC58: =SUM(AC55:AC57) -> 0
A60: Tax Rate (to be entered)
A62: Income Taxes Payable | D62: =D58*D60 -> 0 | E62: =E58*E60 -> 0 | G62: =G58*G60 -> 0 | H62: =H58*H60 -> 0 | J62: =J58*J60 -> 0 | K62: =K58*K60 -> 0 | M62: =M58*M60 -> 0 | N62: =N58*N60 -> 0 | P62: =P58*P60 -> 0 | Q62: =Q58*Q60 -> 0 | S62: =S58*S60 -> 0 | T62: =T58*T60 -> 0 | V62: =V58*V60 -> 0 | W62: =W58*W60 -> 0 | Y62: =Y58*Y60 -> 0 | Z62: =Z58*Z60 -> 0 | AB62: =AB58*AB60 -> 0 | AC62: =AC58*AC60 -> 0
A63: Gross Up
A64: Income Taxes Payable | D64: =D62/(1-D60) -> 0 | E64: =E62/(1-E60) -> 0 | G64: =G62/(1-G60) -> 0 | H64: =H62/(1-H60) -> 0 | J64: =J62/(1-J60) -> 0 | K64: =K62/(1-K60) -> 0 | M64: =M62/(1-M60) -> 0 | N64: =N62/(1-N60) -> 0 | P64: =P62/(1-P60) -> 0 | Q64: =Q62/(1-Q60) -> 0 | S64: =S62/(1-S60) -> 0 | T64: =T62/(1-T60) -> 0 | V64: =V62/(1-V60) -> 0 | W64: =W62/(1-W60) -> 0 | Y64: =Y62/(1-Y60) -> 0 | Z64: =Z62/(1-Z60) -> 0 | AB64: =AB62/(1-AB60) -> 0 | AC64: =AC62/(1-AC60) -> 0
A65: Grossed Up PILs | D65: =SUM(D64:D64) -> 0 | E65: =SUM(E64:E64) -> 0 | G65: =SUM(G64:G64) -> 0 | H65: =SUM(H64:H64) -> 0 | J65: =SUM(J64:J64) -> 0 | K65: =SUM(K64:K64) -> 0 | M65: =SUM(M64:M64) -> 0 | N65: =SUM(N64:N64) -> 0 | P65: =SUM(P64:P64) -> 0 | Q65: =SUM(Q64:Q64) -> 0 | S65: =SUM(S64:S64) -> 0 | T65: =SUM(T64:T64) -> 0 | V65: =SUM(V64:V64) -> 0 | W65: =SUM(W64:W64) -> 0 | Y65: =SUM(Y64:Y64) -> 0 | Z65: =SUM(Z64:Z64) -> 0 | AB65: =SUM(AB64:AB64) -> 0 | AC65: =SUM(AC64:AC64) -> 0
D68: =E68-1 -> 2013 | E68: =F68-1 -> 2014 | F68: =G68-1 -> 2015 | G68: =H68-1 -> 2016 | H68: =TestYear -> 2017 | I68: =H68+1 -> 2018 | J68: =I68+1 -> 2019 | K68: =J68+1 -> 2020 | L68: =K68+1 -> 2021
A69: Net Fixed Assets
B70: Enter applicable amortization in years: | C70: 25
A71: Opening Gross Fixed Assets | E71: =D73 -> 0 | F71: =E73 -> 0 | G71: =F73 -> 0 | H71: =G73 -> 0 | I71: =H73 -> 0 | J71: =I73 -> 0 | K71: =J73 -> 0 | L71: =K73 -> 0
A72: Gross Capital Additions | D72: ='App.2-FA Proposed REG Invest.'!C62 -> 0 | E72: ='App.2-FA Proposed REG Invest.'!D62 -> 0 | F72: ='App.2-FA Proposed REG Invest.'!E62 -> 0 | G72: ='App.2-FA Proposed REG Invest.'!F62 -> 0 | H72: ='App.2-FA Proposed REG Invest.'!G62 -> 0 | I72: ='App.2-FA Proposed REG Invest.'!H62 -> 0 | J72: ='App.2-FA Proposed REG Invest.'!I62 -> 0 | K72: ='App.2-FA Proposed REG Invest.'!J62 -> 0 | L72: ='App.2-FA Proposed REG Invest.'!K62 -> 0
A73: Closing Gross Fixed Assets | D73: =SUM(D71:D72) -> 0 | E73: =SUM(E71:E72) -> 0 | F73: =SUM(F71:F72) -> 0 | G73: =SUM(G71:G72) -> 0 | H73: =SUM(H71:H72) -> 0 | I73: =SUM(I71:I72) -> 0 | J73: =SUM(J71:J72) -> 0 | K73: =SUM(K71:K72) -> 0 | L73: =SUM(L71:L72) -> 0
A75: Opening Accumulated Amortization | E75: =+D78 -> 0 | F75: =E78 -> 0 | G75: =F78 -> 0 | H75: =G78 -> 0 | I75: =H78 -> 0 | J75: =I78 -> 0 | K75: =J78 -> 0 | L75: =K78 -> 0
A76: Current Year Amortization (before additions) | D76: =IF(ISERROR(D71/$C$70), 0, D71/$C$70) -> 0 | E76: =IF(ISERROR(E71/$C$70), 0, E71/$C$70) -> 0 | F76: =IF(ISERROR(F71/$C$70), 0, F71/$C$70) -> 0 | G76: =IF(ISERROR(G71/$C$70), 0, G71/$C$70) -> 0 | H76: =IF(ISERROR(H71/$C$70), 0, H71/$C$70) -> 0 | I76: =IF(ISERROR(I71/$C$70), 0, I71/$C$70) -> 0 | J76: =IF(ISERROR(J71/$C$70), 0, J71/$C$70) -> 0 | K76: =IF(ISERROR(K71/$C$70), 0, K71/$C$70) -> 0 | L76: =IF(ISERROR(L71/$C$70), 0, L71/$C$70) -> 0
A77: Additions (half year) | D77: =D72/$C$70/2 -> 0 | E77: =E72/$C$70/2 -> 0 | F77: =F72/$C$70/2 -> 0 | G77: =G72/$C$70/2 -> 0 | H77: =H72/$C$70/2 -> 0 | I77: =I72/C70/2 -> 0 | J77: =J72/C70/2 -> 0 | K77: =K72/C70/2 -> 0 | L77: =L72/C70/2 -> 0
A78: Closing Accumulated Amortization | D78: =SUM(D75+D76+D77) -> 0 | E78: =SUM(E75+E76+E77) -> 0 | F78: =SUM(F75+F76+F77) -> 0 | G78: =SUM(G75+G76+G77) -> 0 | H78: =SUM(H75+H76+H77) -> 0 | I78: =SUM(I75:I77) -> 0 | J78: =SUM(J75:J77) -> 0 | K78: =SUM(K75:K77) -> 0 | L78: =SUM(L75:L77) -> 0
A80: Opening Net Fixed Assets | D80: =D71-D75 -> 0 | E80: =E71-E75 -> 0 | F80: =F71-F75 -> 0 | G80: =G71-G75 -> 0 | H80: =H71-H75 -> 0 | I80: =H81 -> 0 | J80: =I81 -> 0 | K80: =J81 -> 0 | L80: =K81 -> 0
A81: Closing Net Fixed Assets | D81: =D73-D78 -> 0 | E81: =E73-E78 -> 0 | F81: =F73-F78 -> 0 | G81: =G73-G78 -> 0 | H81: =H73-H78 -> 0 | I81: =I73-I78 -> 0 | J81: =J73-J78 -> 0 | K81: =K73-K78 -> 0 | L81: =L73-L78 -> 0
A82: Average Net Fixed Assets | D82: =SUM(D80:D81)/2 -> 0 | E82: =SUM(E80:E81)/2 -> 0 | F82: =SUM(F80:F81)/2 -> 0 | G82: =SUM(G80:G81)/2 -> 0 | H82: =SUM(H80:H81)/2 -> 0 | I82: =SUM(I80:I81)/2 -> 0 | J82: =SUM(J80:J81)/2 -> 0 | K82: =SUM(K80:K81)/2 -> 0 | L82: =SUM(L80:L81)/2 -> 0
A84: UCC for PILs Calculation
D85: =D68 -> 2013 | E85: =E68 -> 2014 | F85: =F68 -> 2015 | G85: =G68 -> 2016 | H85: =H68 -> 2017 | I85: =I68 -> 2018 | J85: =J68 -> 2019 | K85: =K68 -> 2020 | L85: =L68 -> 2021
A87: Opening UCC | E87: =D95 -> 0 | F87: =E95 -> 0 | G87: =F95 -> 0 | H87: =G95 -> 0 | I87: =H95 -> 0 | J87: =I95 -> 0 | K87: =J95 -> 0 | L87: =K95 -> 0
A88: Capital Additions (from Appendix 2-FA) | D88: =D72 -> 0 | E88: =E72 -> 0 | F88: =F72 -> 0 | G88: =G72 -> 0 | H88: =H72 -> 0 | I88: =I72 -> 0 | J88: =J72 -> 0 | K88: =K72 -> 0 | L88: =L72 -> 0
A89: UCC Before Half Year Rule | D89: =SUM(D87:D88) -> 0 | E89: =SUM(E87:E88) -> 0 | F89: =SUM(F87:F88) -> 0 | G89: =SUM(G87:G88) -> 0 | H89: =SUM(H87:H88) -> 0 | I89: =SUM(I87:I88) -> 0 | J89: =SUM(J87:J88) -> 0 | K89: =SUM(K87:K88) -> 0 | L89: =SUM(L87:L88) -> 0
A90: Half Year Rule (1/2 Additions - Disposals) | D90: =D88/2 -> 0 | E90: =E88/2 -> 0 | F90: =F88/2 -> 0 | G90: =G88/2 -> 0 | H90: =H88/2 -> 0 | I90: =I88/2 -> 0 | J90: =J88/2 -> 0 | K90: =K88/2 -> 0 | L90: =L88/2 -> 0
A91: Reduced UCC | D91: =D89-D90 -> 0 | E91: =E89-E90 -> 0 | F91: =F89-F90 -> 0 | G91: =G89-G90 -> 0 | H91: =H89-H90 -> 0 | I91: =I89-I90 -> 0 | J91: =J89-J90 -> 0 | K91: =K89-K90 -> 0 | L91: =L89-L90 -> 0
A92: CCA Rate Class (to be entered) | C92: 47 | D92: =C92 -> 47 | E92: =D92 -> 47 | F92: =E92 -> 47 | G92: =F92 -> 47 | H92: =G92 -> 47 | I92: =H92 -> 47 | J92: =I92 -> 47 | K92: =J92 -> 47 | L92: =K92 -> 47
A93: CCA Rate (to be entered) | C93: 0.08 | D93: =C93 -> 0.08 | E93: =D93 -> 0.08 | F93: =E93 -> 0.08 | G93: =F93 -> 0.08 | H93: =G93 -> 0.08 | I93: =H93 -> 0.08 | J93: =I93 -> 0.08 | K93: =J93 -> 0.08 | L93: =K93 -> 0.08
A94: CCA | D94: =D91*D93 -> 0 | E94: =E91*E93 -> 0 | F94: =F91*F93 -> 0 | G94: =G91*G93 -> 0 | H94: =H91*H93 -> 0 | I94: =I91*I93 -> 0 | J94: =J91*J93 -> 0 | K94: =K91*K93 -> 0 | L94: =L91*L93 -> 0
A95: Closing UCC | D95: =D89-D94 -> 0 | E95: =E89-E94 -> 0 | F95: =F89-F94 -> 0 | G95: =G89-G94 -> 0 | H95: =H89-H94 -> 0 | I95: =I89-I94 -> 0 | J95: =J89-J94 -> 0 | K95: =K89-K94 -> 0 | L95: =L89-L94 -> 0

Sheet App.2-FC Calc of REG Expansion
N1: File Number: | O1: =EBNUMBER -> EB-2016-0066
N2: Exhibit:
N3: Tab:
N4: Schedule:
N5: Page:
N7: Date:
A9: Appendix 2-FC
A10: Calculation of Renewable Generation Connection Direct Benefits/Provincial Amount: Renewable Expansion Investments
A12: This table will calculate the distributor/provincial shares of the investments entered in Part B of Appendix 2-FA.
A13: Enter values in green shaded cells: WCA percentage, debt percentages, interest rates, kWh, tax rates, amortization period, CCA Class and percentage.
A14: For historical investments, enter these variables for your last cost of service test year. For 2016 and beyond, enter variables as in the application.
A15: Rate Riders are not calculated for the Test Year as these assets and costs are already in the distributor's rate base.
D18: =G18-1 -> 2013 | G18: =J18-1 -> 2014 | J18: =M18-1 -> 2015 | M18: =BridgeYear -> 2016 | P18: =CONCATENATE(TestYear," Test Year") -> 2017 Test Year | S18: =TestYear+1 -> 2018 | T18: 2016 | V18: =S18+1 -> 2019 | Y18: =V18+1 -> 2020 | AB18: =Y18+1 -> 2021
E19: Direct Benefit | F19: Provincial | H19: Direct Benefit | I19: Provincial | K19: Direct Benefit | L19: Provincial | N19: Direct Benefit | O19: Provincial | Q19: Direct Benefit | R19: Provincial | T19: Direct Benefit | U19: Provincial | W19: Direct Benefit | X19: Provincial | Z19: Direct Benefit | AA19: Provincial | AC19: Direct Benefit | AD19: Provincial
D20: Total | E20: 0.17 | F20: 0.83 | G20: Total | H20: 0.17 | I20: 0.83 | J20: Total | K20: 0.17 | L20: 0.83 | M20: Total | N20: 0.17 | O20: 0.83 | P20: Total | Q20: 0.17 | R20: 0.83 | S20: Total | T20: 0.17 | U20: 0.83 | V20: Total | W20: 0.17 | X20: 0.83 | Y20: Total | Z20: 0.17 | AA20: 0.83 | AB20: Total | AC20: 0.17 | AD20: 0.83
A21: Net Fixed Assets (average) | D21: =D82 -> 0 | E21: =D21*E20 -> 0 | F21: =D21*F20 -> 0 | G21: =E82 -> 0 | H21: =G21*H20 -> 0 | I21: =G21*I20 -> 0 | J21: =F82 -> 0 | K21: =J21*K20 -> 0 | L21: =J21*L20 -> 0 | M21: =G82 -> 0 | N21: =M21*N20 -> 0 | O21: =M21*O20 -> 0 | P21: =H82 -> 87511.113 | Q21: =P21*Q20 -> 14876.889 | R21: =P21*R20 -> 72634.223 | S21: =I82 -> 173551.45 | T21: =S21*T20 -> 29503.747 | U21: =S21*U20 -> 144047.7 | V21: =J82 -> 170609.9 | W21: =V21*W20 -> 29003.683 | X21: =V21*X20 -> 141606.22 | Y21: =K82 -> 167668.35 | Z21: =Y21*Z20 -> 28503.62 | AA21: =Y21*AA20 -> 139164.73 | AB21: =L82 -> 164726.8 | AC21: =AB21*AC20 -> 28003.556 | AD21: =AB21*AD20 -> 136723.24
A22: Incremental OM&A (on-going, N/A for Provincial Recovery) | D22: ='App.2-FA Proposed REG Invest.'!C101 -> 0 | E22: =D22 -> 0 | G22: ='App.2-FA Proposed REG Invest.'!D$101 -> 0 | H22: =G22 -> 0 | J22: ='App.2-FA Proposed REG Invest.'!E$101 -> 0 | K22: =J22 -> 0 | M22: ='App.2-FA Proposed REG Invest.'!F$101 -> 0 | N22: =M22 -> 0 | P22: ='App.2-FA Proposed REG Invest.'!G$101 -> 0 | Q22: =P22 -> 0 | S22: ='App.2-FA Proposed REG Invest.'!H$101 -> 0 | T22: =S22 -> 0 | V22: ='App.2-FA Proposed REG Invest.'!I$101 -> 0 | W22: =V22 -> 0 | Y22: ='App.2-FA Proposed REG Invest.'!J$101 -> 0 | Z22: =Y22 -> 0 | AB22: ='App.2-FA Proposed REG Invest.'!K$101 -> 0 | AC22: =AB22 -> 0
A23: Incremental OM&A (start-up, applicable for Provincial Recovery) | D23: ='App.2-FA Proposed REG Invest.'!C100 -> 0 | E23: =D23*E20 -> 0 | F23: =D23*F20 -> 0 | G23: ='App.2-FA Proposed REG Invest.'!D$100 -> 0 | H23: =G23*H20 -> 0 | I23: =G23*I20 -> 0 | J23: ='App.2-FA Proposed REG Invest.'!E$100 -> 0 | K23: =J23*K20 -> 0 | L23: =J23*L20 -> 0 | M23: ='App.2-FA Proposed REG Invest.'!F$100 -> 0 | N23: =M23*N20 -> 0 | O23: =M23*O20 -> 0 | P23: ='App.2-FA Proposed REG Invest.'!G$100 -> 0 | Q23: =P23*Q20 -> 0 | R23: =P23*R20 -> 0 | S23: ='App.2-FA Proposed REG Invest.'!H$100 -> 0 | T23: =S23*T20 -> 0 | U23: =S23*U20 -> 0 | V23: ='App.2-FA Proposed REG Invest.'!I$100 -> 0 | W23: =V23*W20 -> 0 | X23: =V23*X20 -> 0 | Y23: ='App.2-FA Proposed REG Invest.'!J$100 -> 0 | Z23: =Y23*Z20 -> 0 | AA23: =Y23*AA20 -> 0 | AB23: ='App.2-FA Proposed REG Invest.'!K$100 -> 0 | AC23: =AB23*AC20 -> 0 | AD23: =AB23*AD20 -> 0
A24: WCA | B24: 0.075 | E24: =(E22+E23)*$B$24 -> 0 | F24: =F23*$B$24 -> 0 | H24: =(H22+H23)*$B$24 -> 0 | I24: =I23*$B$24 -> 0 | K24: =(K22+K23)*$B$24 -> 0 | L24: =L23*$B$24 -> 0 | N24: =(N22+N23)*$B$24 -> 0 | O24: =O23*$B$24 -> 0 | Q24: =(Q22+Q23)*$B$24 -> 0 | R24: =R23*$B$24 -> 0 | T24: =(T22+T23)*$B$24 -> 0 | U24: =U23*$B$24 -> 0 | W24: =(W22+W23)*$B$24 -> 0 | X24: =X23*$B$24 -> 0 | Z24: =(Z22+Z23)*$B$24 -> 0 | AA24: =AA23*$B$24 -> 0 | AC24: =(AC22+AC23)*$B$24 -> 0 | AD24: =AD23*$B$24 -> 0
A25: Rate Base | E25: =SUM(E21+E24) -> 0 | F25: =SUM(F21+F24) -> 0 | H25: =SUM(H21+H24) -> 0 | I25: =SUM(I21+I24) -> 0 | K25: =SUM(K21+K24) -> 0 | L25: =SUM(L21+L24) -> 0 | N25: =SUM(N21+N24) -> 0 | O25: =SUM(O21+O24) -> 0 | Q25: =SUM(Q21+Q24) -> 14876.889 | R25: =SUM(R21+R24) -> 72634.223 | T25: =SUM(T21+T24) -> 29503.747 | U25: =SUM(U21+U24) -> 144047.7 | W25: =SUM(W21+W24) -> 29003.683 | X25: =SUM(X21+X24) -> 141606.22 | Z25: =SUM(Z21+Z24) -> 28503.62 | AA25: =SUM(AA21+AA24) -> 139164.73 | AC25: =SUM(AC21+AC24) -> 28003.556 | AD25: =SUM(AD21+AD24) -> 136723.24
A28: Deemed ST Debt | B28: 0.04 | E28: =E25*$B$28 -> 0 | F28: =F25*$B$28 -> 0 | H28: =H25*$B$28 -> 0 | I28: =I25*$B$28 -> 0 | K28: =K25*$B$28 -> 0 | L28: =L25*$B$28 -> 0 | N28: =N25*$B$28 -> 0 | O28: =O25*$B$28 -> 0 | Q28: =Q25*$B$28 -> 595.07557 | R28: =R25*$B$28 -> 2905.3689 | T28: =T25*$B$28 -> 1180.1499 | U28: =U25*$B$28 -> 5761.9081 | W28: =W25*$B$28 -> 1160.1473 | X28: =X25*$B$28 -> 5664.2487 | Z28: =Z25*$B$28 -> 1140.1448 | AA28: =AA25*$B$28 -> 5566.5892 | AC28: =AC25*$B$28 -> 1120.1422 | AD28: =AD25*$B$28 -> 5468.9298
A29: Deemed LT Debt | B29: 0.56 | E29: =E25*$B$29 -> 0 | F29: =F25*$B$29 -> 0 | H29: =H25*$B$29 -> 0 | I29: =I25*$B$29 -> 0 | K29: =K25*$B$29 -> 0 | L29: =L25*$B$29 -> 0 | N29: =N25*$B$29 -> 0 | O29: =O25*$B$29 -> 0 | Q29: =Q25*$B$29 -> 8331.0579 | R29: =R25*$B$29 -> 40675.165 | T29: =T25*$B$29 -> 16522.098 | U29: =U25*$B$29 -> 80666.714 | W29: =W25*$B$29 -> 16242.062 | X29: =X25*$B$29 -> 79299.482 | Z29: =Z25*$B$29 -> 15962.027 | AA29: =AA25*$B$29 -> 77932.249 | AC29: =AC25*$B$29 -> 15681.991 | AD29: =AD25*$B$29 -> 76565.017
A30: Deemed Equity | B30: 0.4 | E30: =E25*$B$30 -> 0 | F30: =F25*$B$30 -> 0 | H30: =H25*$B$30 -> 0 | I30: =I25*$B$30 -> 0 | K30: =K25*$B$30 -> 0 | L30: =L25*$B$30 -> 0 | N30: =N25*$B$30 -> 0 | O30: =O25*$B$30 -> 0 | Q30: =Q25*$B$30 -> 5950.7557 | R30: =R25*$B$30 -> 29053.689 | T30: =T25*$B$30 -> 11801.499 | U30: =U25*$B$30 -> 57619.081 | W30: =W25*$B$30 -> 11601.473 | X30: =X25*$B$30 -> 56642.487 | Z30: =Z25*$B$30 -> 11401.448 | AA30: =AA25*$B$30 -> 55665.892 | AC30: =AC25*$B$30 -> 11201.422 | AD30: =AD25*$B$30 -> 54689.298
A32: ST Interest | B32: 0.0165 | E32: =E28*$B$32 -> 0 | F32: =F28*$B$32 -> 0 | H32: =H28*$B$32 -> 0 | I32: =I28*$B$32 -> 0 | K32: =K28*$B$32 -> 0 | L32: =L28*$B$32 -> 0 | N32: =N28*$B$32 -> 0 | O32: =O28*$B$32 -> 0 | Q32: =Q28*$B$32 -> 9.8187468 | R32: =R28*$B$32 -> 47.938587 | T32: =T28*$B$32 -> 19.472473 | U32: =U28*$B$32 -> 95.071484 | W32: =W28*$B$32 -> 19.142431 | X32: =X28*$B$32 -> 93.460103 | Z32: =Z28*$B$32 -> 18.812389 | AA32: =AA28*$B$32 -> 91.848722 | AC32: =AC28*$B$32 -> 18.482347 | AD32: =AD28*$B$32 -> 90.237341
A33: LT Interest | B33: 0.0295 | E33: =E29*$B$33 -> 0 | F33: =F29*$B$33 -> 0 | H33: =H29*$B$33 -> 0 | I33: =I29*$B$33 -> 0 | K33: =K29*$B$33 -> 0 | L33: =L29*$B$33 -> 0 | N33: =N29*$B$33 -> 0 | O33: =O29*$B$33 -> 0 | Q33: =Q29*$B$33 -> 245.76621 | R33: =R29*$B$33 -> 1199.9174 | T33: =T29*$B$33 -> 487.40189 | U33: =U29*$B$33 -> 2379.6681 | W33: =W29*$B$33 -> 479.14084 | X33: =X29*$B$33 -> 2339.3347 | Z33: =Z29*$B$33 -> 470.87979 | AA33: =AA29*$B$33 -> 2299.0013 | AC33: =AC29*$B$33 -> 462.61875 | AD33: =AD29*$B$33 -> 2258.668
A34: ROE | B34: 0.0919 | E34: =E30*$B$34 -> 0 | F34: =F30*$B$34 -> 0 | H34: =H30*$B$34 -> 0 | I34: =I30*$B$34 -> 0 | K34: =K30*$B$34 -> 0 | L34: =L30*$B$34 -> 0 | N34: =N30*$B$34 -> 0 | O34: =O30*$B$34 -> 0 | Q34: =Q30*$B$34 -> 546.87444 | R34: =R30*$B$34 -> 2670.0341 | T34: =T30*$B$34 -> 1084.5577 | U34: =U30*$B$34 -> 5295.1936 | W34: =W30*$B$34 -> 1066.1754 | X34: =X30*$B$34 -> 5205.4445 | Z34: =Z30*$B$34 -> 1047.7931 | AA34: =AA30*$B$34 -> 5115.6955 | AC34: =AC30*$B$34 -> 1029.4107 | AD34: =AD30*$B$34 -> 5025.9464
